Workbook
Name Check190: Lists!$W$16
Name Check191: Lists!$W$17
Name Check192: Lists!$W$19
Name counter: COUNTA(INDEX(#REF!,,MATCH(#REF!,#REF!,0)))
Name counter: COUNTA(INDEX(findings[],,MATCH('Overview & Guidance'!$B$59,findings[#Headers],0)))
Name finding_method: #REF!
Name finding_method: findings[#Headers]
Name findings_list: INDEX(#REF!,1,MATCH('Health & Safety'!findings_method,#REF!,0)):INDEX(#REF!,'Health & Safety'!counter,MATCH('Health & Safety'!findings_method,#REF!,0))
Name findings_list: INDEX(findings[],1,MATCH(findings_method,findings[#Headers],0)):INDEX(findings[],counter,MATCH(findings_method,findings[#Headers],0))
Name findings_method: #REF!
Name findings_method: 'Overview & Guidance'!$B$59
Name How_this_audit_was_carried_out?: 'Overview & Guidance'!$B$32
Name list_audit_type: #REF!
Name list_audit_type: audit_type[audit type]
Name list_containment_control: #REF!
Name list_containment_control: containment_control[Containment Control range]
Name list_finding_status: #REF!
Name list_finding_status: finding_status[Finding Status]
Name list_fire_detection: #REF!
Name list_fire_detection: fire_detection[Fire Detection]
Name list_timescale: #REF!
Name list_timescale: finding_timescale[Finding timescale]
Name list_verification_method: #REF!
Name list_verification_method: verification_method[Verification Method]
Name list_waste_incineration: #REF!
Name list_waste_incineration: waste_incineration[Waste-incineration]
Name list_YesNo: #REF!
Name list_YesNo: YesNo[YesNo]
Name list_YesNoNA: #REF!
Name list_YesNoNA: YesNoNA[YesNoNA]
Name list_YesNoNANotReviewed: #REF!
Name list_YesNoNANotReviewed: Table8[YesNoNANotReviewed]
Name list_YesNoNotReviewed: #REF!
Name list_YesNoNotReviewed: YesNoNotReviewed[YesNoNotReviewed]
Name lists_test_frequency: #REF!
Name lists_test_frequency: continuity_freq[Business continuity - test frequency]
Name payment: #REF!
Name payment: payment_method[Payment method]
Name Question: #REF!
Name Question: #REF!
Name QuestionID: #REF!
Name QuestionID: #REF!
Name Service: #REF!
Name Service: #REF!
Name ServiceID: #REF!
Name ServiceID: #REF!
Name Slicer_Category: #N/A
Name Slicer_Completion_Timescale: #N/A
Name Slicer_Finding: #N/A
Name Slicer_Finding_Type: #N/A
Name Slicer_Responsible_Person: #N/A
Name Slicer_Status: #N/A
Name Slicer_Verification_Method: #N/A
Name StaticID: #REF!
Name StaticID: #REF!
Name StaticQ: #REF!
Name StaticQ: #REF!

Sheet Overview & Guidance
A1: Pharmaceutical Supply Chain Initiative
A2: Self-Assessment Questionnaire and Audit Report Template
A4: Overview and Guidance | E4: Version 9.0 - September 2024
A6: PSCI Audit Sharing Platform
A7: PSCI members have standardised this audit template. The PSCI audit sharing program enables suppliers to share audits reports and actions plans with more than one member via a safe and confidential web-based platform. This means fewer audits for each supplier and efficiency gains for PSCI members. For further information about PSCI Audit sharing program, feel free to contact a PSCI member or info@pscintiative.org
A9: Guidance for completion
A10: Suppliers and auditors are asked to complete all questions that apply. If a question does not apply please select NA (Not Applicable). We expect the following types of suppliers to complete all the questions: Service Providers and Suppliers of non-supply chain goods. Where appropriate, please embed supporting documents using Excel's Insert Object function. When printing, the workbook will automatically fit the visible columns onto one page. Use the group function at the top of each sheet to display and print fewer columns. This will increase the text size on printed pages. We have added this feature to the sheets with the most columns. Please ensure the name of each tab remains unaltered, particularly if you want to replace a tab with a completed section from another audit. This is important to ensure the calculations and summary table at the end of the document work correctly. To clear the contents of a cell, press "Delete" Please check spelling on all sheets before submitting. You can do this by pressing F7 on your keyboard. When filling in the SAQ please remember: The final Audit Report is required to be uploaded to the PSCI platform. At this point of time the audit report is only disclosed to the auditee (supplier), if applicable to the sponsor (PSCI Member who organized or paid for the audit) and the Database Administrator. Sharing of the audit of the audit would be the next step, and only takes place with the permission of the auditee (supplier) by data sharing agreement (digital or formsheet). Only PSCI approved audit firms or PSCI member auditors can conduct PSCI audits using this report template. If the findings relate to a violation of local regulations, reference to the documents should be provided.
A11: Key
A12: Cells in this colour should be completed by the supplier prior to the audit
A13: Cells in this colour should be completed by the auditor
A14: Cells in this colour will be populated automatically
A15: Cells in this colour have been completed
A16: i Cells in this colour highlight essential guidance for audit completion
A17: Cells in this colour are for those reviewing the audit to add comments
A19: Auditor and Audit Report Information
A20: Audit report number: | C20: Date of audit report (DD/MM/YYYY)
A21: Report owner:
A22: Date of audit (DD/MM/YYYY):
A23: Type of audit: | C23: If other, please specify:
A24: Date of previous audit (DD/MM/YYYY):
A25: Type of previous audit: | C25: If other, please specify:
A26: Audit firm name:
A27: Lead auditor name: | C27: Lead auditor job title:
A28: Names of further auditors: | C28: Further auditors' job titles:
A29: Phone number:
A30: Email:
A32: How was this audit carried out? | C32: If Fully Remote or Partly Remote, please specify the verification methods:
A34: i Please note that there are three ways to carry out an audit (Fully Remote, Partly Remote, Onsite). Please select which way was used. Fully Remote audit means the entire audit, including the verification of responses to questions within the SAQ all verified via remote methods, such as livestreaming video, telephone/video call, etc. Partly Remote audit means part of the audit was conducted remotely and part of the audit was conducted on-site. Onsite audit means the audit and the all verification of responses to questions on the SAQ were carried out via onsite visits. Additionally, if the audit was conducted either partly remote or fully remote, you'll be asked to comment on how on how you’ve collected and verified information by areas covered. | D34: i Please note you will be asked to specifiy the verification methods for each topic area covered in the corresponding sheet as well.
A37: What is the scope of this PSCI Audit?
A38: a) HSE + Human Rights & Ethics | D38: i Please indicate whether this is a 'Full' audit i.e. covering all Sections of the SAQ or whether it is limited to either HSE topics only or Human Rights & Ethics topics only
A39: b) HSE only
A40: c) Human Rights & Ethics only | C40: =IF(B40="Yes","Please fill out the 'Human Rights' tab in this questionnaire","")
A42: Facility Details
A43: Company name:
A44: Site name:
A45: Parent company name:
A46: Site street address:
A47: Site city: | C47: Site state/province/county:
A48: Site postal/zip code: | C48: Site country:
A49: Duns number (9 digit code)
A51: Site Contact Information
A52: Site representative name (host): | C52: Job title:
A53: Phone number: | C53: Email address:
A54: Management representative name: | C54: Job title:
A55: HSE (Health, Safety, Environment) representative name: | C55: Job title:
A56: HR (Human Resources) representative name: | C56: Job title:
A58: Executive summary
A59: Finding classification method | B59: Critical/Major/Minor
A61: Overall findings | B61: Critical | C61: Major | D61: Minor
A62: Governance & Management Systems | B62: =COUNTIFS(CAP[[Finding Type]:[Finding Type]],'Overview & Guidance'!B$61&" finding",CAP[[Category]:[Category]],'Overview & Guidance'!$A62) -> 0 | C62: =COUNTIFS(CAP[[Finding Type]:[Finding Type]],'Overview & Guidance'!C$61&" finding",CAP[[Category]:[Category]],'Overview & Guidance'!$A62) -> 0 | D62: =IF(D$61="","",COUNTIFS(CAP[[Finding Type]:[Finding Type]],'Overview & Guidance'!D$61&" finding",CAP[[Category]:[Category]],'Overview & Guidance'!$A62)) -> 0
A63: Ethics | B63: =COUNTIFS(CAP[[Finding Type]:[Finding Type]],'Overview & Guidance'!B$61&" finding",CAP[[Category]:[Category]],'Overview & Guidance'!$A63) -> 0 | C63: =COUNTIFS(CAP[[Finding Type]:[Finding Type]],'Overview & Guidance'!C$61&" finding",CAP[[Category]:[Category]],'Overview & Guidance'!$A63) -> 0 | D63: =IF(D$61="","",COUNTIFS(CAP[[Finding Type]:[Finding Type]],'Overview & Guidance'!D$61&" finding",CAP[[Category]:[Category]],'Overview & Guidance'!$A63)) -> 0
A64: Human Rights | B64: =COUNTIFS(CAP[[Finding Type]:[Finding Type]],'Overview & Guidance'!B$61&" finding",CAP[[Category]:[Category]],'Overview & Guidance'!$A64) -> 0 | C64: =COUNTIFS(CAP[[Finding Type]:[Finding Type]],'Overview & Guidance'!C$61&" finding",CAP[[Category]:[Category]],'Overview & Guidance'!$A64) -> 0 | D64: =IF(D$61="","",COUNTIFS(CAP[[Finding Type]:[Finding Type]],'Overview & Guidance'!D$61&" finding",CAP[[Category]:[Category]],'Overview & Guidance'!$A64)) -> 0
A65: Environment | B65: =COUNTIFS(CAP[[Finding Type]:[Finding Type]],'Overview & Guidance'!B$61&" finding",CAP[[Category]:[Category]],'Overview & Guidance'!$A65) -> 0 | C65: =COUNTIFS(CAP[[Finding Type]:[Finding Type]],'Overview & Guidance'!C$61&" finding",CAP[[Category]:[Category]],'Overview & Guidance'!$A65) -> 0 | D65: =IF(D$61="","",COUNTIFS(CAP[[Finding Type]:[Finding Type]],'Overview & Guidance'!D$61&" finding",CAP[[Category]:[Category]],'Overview & Guidance'!$A65)) -> 0
A66: Health & Safety | B66: =COUNTIFS(CAP[[Finding Type]:[Finding Type]],'Overview & Guidance'!B$61&" finding",CAP[[Category]:[Category]],'Overview & Guidance'!$A66) -> 0 | C66: =COUNTIFS(CAP[[Finding Type]:[Finding Type]],'Overview & Guidance'!C$61&" finding",CAP[[Category]:[Category]],'Overview & Guidance'!$A66) -> 0 | D66: =IF(D$61="","",COUNTIFS(CAP[[Finding Type]:[Finding Type]],'Overview & Guidance'!D$61&" finding",CAP[[Category]:[Category]],'Overview & Guidance'!$A66)) -> 0
A67: Company Specific Questions | B67: =COUNTIFS(CAP[[Finding Type]:[Finding Type]],'Overview & Guidance'!B$61&" finding",CAP[[Category]:[Category]],'Overview & Guidance'!$A67) -> 0 | C67: =COUNTIFS(CAP[[Finding Type]:[Finding Type]],'Overview & Guidance'!C$61&" finding",CAP[[Category]:[Category]],'Overview & Guidance'!$A67) -> 0 | D67: =IF(D$61="","",COUNTIFS(CAP[[Finding Type]:[Finding Type]],'Overview & Guidance'!D$61&" finding",CAP[[Category]:[Category]],'Overview & Guidance'!$A67)) -> 0
A69: i It is not possible in an audit, with a limited time frame, to identify every area requiring attention. It is the responsibility of the audited party to establish, implement and maintain effective systems and procedures that comply with the regulatory requirements. Due to the size of the site only the most important buildings, facilities, and HSE topics could be inspected or discussed during the audit.
A70: i Please see findings definitions below: Critical Findings: Are very high risk findings that require immediate action to protect human life, the health of employees or the environment; May result in loss of license to operate or serious damage to reputation; Require immediate corrective action by the supplier; Need to be communicated to the audit sponsor prior to audit report finalization. Major Findings: Findings that may pose major impacts to workers, the community, or the environment. Findings that may pose major regulatory non-compliances or illustrate systemic program gaps. Minor Findings: Findings that may pose minor impacts to workers, the community, the environment. Findings that may pose minor regulatory non-compliances. Non-Finding remarks: Are where the auditor wishes to raise an important comment, but this comment would not constitute any type of finding.
A72: Attitude of workers (towards management, workplace, and the interview process):
A75: Attitude of management (to audit and audit process):
A78: Any additional comments or points of note:

Sheet Facility Background Information
A1: Pharmaceutical Supply Chain Initiative
A2: Self-Assessment Questionnaire and Audit Report Template
A4: Facility Background Information
B6: Supplier response | C6: Auditor comments | D6: Guidance
A7: Please indicate which of the following best describes this facility (check all that apply):
A8: Category A
A9: Facility & Engineering Services
A10: Temporary Labor Agency
A11: Travel & Fleet services
A12: IT Services or hardware supply
A13: Other Materials (e.g. marketing, IT hardware, lab equipment, garments)
A14: Other Services (e.g. IT, marketing, travel, fleet, research, catering)
A15: Other
A16: If other, please describe:
A17: Is the facility located in a region that has experienced any of the following natural disasters which have had a direct impact on the facility (check all that apply):
A18: Flood
... A29: Please describe the facility HSE (Health Safety & Environment) resources (number of staff or time spent on HSE):
A30: Please provide a copy of the company’s organization chart indicating areas of expertise in HSE and whether they are full time. Please provide qualifications of the full time HSE people. | D30: i Please embed the document into cell B46 using Excel's Insert Object function (found in Insert/Text/Object)
A31: Please provide qualifications of the full time HSE people. | D31: i Please embed the document into cell B46 using Excel's Insert Object function (found in Insert/Text/Object)
A32: Is the facility included in any management system certification schemes, such as ISO 14001:2015; ISO 45001:2018; ISO 50001:2018 etc.
A33: If so, please provide details including dates of most recent assessment(s), expiry date(s) and validity of certification:
A34: Is the company/facility a member of any organisation or initiative that promotes sustainability?
A35: If so, please provide details:
A36: What is the primary language spoken by the majority of the employees at this location?
A37: Other languages (spoken by at least 10% of the workforce):
A38: Is company sponsored housing provided to any contract or full time employees working at this location?
A39: If yes, what is the approximate number of workers living in company-provided housing?
A40: Total site area (m2):
A41: Manufacturing area (m2):
A42: Does your company own the facility?
A43: If no, who owns the facility?
... A54: Number of employees/workers by category
B55: Male | C55: Female
A56: Total employee population onsite (including temporary, part-time and contract workers) | D56: i Provide data for the entire site. Also, please note that there may be workers/employees who fit into multiple categories and should be accounted for under each applicable category (i.e., there is overlap between categories)
A57: Full time employees/workers directly employed by the company
A58: Part-time employees/workers directly employed by the company
A59: Indirect, contract or dispatch employees/workers
A60: Employees/workers under the age of 18
A61: Migrant or Foreign Workers
A62: Student workers (include students, apprentices and interns)
A64: General description of the company
A66: Please provide a general description of the company

Sheet Governance & Management Systems
A1: Pharmaceutical Supply Chain Initiative
A2: Self-Assessment Questionnaire and Audit Report Template | D2: In case of a partly remote audit: please specify the methods used when verification of self-assessment information was carried out remotely.
A4: Governance & Management Systems | M4: Reviewer comments
A5: i Please make sure the spelling of the tab name is exactly Governance & Management Systems
A6: i Please complete spell check once finished, by pressing F7 on your keyboard | C6: Self-assessment answer | D6: Auditor evaluation | F6: Findings | H6: Points of excellence | I6: Additional Auditor Guidance | M6: Reviewer responses, if needed
C7: Completed by supplier prior to audit | D7: Evaluation | E7: Observations, details, comments | F7: Findings classification | G7: Description of finding | H7: Description of points of excellence | I7: Where provided, it is mandatory to follow the guidance. | M7: <add instructions>
A8: Commitment and Accountability
A9: 1 | B9: Has the facility demonstrated commitment to the concepts described in the PSCI Principles (covering Governance & Management Systems, Ethics, Human Rights, Health and Safety and Environmental Protection)? And does the top management demonstrate leadership and commitment with these principles? | I9: i iv. Check whether there is open communication between employees and management, whether employees are empowered to approach management with suggestions and questions, any awareness programmes, any recognition and celebrations on successes of the business on topics related to PSCI Principles Management - Role model, safe behaviors - Regularly communicates about Health, Safety, Environmental Protection, Human Rights and Business Ethics being priorities - Conducts walkthroughs to reinforce safe and responsible behaviors
A10: i. | B10: Are relevant aspects of the Principles incorporated into business plans on a periodical basis?
A11: ii. | B11: Is appropriate resource allocated and are accountabilities known, clearly defined and communicated?
A12: iii. | B12: Do the concepts of the Principles appear in documents and in communications to employees, contractors and suppliers?
B13: Please explain:
A14: iv. | B14: Does the company actively work on creating a culture of responsible practices?
A15: Legal and Customer Requirements
A16: 2 | B16: Does the company have the required legal licences/permits for its operations, such as a valid business licence?
B17: If so, please provide details of licence/permit number(s), expiry date(s) and validity:
A18: 3 | B18: Are there any regulatory compliance issues with regards to Health and Safety, Ethics, Environment or Human Rights? | I18: i Check publicly available data about companies regarding regulatory compliance such as OSHA in USA or IPE in China. Also, please note that deficiencies in this question do not necessarily result in a finding. Check whether the facility experienced pending or recent (last three years) HSE incidents (for example, non-compliance events, spills, notice of violation, fines or other HSE events), and whether there have been any investigations or legal proceedings regarding corruption / bribery / fraud / human rights in the last five years.
A19: i. | B19: Is there any ongoing litigation or regulatory notices with respect to regulatory compliance?
A20: ii. | B20: Are there any historical major regulatory actions?
A21: iii. | B21: Any continuous / prolonged situations where regulatory compliance requirements are not in place or exceeded (within the past 3 years)?
B22: Please explain:
A23: 4 | B23: Does the facility have a process in place to identify, monitor, assess and evaluate legal requirements and others related to Health and Safety, Environment, Business Ethics, and Human Rights? | I23: i Check that the site has processes in place to ensure compliance with regulations in regards to the PSCI Principles. Does the company maintain a legal register listing applicable legislation related to Health and Safety, Environment, Business Ethics and Labor/Human Rights?
B24: Please explain:
A25: 5 | B25: Does the facility have processes in place to ensure responsible business practices with their suppliers, contractors and sub-contractors, aligned with the PSCI Principles (i.e. Human rights, Ethics, Environment, Health & Safety)? | I25: i Q5 The auditor should also verify the company's practices for managing risks associated with contractors and sub-contractors. Q5i. Traceability is using an appropriate methodology to track the sources of all components of products. The methodology should differentiate between the different companies in the supply chain, and should cover products as well as all ingredients and components used at any point in the supply chain. Q5ii “Known high-risk regions” include conflict regions and civil war zones, as identified by recognised specialized service providers. Conflict regions include conflict-affected areas per the OECD Due Diligence Guidance for Responsible Supply Chains of Minerals from Conflict-Affected and High-Risk Areas, EU Conflict Minerals Regulation and the US Dodd Frank Act. Suppliers shall demonstrate that they implemented responsible mineral sourcing and due diligence to identify and manage risks. Q5iii. Check whether the facility assesses suppliers for ethical behavior and reputation risk (include HSE) prior to selection and engagement, and whether there is a process in place to screen business partners against international sanctions lists.
A26: i. | B26: Does the facility have a traceability process in place for its supply chain?
A27: ii. | B27: Does the facility have a process to evaluate and mitigate the risks linked to sourcing, including from known high-risk regions globally?
B28: Please provide details of this sourcing process
A29: iii. | B29: Are responsible business expectations clearly communicated to the supplier and reinforced on a regular basis?
A30: iv. | B30: Is there a purchasing policy that ensures only approved suppliers are used?
A31: v. | B31: Are suppliers measured against the responsible business practice expectations?
B32: By on-site assessment / audit:
B33: By desk-top assessment (e.g. questionnaires, supplier self compliance statement):
A35: Risk Management
A36: 6 | B36: Does the facility and/or company risk assess their operations for potential impacts on health & safety, the environment, ethical conduct, or human rights? | I36: i Have risk assessments been completed to determine the effectiveness of programs, policies and SOPs to minimize business interruption, reputational and legal risks to operations and personal? i. How frequently (e.g. 2 to 5 years) are these assessments performed (does it vary based on risk type level?) ii. Is there a formal policy regarding risk assessments? If so, how is it communicated to impacted individuals
B37: Are there appropriate tools whereby programs, policies, and/or SOPs and major business impacts for the site are assessed routinely?
B38: Do these assessments include:
A39: i. | B39: Legal risks (environmental permits, fair wage practices, etc.):
A40: ii. | B40: Business interruption risks (examples: flood, severe weather, adjacent operations):
A41: iii. | B41: Reputation risks (community impacts, waste discharge, etc.):
B42: Please explain:
A43: 7 | B43: Does the supplier have Business Continuity Management program in place to minimize the impact of potential business disruptions? | I43: i Describe the Business Continuity Management Plan and program elements, including the identification of critical products/activities and their recovery strategies. In addition, the key risks such as challenges/advantages due to location, topography, as well as past events with focus on effectiveness of emergency/crisis response. Describe the maturity of the plan and if, for example, the supplier has completed tabletop exercises/drills, used the plan for an incident previously, etc. Also state the frequency at which exercises are being conducted. Also check the objective evidence of completion as required by the BCP. Does the supplier have Business Continuity Management program in place to minimize the impact of potential Cyber Security breach/attack?
A44: i. | B44: Identification of the potential business disruptions with an impact, e.g. natural disasters, social, environmental, economic, political disruptions, supply chain disruptions, cyber security.
A45: ii. | B45: Identification of the major facility dependencies (e.g., facility/site, 3rd party and recovery time objectives...) and their business impacts in case of disruption.
A46: iii. | B46: Development of risk mitigation and prioritization of remediation activities?
A47: iv. | B47: Is the effectiveness of the business continuity plans periodically validated? Are relevant scenarios tested?
A48: v. | B48: Are notification procedures/processes in place to inform key stakeholders when a crisis event occurs and a business continuity plan activated?
A49: vi. | B49: Please explain:
A50: 8 | B50: Does the facility have security systems for controlling physical access to the facilities and are products sufficiently protected against unauthorised access? | I50: i Describe if there is a fence or wall around the facility, access gates, security guard, surveillance system, etc. Describe how employees access the facility, such as via card access. Describe methods for controlling access in outlying buildings and areas of special concern such as waste storage areas (lock/key, key card, combination code). For facilities with open grounds, note if doors to the building are propped open allowing unauthorized access.
B51: Please explain:
A53: Documentation
A54: 9 | B54: Does the facility or company maintain documentation for the following: | I54: i Documentation methods are in the form of the most suitable medium (i.e. paper, electronic) and are accessible on demand for review or updating
A55: i. | B55: Audit findings
A56: ii. | B56: Injury and Illness Logs, and relevant incident investigations
A57: iii. | B57: Worker Benefits and Pay Information
A58: iv. | B58: Inspections by Regulatory Agencies
A59: v. | B59: Worker Complaints
A60: vi. | B60: Training Records
A61: vii. | B61: Environmental incident / accident
A62: viii. | B62: Neighbourhood Complaints (smell, noise etc…)
A64: Training and Competency
A65: 10 | B65: Are all employees and non-employees trained to (or made aware of) policies and procedures? Does the site check and ensure that the content of the training is understood by all? | I65: i ‘Non-employees’ cover individuals who may be affected by the company’s activities, e.g. temporary workers, contractors, consultants, business partners, visitors. Check that training includes management and workers as well as non-employees, and for any means to ensure a proper understanding of the training material (short quiz, internal certification, feedback from the employees etc). Also check and confirm that Ethics and Human Rights training is comprehensive and includes items such as training on Code of Conduct and/or Ethics policy, discrimination and harassment prevention etc.
B66: Please describe training in each of the following areas:
A67: i. | B67: Ethics:
A68: ii. | B68: Human Rights:
A69: iii. | B69: Environment, health & safety:
A71: Continual Improvement
A72: 11 | B72: Does the company determine and provide the resources needed for the establishment, implementation, maintenance and continual improvement of the Health and Safety, Environment, Business Ethics and Human Rights activities?
B73: If yes, are these resources competent and empowered to performing their tasks?
A74: 12 | B74: Does the facility or company have formal processes and procedures to assess the effectiveness of its human rights, ethics and HSE (Health, Safety & Environment) practices, to identify and implement corrective actions and/or recommendations, and to track corrective actions? | I74: i The auditor should verify the following: 1. Does the site carry out internal audits/self assessments covering Ethics, Human Rights and HSE? 2. Are the audits /assessments planned, conducted, documented and followed up? 3. Is there a documented CAPA (Corrective Action/Preventive Action) process in place? 4. Are management review(s) conducted at regular intervals (e.g. annually) and are following elements considered: - Policies, objectives, and programs related to Ethics, Human Rights, and HSE - Performance related to Ethics, Human Rights, and HSE, including near-misses, incidents, and incident prevention opportunities - Requests and complaints by authorities, the public, and employees - Legal Compliance (covering business requirements, Human Rights and HSE) - Results and action plans of audits/self-assessments - Reviews and risk assessments - Previous management reviews - Adequacy of resources - Review of best practice and benchmarking 5. Are the results of the management reviews documented?
B75: At what frequency (e.g. annually, every 3 years) is the effectiveness of practices assessed:
B76: Please explain:
A78: Response and remediation
A79: 13 | B79: Does the company have an incident reporting and management system covering different types of incidents, ensuring escalation and, where applicable, regulatory reporting? | I79: i At a minimum, potential or actual HSE issues with severe consequences should be reported and corrected. However, injuries (even minor), emissions to the environment, leakages (even small), property damage, near misses etc. should also be covered. No incidents reported/investigated indicates deficiencies in reporting culture, rather than a lack of incidents, and may lead to a finding. (b) Ethics and Human Rights issues should be reported and investigated, e.g. whistleblowing hotline (b) Remediation plans may have been agreed with a regulator, local authority, a customer, or any other external stakeholders. (c) The auditor should check the corresponding corrective/preventive actions taken by the site. (d) Are employees in charge of performing the investigation adequately trained and competent to this task?
B80: Does the site apply a systematic root cause investigation process to ensure that true causes are identified?
B81: Please provide brief description:
B82: Does the site have appropriate remediation plans in place and are they tracked to implementation and closure?
B83: Are corrective actions identified for the incident(s) and are they tracked to implementation and closure?
A88: Additional Findings - Governance & Management Systems
B89: Were there any additional findings that weren't covered above? If yes, please specify below.
A90: G&MS-1
A91: G&MS-2
A92: G&MS-3
A93: G&MS-4
A94: G&MS-5

Sheet Ethics
A1: Pharmaceutical Supply Chain Initiative
A2: Self-Assessment Questionnaire and Audit Report Template | D2: In case of a partly remote audit: please specify the methods used when verification of self-assessment information was carried out remotely.
A4: Ethics | M4: Reviewer comments
A5: i Please make sure the spelling of the tab name is exactly Ethics
A6: i Please complete spell check once finished, by pressing F7 on your keyboard | C6: Self-assessment answer | D6: Auditor Evaluation | F6: Findings | H6: Points of excellence | I6: Additional Auditor Guidance | M6: Reviewer responses, if needed
C7: Completed by supplier prior to audit | D7: Evaluation | E7: Observations, details, comments | F7: Findings classification | G7: Description of finding | H7: Description of points of excellence | I7: Where provided, it is mandatory to follow the guidance. | M7: <add instructions>
A8: Business Integrity and Fair Competition
A9: 14 | B9: Does the facility or company have formal ethics policies, Codes of Conduct, tools or processes that govern company and employee business practices? | I9: i Does the facility have a management representative assigned responsibility for assuring compliance with labor, health, and safety laws, regulations, and codes? List the name(s) and title(s). - Please note, fair competition refers to competing companies, not competition between employees. - Conflict of interest includes but not limited to the following: Prevent employees from receiving or giving gifts or favours from/to Government officials / external companies / individuals that your company does business with?
B10: If yes, please indicate if the following are included:
A11: i. | B11: Anti-bribery and corruption
A12: ii. | B12: Fair competition
A13: iii. | B13: Conflict of interest
A14: iv. | B14: Ethical marketing and advertising
B15: Please provide a web link to the policy on your website
B16: Alternatively insert a copy of the policy
B17: Comments:
A19: Privacy
A20: 15 | B20: Does the facility or company ensure confidentiality and privacy of information concerning companies, individuals, workers, patient rights and intellectual property? | I20: i Additional Auditor Guidance Does the company demonstrate and implement data privacy policies and procedures?
B21: Data Privacy:
B22: General Data Protection Regulation (GDPR):
B23: Other? Please explain:
A26: Additional Findings - Ethics
A27: Were there any additional findings that weren't covered above? If yes, please specify below.
A28: E-1
A29: E-2
A30: E-3
A31: E-4
A32: E-5

Sheet Human Rights
A1: Pharmaceutical Supply Chain Initiative
A2: Self-Assessment Questionnaire and Audit Report Template | D2: In case of a partly remote audit: please specify the methods used when verification of self-assessment information was carried out remotely.
A4: Human Rights | M4: Reviewer comments
A5: i Please make sure the spelling of the tab name is exactly Human Rights
A6: i Please complete spell check once finished, by pressing F7 on your keyboard | C6: Self-assessment answer | D6: Auditor evaluation | F6: Findings | H6: Points of excellence | I6: Additional Auditor Guidance | M6: Reviewer responses, if needed
C7: Completed by supplier prior to audit | D7: Evaluation | E7: Observations, details, comments | F7: Findings classification | G7: Description of finding | H7: Description of points of excellence | I7: Where provided, it is mandatory to follow the guidance. | M7: <add instructions>
B8: General
A9: 16 | B9: Does the facility or company have a policy(ies) (or statement of commitment) regarding human rights and labor practices? | I9: i For Freedom of Movement: Auditor should verify - Does the facility or company ensure that employees are allowed to freely leave the company property after regular working time? - If security guards are on duty, does the site ensure that: i. Employees are not prevented from leaving the site after regular working time? - If personal searches are required, that they are carried out in a discreet manner (e.g. respecting gender and privacy? i. Vacation/ Maternity / paternity leave: Auditor should verify - Are all workers provided with paid annual leave, statutory holiday, maternity and paternity leave as per local legal requirements? i. Benefits: The Auditor should verify - Are all workers provided with other benefits e.g. medical insurance, pensions, social insurance as per local legal requirements? The auditor should further check whether additional compensation e.g. bonuses, transport, food, clothing etc. is provided, to which employees have a legal entitlement. i. Standard Working Hours: The auditor should verify - Are the working hours recorded? e.g. start of work and end of work; number of hours of overtime worked; days free from work; days of absence
B10: If yes, does the policy cover:
B11: Freely chosen employment
B12: Child labour and young workers
B13: Non-discrimination
B14: Fair treatment
B15: Wages, benefits, and working hours
B16: Freedom of association and right to collective bargaining
B17: Local communities
A18: 17 | B18: Does the facility or company have a publicly available policy or statement endorsed by senior management committing to respect for Human Rights, in accordance with internationally accepted standards i.e. - OECD Guidelines - UN Guiding Principles on Business and Human Rights | I18: i Ensure that the person who has endorsed the policy is at Board- or C suite-level Ensure that the policy or statement covers respect for human rights in the company’s own operations and its supply chain
B19: Please provide a web link to the policy on your web site
B20: Alternatively attach a copy of the policy to this questionnaire
B21: Comments:
A23: Freely chosen Labour
A24: 18 | B24: Does the company ensure that no forced, bonded, indentured or involuntary prison labor, human trafficking, or any form of modern slavery takes place in their operations and their supply chain?
B25: Please explain:
A27: Contract and Migrant Workers
A28: 19 | B28: Does the facility or company directly or indirectly use contract and/or migrant workers (both domestic and foreign migrant workers)? | I28: i Please note that country and intercountry law may be different.
B29: If yes, from which countries/provinces:
B30: Are contract and/or migrant workers recruited through agencies? | I30: i Check contract between supplier and recruitment agency (both local country agent and sending country agent): look for clause stating whether supplier pays recruitement fees and costs. If no clause exists, this is a red flag and indicates that it is likely that workers will be paying those fees. If you are told that local laws allow the payment of fees and costs by the migrant worker, this is in contradiction with internationally agreed standards and it remains a red flag.
B31: If yes, who pays for recruitment fees and costs (visas, transport, medical etc)?
A32: 20 | B32: Does the facility keep any original documents belonging to employees (e.g., passports or birth certificates) during the term of employment? | I32: i According to SA 8000, withholding of original documents (e.g. passports, birth certificates, religious records of age, work or residence permits, travel documents or any other documents that may have legal impact on workers’ legal status, freedom to travel or change jobs) is considered as forced labor, even if employees consent is available. However, in some countries it is legally required for an employer to keep documents like passports or ID cards. Where the practice is legally required, the auditor should note that documents are kept but it cannot be rated as critical or major finding as we have no leverage for change.
B33: If yes, which documents? Please list and explain:
A34: 21 | B34: Does the company maintain records of employee contracts that would demonstrate the terms and conditions of employment and termination? | I34: i The Auditor should verify if the contract includes the following: - Reasonable notice period to quit - Any/all fees including penalties for terminating employee. Are all employees in the company free within the legal framework to terminate their employment on their own decision? The auditor should verify if the company ensures that there is no money of its employees (deposit, credits) kept as a condition of employment.
A35: i. | B35: Are employees provided with a copy of their contracts or terms of conditions prior to hiring and are such contracts written in a language that they can understand?
A36: Child Labor and Young Workers
A37: Child Labor and Young Workers
A38: 22 | B38: Does the facility or company ensure that no child labor takes place in their operations and in their supply chain? | I38: i Definitions according SA 8000 1. Child: any person under 15 years of age, unless the minimum age for work or mandatory schooling is higher by local law, in which case the stipulated higher age applies in that locality 2. Child labour: any work performed by a child younger than the age(s) specified in the above definition of a child, except as provided for by ILO recommendation 146*. 3. Remediation of child labourers: all support and actions necessary to ensure the safety, health, education and development of children who have been subjected to child labour, as defined above, and whose work has been terminated. The ILO Minimum Age Convention 138 (1973) and the Worst Forms of Child Labour Convention 182 (1999) are the two cornerstones addressing issues with regards to child labor. *Convention 138 with Recommendation 146 allows some developing countries to set a minimum age for general employment at 14 and a minimum age for light work at 12 • Check local legislation • Ensure that contract labour agencies do not employ children i Check whether the company uses child labor and whether young workers engage in hazardous work with: • Verification by documentation review e.g. review of documentation confirms presence of policy prohibiting employment of child labor e.g. review of training records shows that training on discrimination and harassment is provided to employees e.g. review of documentation confirms that policies / procedures are available / accessible. • Verification by interviewing employees E.g. Interviews w/employees reveal that they have received training on preventing discrimination and harassment E.g. Interviews w/employees reveal that they are familiar with the company’s policy on discrimination and harassment E.g. Interviews w/employees reveal that they know how to report known or suspected violations of company policies • Verification by during facility tour/inspection E.g. Tour of facility - revealed no presence of any child labour E.g. Tour of facility - no evidence of young workers conducting hazardous work
B39: Please explain:
A40: i. | B40: Age of youngest worker
A41: ii. | B41: What remediation measures are taken in the case that child labor is detected? Please explain:
A42: 23 | B42: Please briefly describe the activities performed by young workers: | I42: i Look at hours, activities etc. if they have young workers (Definition of young worker according to SA 8000: any worker under the age of 18 but over the age of a child), Further guidance provided by SA 8000: The organisation may employ young workers, but where such young workers are subject to compulsory education laws, they shall work only outside of school hours. Under no circumstances shall any young worker’s school, work and transportation time exceed a combined total of 10 hours per day, and in no case shall young workers work more than 8 hours a day. Young workers may not work during night hours. The organisation shall not expose young workers to any situations – in or outside of the workplace – that are hazardous or unsafe to their physical and mental health and development. Also see SA 8000 Guidance on Apprenticeship or on-the-job training programs: Organisations must ensure that any such programs do not in any way abuse the rights of young workers. Young workers cannot be paid less than adults for the same type and amount of work. The organisation should maintain accurate payroll records to ensure that young workers receive equal pay for equal work. Any apprenticeship schemes should be for a defined period of time with structured oversight by, or registration with, a government agency, or by an alternative competent and credible authority where government registration and oversight is not required. In countries where local laws permit the payment of stipends or lower pay during an apprenticeship period or training program, the organisation must ensure that it meets the specific conditions of the law and has systems in place to ensure the protection of young workers’ rights. Apprenticeship schemes should not be used for extended periods of time to substitute for full-time work. Check whether the company uses child labor and whether young workers engage in hazardous work with: • Verification by documentation review e.g. review of documentation confirms presence of policy prohibiting employment of child labor e.g. review of training records shows that training on discrimination and harassment is provided to employees e.g. review of documentation confirms that policies / procedures are available / accessible. • Verification by interviewing employees E.g. Interviews w/employees reveal that they have received training on preventing discrimination and harassment E.g. Interviews w/employees reveal that they are familiar with the company’s policy on discrimination and harassment E.g. Interviews w/employees reveal that they know how to report known or suspected violations of company policies • Verification by during facility tour/inspection E.g. Tour of facility - revealed no presence of any child labour E.g. Tour of facility - no evidence of young workers conducting hazardous work
A43: i. | B43: Maximum working hours for young workers:
A45: Non-Discrimination and Fair Treatment
A46: 24 | B46: How does the facility or company ensure that there is no discrimination and harassment in their hiring practices and in the work environment? Please explain: | I46: i Check: If a policy is in place, how is it communicated to employees? Are employees trained on discrimination and harassment? Are workers asked questions regarding their physical, marital, union affiliation etc. as part of in the hiring process? How are workers treated onsite (in their own experience)? How can employees report cases of discrimination and harassment? How are the cases remediated?
A48: Wages, Benefits, and Working Hours
A49: 25 | B49: How does the facility ensure that overtime is voluntary (except for legally defined situations of urgency or emergencies that require the full workforce)? | I49: i The Auditor should verify if the average working hours per person (including overtime) do not exceed 60 hours (ILO standard of maximum weekly working time), except when this is allowed by national law, a collective agreement between employee and employer; demonstrated exceptional circumstances e.g. accidents or emergencies.
B50: How is overtime recorded?
B51: How is overtime compensated?
A52: 26 | B52: Do employees have, at least, one full day off for every seven-day period on average?
A53: 27 | B53: Does the facility or company ensure that all wages are at or above the legal minimum (after deduction, not including overtime wages)?
B54: Lowest wage paid
B55: Legal minimum wage
B56: Please explain what deductions, if any, come out of workers’ pay? (e.g. housing or living expenses, recruitment fees, tax, social insurance, transportation, interest loans)
A57: 28 | B57: Are workers paid in a timely manner in line with local laws and regulations?
B58: What is the frequency of workers payment (monthly, weekly, daily…)
A59: 29 | B59: Do all workers receive an understandable pay slip detailing wages and deductions? | I59: i Are workers able to choose whether or not to join labor unions, workers’ councils, or other collective bargaining organizations?
A60: 30 | B60: What are the mechanisms in place to allow employees and management to collectively express concerns and issues, even if the company or facility operates in a jurisdiction where the right to freedom of association and collective bargaining is not provisioned or is restricted under the law? | I60: i Are workers able to choose whether or not to join labor unions, workers’ councils, or other collective bargaining organizations? In line with the ILO Conventions, workers shall have the right to freedom of association as well as the right to collective bargaining. Exception of countries where this is not a legal requirement or it is restricted by law, however the auditor needs to make sure that the employer facilitates and not hinders independent and free association and bargaining.
A61: Local Communities
A62: 31 | B62: Does the company have a grievance mechanism in place which is accessible to internal and external stakeholders, in a language which they understand? | I62: i Check whether the internal grievance mechanisms (e.g. phone number, email address, internal committee dedicated to review of complaints) allows and encourages workers to report concerns, illegal activities or breaches of the PSCI Principles without threat of or actual reprisal, intimidation Check whether the company tracks the effectiveness of its grievance mechanism by tracking e.g. the number of grievances raised, the type of stakeholders raising and not raising grievances, the progress of each case, the number of cases closed and the relevant outcome.
A63: i | B63: If yes, how does the company communicate the grievance mechanism to identified internal and external stakeholders?
A64: ii | B64: Does the site regularly monitor the use of the grievance mechanism and evaluate its effectiveness?
A65: Additional Findings - Human Rights
B66: Were there any additional findings that weren't covered above? If yes, please specify below.
A67: HR-1
A68: HR-2
A69: HR-3
A70: HR-4
A71: HR-5
A72: Additional Findings - Human Rights
B73: Please add a description of the interview scheme (group of people, individual interviews in numbers)
A74: HR-6

Sheet Environment
A1: Pharmaceutical Supply Chain Initiative
A2: Self-Assessment Questionnaire and Audit Report Template | D2: In case of a partly remote audit: please specify the methods used when verification of self-assessment information was carried out remotely.
A4: Environment | M4: Reviewer comments
A5: i Please make sure the spelling of the tab name is exactly Environment
A6: i Please complete spell check once finished, by pressing F7 on your keyboard | C6: Self-assessment answer | D6: Auditor evaluation | F6: Findings | H6: Points of excellence | I6: Additional Auditor Guidance | M6: Reviewer responses, if needed
C7: Completed by supplier prior to audit | D7: Evaluation | E7: Observations, details, comments | F7: Findings classification | G7: Description of finding | H7: Description of points of excellence | I7: Where provided, it is mandatory to follow the guidance. | M7: <add instructions>
A8: General
A9: 32 | B9: Does the facility have written environmental policy, procedures, and practices?
A10: i. | B10: Environmental policy?
A11: ii. | B11: Environmental procedures?
B12: Comments
B13: If yes, please provide a copy of the policy and list of the procedure titles.
A14: iii. | B14: Are these controlled documents? (i.e. are they reviewed regularly?)
A15: 33 | B15: Does the facility have documented environmental objectives or goals for performance improvement, including metrics and targets? | I15: i Describe any formal or informal programs or procedures to reduce environmental impacts, noting any improvements made in recent (3) years. Does the supplier disclose environmental emissions and impacts to CDP? Examples of objectives or goals could be in relation to internal targets, Science Based targets, climate change initiatives, use of renewable energy etc.
B16: If yes, please describe goals, metrics, and/or targets and any improvements made in last 3 years
B17: Do you track and have reduction programs in place for the following:
A18: i. | B18: Energy consumption:
B19: Program description:
A20: ii. | B20: Water consumption:
B21: Program description:
A22: iii. | B22: Amount of hazardous waste:
B23: Program description:
A24: iv. | B24: Amount of non-hazardous waste:
B25: Program description:
A26: v. | B26: Greenhouse gas emissions:
B27: Program description:
A28: vi. | B28: Does your company/facility publicly report data:
B29: If yes, where can the information be found?
B30: If no, please add any comments here
A31: Waste and Emissions
A32: 34 | B32: Does the facility have a process to select and manage third-party waste treatment and disposal facilities and service providers? | I32: i Check records/supporting documents such as manifests or shipping records, supplier selection procedure, contracts, audits of waste vendors, etc. Indicate any non-compliance(s) for the site or contracted waste management supplier. Describe assurances that waste disposal contractors possess authorizations /certifications from regulatory authorities to manage specific waste streams in accordance with local regulations and that containment and monitoring programs are in place. Describe selection process review for the use of third-party waste facility or provider. Does it include considerations for staffing and API residual management? Are the third-party waste treatment vendors used by the facility approved by regulatory authorities? How does the site know that they have valid Environmental permits? How are third-party waste vendors reviewed periodically for their HSE performance/compliance? How are waste manifest/transfer record systems followed and maintained for disposal of wastes as per applicable regulations?
B33: What records or documentations of waste disposal are maintained:
B34: Please provide specific details on land filling of waste (categories and volumes):
A35: Additional Findings - Environment
B36: Were there any additional findings that weren't covered above? If yes, please specify below.
A37: Ev-1
A38: Ev-2
A39: Ev-3
A40: Ev-4
A41: Ev-5
A45: [1] Water scarcity is defined by the UN Food and Agriculture Organization as: (i) scarcity in availability of fresh water of acceptable quality with respect to aggregated demand, in the simple case of physical water shortage; (ii) scarcity in access to water services, because of the failure of institutions in place to ensure reliable supply of water to users; (iii) scarcity due to the lack of adequate infrastructure, irrespective of the level of water resources, due to financial constraints. In the last two cases, countries may have a relatively high level of water resources endowment but are unable to capture and distribute them because of limited financial resources for infrastructure development or lack of institutional capacity to maintain and manage them appropriately. (UN FAO, http://www.fao.org/nr/water/topics_scarcity.html)

Sheet Health & Safety
A1: Pharmaceutical Supply Chain Initiative
A2: Self-Assessment Questionnaire and Audit Report Template | D2: In case of a partly remote audit: please specify the methods used when verification of self-assessment information was carried out remotely.
A3: Please note in your response if a question in this section is not relevant to the site.
A4: Health & Safety | M4: Reviewer comments
A5: i Please make sure the spelling of the tab name is exactly Health & Safety
A6: i Please complete spell check once finished, by pressing F7 on your keyboard | D6: Auditor evaluation | F6: Findings | H6: Points of excellence | I6: Additional Auditor Guidance | M6: Reviewer responses, if needed
C7: Completed by supplier prior to audit | D7: Evaluation | E7: Observations, details, comments | F7: Findings classification | G7: Description of finding | H7: Description of points of excellence | I7: Where provided, it is mandatory to follow the guidance. | M7: <add instructions>
B8: General
A9: 35 | B9: Does the facility have a written Health & Safety policy, procedures, and practices?
A10: i. | B10: Policy | P10: 311
B11: If yes, provide a copy of the policy | P11: 312
A12: ii. | B12: Procedures | P12: 313
B13: If yes, please list the procedure titles: | P13: 314
A14: iii. | B14: Are these controlled documents? (i.e. are they reviewed regularly?)
A15: 36 | B15: Does the facility have any documented Health & Safety objectives and targets or goals for performance improvement, including metrics (including KPIs)? | P15: 315
B16: Please describe: | P16: 316
A17: 37 | B17: Indicate the number of significant Health & Safety incidents that occurred at this facility over the past three years? (Significant incidents are defined as: causing serious injuries or fatalities; a fire resulting in damage to process equipment, building, storage areas; physical explosions, fines or violations.) If any of these incidents were or are not being tracked, please indicate this by adding “not tracked” to the appropriate cell | I17: i Please note that deficiencies in this question do not necessarily result in a finding.
B18: Serious injuries | P18: 318
B19: Three years ago | P19: 319
B20: Two years ago | P20: 320
B21: Last year | P21: 321
B22: Fatalities | P22: 322
B23: Three years ago | P23: 323
B24: Two years ago | P24: 324
B25: Last year | P25: 325
B26: Fire | P26: 326
B27: Three years ago | P27: 327
B28: Two years ago | P28: 328
B29: Last year | P29: 329
... B37: Last year | P37: 337
A38: 38 | B38: Does the site consult and involve employees on Safety & Health issues through Unions, Worker Committees or any other worker voice mechanisms? | I38: i Auditor should review how workers organisations are involved in supporting workers to protect their own health and safety. Does the company establish, implement and maintain a process for consultation and participation of workers at all applicable levels and functions, and, where they exist, workers’ representatives, in the development, planning, implementation, performance evaluation and actions for improvement of the Health and Safety, Environment, Business Ethics and Labor activities? | P38: 338
B39: If yes, please describe: | P39: 339
A40: 39 | B40: Does the facility provide HSE (Health, Safety & Environment) training to employees (full-time, temporary, intern/summer students or contractor/sub-contractors)? | I40: i Review qualification for persons managing API emissions (i.e. knowledge of regulatory requirements and quantification of APIs in treated waste water) Review the business area’s written qualifications for persons performing and reviewing environmental calculations and sampling. Ensure that the qualifications address knowledge of the process and applicable regulatory requirements. Are employees responsible for active ingredient wastewater control practices provided suitable and sufficient information, instruction and training to be able to understand the hazards associated with environmental releases of those active ingredients and isolated intermediates? Does the manufacturer ensure that the information regarding environmental impacts contained in company Safety Data Sheets (SDSs) (see Section 12 of SDSs) are appropriately communicated to employees who are responsible for control of environmental impacts associated with handling these materials? Expected that training programs would include, some of the following: i New employee orientation and HSE training ii safety information for visitors & suppliers iii Periodic refresher training iv Pre-start up process specific HSE training v Employee emergency response action training vi Hazard Communication vii Process Safety Management viii Environmental Practices ix Awareness program about facility’s main hazards and risks x PPE xi Powered Industrial Trucks xii Chemicals management xiii Ergonomics | P40: 340
B41: If so, how does it identify the training needs related to HSE (please provide details of the training program)? | P41: 343
A42: 40 | B42: Does the site have a program for improving safe behaviors? (Examples: Leadership and commitment training, open communication, feedback, Behavior Based Safety program) | P42: 349
B43: If yes, please describe: | P43: 350
A44: 41 | B44: Are appropriate hygiene practices observed and does the facility ensure the provision of safe, potable drinking water and hygienic facilities to all employees? | I44: i Water systems that could be impacted by contamination are tested for compounds of concern. i look for no eating, drinking, smoking in areas where chemicals may be present; separated storage of clean personal clothes and work clothes etc. | P44: 351
B45: Please explain: | P45: 352
A46: 42 | B46: Does the company provide adequate sanitary facilities (e.g. clean toilets, showers, hand-washing facilities). | P46: 353
B47: Please explain: | P47: 354
A48: Worker Protection
A49: 43 | B49: Does the facility have a safe work permit system for the following? | I49: i For small size operations, a general permit might be sufficient provided it covers all relevant risks identified at that location. Assess the permit and determine if sufficient.
A50: i. | B50: Hot work | P50: 360
A51: ii. | B51: Confined space work | P51: 361
A52: iii. | B52: Energy isolation or lock out / tag out | P52: 362
A53: iv. | B53: Line breaking | P53: 363
A54: v. | B54: Work at height | P54: 364
A55: vi. | B55: General Permit | P55: 365
A56: vii. | B56: Excavation permit
A57: viii. | B57: If other work permit, please describe: | P57: 366
A58: 44 | B58: Does the facility use any of the following processes for managing risks related to contractor activity onsite? | I58: i Describe how you reviewed each program including details during tour, interviews and document review. Best practice may include drug/alcohol testing for contractors, although this is not a regulatory requirement for most countries.
A59: i. | B59: Contractor pre-approval | P59: 380
A60: ii. | B60: Training/orientation before entry | P60: 381
A61: iii. | B61: Access control (e.g. card access) | P61: 382
A62: iv. | B62: On-going recurrent safety training | P62: 383
A63: v. | B63: Mandatory accident reporting | P63: 384
A64: vi. | B64: If other, please describe: | P64: 385
A65: 45 | B65: Does the facility have a system to evaluate stored materials, including waste, to ensure that special storage requirements are identified (e.g. flammable storage, segregation of non-compatible materials, containment, security etc.)? | I65: i Does the facility have a procedure or system in place to appropriately store materials (storage concept / segregation concept)? Were materials appropriately segregated during tour? What quantities of flammables are currently onsite? Are water reactive materials stored in closed areas? Are Waste storage areas segregated and with access limited to authorized personnel? Does the facility have a procedure or system (e.g., barcode system) in place to appropriately store materials (storage concept / segregation concept/ compatibility chart)? | P65: 400
B66: Please explain: | P66: 401
A68: Occupational Health and Industrial Hygiene
A69: 46 | B69: Does the site have a risk-based occupational health programme? | I69: i The occupational health programme should include elements such as pre-employment physicals, health checks, hearing tests, lung function tests, blood monitoring etc. as defined by risk assessment. | P69: 411
B70: If yes, please describe the elements of the programme: | P70: 412
A71: 47 | B71: Does the company ensure that medical care for the employees is provided in case of emergency? | I71: i It can be useful to check if the site is located in the vicinity of an hospital, if they have an agreement in place with this hospital | P71: 428
A72: 48 | B72: Does the site provide well-stocked and maintained first aid boxes in relevant areas (e.g. manufacturing, offices, warehouses etc.) | I72: i requirements for first-aid material are normally defined in the national legislation. First aid kits appropriate to the size and layout of the site and occupational accident potential should be provided, and as a minimum should contain bandaging material, means for treatment of open wounds, eye injuries and burns. | P72: 429
A73: 49 | B73: Does the company have any further medical facilities (e.g. doctors room) on site? | P73: 430
A74: 50 | B74: Does the company have trained First Aid Responders and/or Medical Professionals? | P74: 431
B75: Please describe: | P75: 432
A76: 51 | B76: Has the facility developed and implemented a plan to protect First Aid Responders and Medical Professionals from exposure to body fluids? | P76: 433
B77: Please explain: | P77: 437
B78: Does the program include:
A79: i. | B79: Training? | P79: 434
A80: ii. | B80: Exposure response kits regularly checked? | P80: 435
A81: iii. | B81: The offer of Hepatitis B vaccinations? | P81: 436
A83: Emergency Preparedness and Response
A84: 52 | B84: Is the facility equipped with fire detection/protection systems? | I84: i Briefly describe the site’s fire protection program and to what extent it has been implemented. Describe any observations that could impair a normally acceptable fire protection plan in terms of building construction, fire load, general state sprinkler system, smoke detectors, alarm system, inclusion of key equipment in preventive maintenance program etc. Check for stored materials that could create a fire hazard, such as idle pallets. Example of systems: Raw material warehouse Flammable liquid storage tanks Process areas Packaging area Finished product warehouse Hazardous waste storage area
A85: 53 | B85: Is the facility emergency response equipment (fire extinguisher, fire pumps, sprinkler systems) visually inspected monthly, comprehensively inspected annually, and documentation maintained for all inspections? | P85: 496
B86: Please explain: | P86: 497
A87: 54 | B87: Is the fire alarm system monitored 24 hours a day (including weekends and holidays) with prompt notification to emergency services (within 5 minutes)? | P87: 498
A88: i. | B88: Is the fire alarm routed to a central control room?
A89: ii. | B89: Is an emergency contact list or emergency number available and can employees communicate via approved radio or phone/mobile?
B90: Please explain: | P90: 499
A91: 55 | B91: Does the facility ensure that an adequate amount of fire water is maintained for fire protection? | P91: 500
B92: Please explain | P92: 504
A93: i. | B93: How many cubic meters of fire water is maintained for fire protection? | P93: 501
A94: ii. | B94: How was it determined to be sufficient? | P94: 502
A95: iii. | B95: Can the capacity of the pumps meet the requirements of NFPA (sufficient water flow) or applicable local regulations? | P95: 503
B96: Please explain | P96: 563
A97: 56 | B97: Are emergency exits and evacuation routes clearly marked, kept free of obstructions (unlocked)? | P97: 505
B98: Please explain: | P98: 506
B99: Are emergency exit signs illuminated with emergency backup power? | P99: 507
B100: Please explain: | P100: 508
A101: 57 | B101: Are regular emergency drills conducted? | P101: 509
A102: i | B102: What is the frequency?
A103: ii | B103: Are review reports readily available?
A104: iii | B104: Are necessary adjustments made based on the reports? | P104: 510
A105: iv | B105: Is the local fire department included in emergency drills? | P105: 511
B106: Please explain
A107: 58 | B107: Are emergency response plans in place? | I107: i Check for: - Description of the emergency management plans in place to respond to potential risks that arise from unplanned events outside of normal business occurrences. - Emergency management team(s) may have different business owners (HSE, Human Rights, Human Resources, Sustainability, IT, or other). - Evaluation of business risk assessments have been carried out and control plans are in place. - Other documents to review include responder training/competency and testing scenarios with recovery times for business continuity and effectiveness within the value stream. - Emergency management plans to contain time based reviews and implementation of continuous improvement from what went well and areas for improvement. | P107: 512
A108: i | B108: Please explain the key points of the emergency response plan
A109: ii | B109: Indicate when the plan was last revised:
...

Sheet Company Specific Questions
A1: Pharmaceutical Supply Chain Initiative
A2: Self-Assessment Questionnaire and Audit Report Template | D2: In case of a partly remote audit: please specify the methods used when verification of self-assessment information was carried out remotely.
A4: Company Specific Questions (Optional) | L4: Reviewer comments
B5: i Please make sure the spelling of the tab name is exactly Company Specific Questions
B7: i Please complete spell check once finished, by pressing F7 on your keyboard | C7: Self-assessment answer | D7: Auditor evaluation | F7: Findings | H7: Points of excellence | L7: Reviewer responses, if needed
B8: i PSCI member company-specific questions can be included below. Sharing this section with the PSCI is optional. Members may delete this sheet from the workbook before sharing with PSCI. | C8: Completed by supplier prior to audit | D8: Evaluation | E8: Observations, details, comments | F8: Findings classification | G8: Description of finding | H8: Description of points of excellence | L8: <add instructions>
A9: 61
A10: 62
A11: 63
A12: 64
A13: 65
A14: 66
A15: 67
A16: 68
A17: 69
A18: 70
A19: 71
A20: 72
... A40: 92

Sheet Photos
B2: Photo report
B4: Guidance for adding images
B5: To help keep the size of the report as small as possible, we recommend that you use Microsoft Paint to resize your photos. To do so please follow these instructions: 1) To start Microsoft Paint, click 'Start', 'Programs', 'Accessories', then 'Paint'. 2) Open the image file you wish to edit. 3) Click the 'Home' Menu at the top and select "Resize”. 4) Choose a percentage figure to resize the image: to avoid distortion, choose the same percentage for horizontal and vertical stretch. Click OK. 5) Once you have the desired size, click File > Save As (to prevent overwriting the original image). Save As jpeg (this provides compression to make the file smaller).
B15: Photo | C15: Description
C16: Please describe the picture and how it supports the finding. Please specify which finding it relates to.
B17: Picture | C17: Description
B18: Picture | C18: Description
B19: Picture | C19: Description
B20: Picture | C20: Description
B21: Picture | C21: Description
B22: Picture | C22: Description
B23: Picture | C23: Description
B24: Picture | C24: Description
B25: Picture | C25: Description
B26: Picture | C26: Description
B27: Picture | C27: Description
B28: Picture | C28: Description
... B40: Picture | C40: Description

Sheet CAP
A1: Pharmaceutical Supply Chain Initiative
A2: Self-Assessment Questionnaire and Audit Report Template
A4: Corrective Action Plan
A6: Guidance on this section
A7: To display findings correctly, please make sure that all tabs are lablled correctly, according to the guidance in Cell C7 of each individual worksheet.
A8: The CAP list is automatically pulled together by the following step, and this list is NOT to be filled in manually.
A9: To show findings, select "Show all findings" using the buttons in the box below. To update the table, clear all filters by clicking the symbol in the top right, then click "show all findings".
A10: You can filter for the finding type that you'd like to display using the buttons in the 'Filter by finding type' box. To select more than one finding type, click the tick-box list icon (in the top-right corner of the boxes below).
A11: Columns C to F are automatically populated based on the responses in the other tab. The other columns need to be filled out manually. You can use the filter buttons to the right to further sort the findings.
A12: To clear filters, click the icon on the top right of each of the boxes.
P16: Filter findings using the slicers below
A18: Finding number (question number from audit report) | B18: PSCI Principle | C18: Finding Type | D18: Description of Finding | E18: Proposed Corrective Actions Details of actions to be taken to follow up on the Finding | F18: Completion Timescale | G18: Verification Method | H18: Responsible Person | I18: Verification Evidence and Comments Detail of corrective actions taken | J18: Status | K18: Category | L18: Sub-category | M18: Finding
A19: 1 | B19: =IF(CAP[[#This Row],[Category]]="Company Specific Questions",CAP[[#This Row],[Category]],CAP[[#This Row],[Category]]&": "&CAP[[#This Row],[Sub-category]]) -> Governance & Management Systems: Commitment and Accountability | C19: =IF(INDEX(INDIRECT("'"&CAP[[#This Row],[Category]]&"'!F9:F500"),MATCH(CAP[[#This Row],[Finding number (question number from audit report)]],INDIRECT("'"&CAP[[#This Row],[Category]]&"'!A9:A500"),0))=0,"Incomplete",INDEX(INDIRECT("'"&CAP[[#This Row],[Category]]&"'!F9:F500"),MATCH(CAP[[#This Row],[Finding number (question number from audit report)]],INDIRECT("'"&CAP[[#This Row],[Category]]&"'!A9:A500"),0))) -> Incomplete | D19: =IF(INDEX(INDIRECT("'"&CAP[[#This Row],[Category]]&"'!G9:G500"),MATCH(CAP[[#This Row],[Finding number (question number from audit report)]],INDIRECT("'"&CAP[[#This Row],[Category]]&"'!A9:A500"),0))=0,"-",INDEX(INDIRECT("'"&CAP[[#This Row],[Category]]&"'!G9:G500"),MATCH(CAP[[#This Row],[Finding number (question number from audit report)]],INDIRECT("'"&CAP[[#This Row],[Category]]&"'!A9:A500"),0))) -> - | K19: Governance & Management Systems | L19: Commitment and Accountability | M19: =IF(OR(CAP[[#This Row],[Finding Type]]="Critical finding",CAP[[#This Row],[Finding Type]]="Other finding",CAP[[#This Row],[Finding Type]]="Minor finding",CAP[[#This Row],[Finding Type]]="Non-finding remark",CAP[[#This Row],[Finding Type]]="Major finding"),"Show all findings",IF(CAP[[#This Row],[Finding Type]]="Incomplete","Show incomplete","Show questions with no findings")) -> Show incomplete
A20: 2 | B20: =IF(CAP[[#This Row],[Category]]="Company Specific Questions",CAP[[#This Row],[Category]],CAP[[#This Row],[Category]]&": "&CAP[[#This Row],[Sub-category]]) -> Governance & Management Systems: Legal and Customer Requirements | C20: =IF(INDEX(INDIRECT("'"&CAP[[#This Row],[Category]]&"'!F9:F500"),MATCH(CAP[[#This Row],[Finding number (question number from audit report)]],INDIRECT("'"&CAP[[#This Row],[Category]]&"'!A9:A500"),0))=0,"Incomplete",INDEX(INDIRECT("'"&CAP[[#This Row],[Category]]&"'!F9:F500"),MATCH(CAP[[#This Row],[Finding number (question number from audit report)]],INDIRECT("'"&CAP[[#This Row],[Category]]&"'!A9:A500"),0))) -> Incomplete | D20: =IF(INDEX(INDIRECT("'"&CAP[[#This Row],[Category]]&"'!G9:G500"),MATCH(CAP[[#This Row],[Finding number (question number from audit report)]],INDIRECT("'"&CAP[[#This Row],[Category]]&"'!A9:A500"),0))=0,"-",INDEX(INDIRECT("'"&CAP[[#This Row],[Category]]&"'!G9:G500"),MATCH(CAP[[#This Row],[Finding number (question number from audit report)]],INDIRECT("'"&CAP[[#This Row],[Category]]&"'!A9:A500"),0))) -> - | K20: Governance & Management Systems | L20: Legal and Customer Requirements | M20: =IF(OR(CAP[[#This Row],[Finding Type]]="Critical finding",CAP[[#This Row],[Finding Type]]="Other finding",CAP[[#This Row],[Finding Type]]="Minor finding",CAP[[#This Row],[Finding Type]]="Non-finding remark",CAP[[#This Row],[Finding Type]]="Major finding"),"Show all findings",IF(CAP[[#This Row],[Finding Type]]="Incomplete","Show incomplete","Show questions with no findings")) -> Show incomplete
A21: 3 | B21: =IF(CAP[[#This Row],[Category]]="Company Specific Questions",CAP[[#This Row],[Category]],CAP[[#This Row],[Category]]&": "&CAP[[#This Row],[Sub-category]]) -> Governance & Management Systems: Legal and Customer Requirements | C21: =IF(INDEX(INDIRECT("'"&CAP[[#This Row],[Category]]&"'!F9:F500"),MATCH(CAP[[#This Row],[Finding number (question number from audit report)]],INDIRECT("'"&CAP[[#This Row],[Category]]&"'!A9:A500"),0))=0,"Incomplete",INDEX(INDIRECT("'"&CAP[[#This Row],[Category]]&"'!F9:F500"),MATCH(CAP[[#This Row],[Finding number (question number from audit report)]],INDIRECT("'"&CAP[[#This Row],[Category]]&"'!A9:A500"),0))) -> Incomplete | D21: =IF(INDEX(INDIRECT("'"&CAP[[#This Row],[Category]]&"'!G9:G500"),MATCH(CAP[[#This Row],[Finding number (question number from audit report)]],INDIRECT("'"&CAP[[#This Row],[Category]]&"'!A9:A500"),0))=0,"-",INDEX(INDIRECT("'"&CAP[[#This Row],[Category]]&"'!G9:G500"),MATCH(CAP[[#This Row],[Finding number (question number from audit report)]],INDIRECT("'"&CAP[[#This Row],[Category]]&"'!A9:A500"),0))) -> - | K21: Governance & Management Systems | L21: Legal and Customer Requirements | M21: =IF(OR(CAP[[#This Row],[Finding Type]]="Critical finding",CAP[[#This Row],[Finding Type]]="Other finding",CAP[[#This Row],[Finding Type]]="Minor finding",CAP[[#This Row],[Finding Type]]="Non-finding remark",CAP[[#This Row],[Finding Type]]="Major finding"),"Show all findings",IF(CAP[[#This Row],[Finding Type]]="Incomplete","Show incomplete","Show questions with no findings")) -> Show incomplete
A22: 4 | B22: =IF(CAP[[#This Row],[Category]]="Company Specific Questions",CAP[[#This Row],[Category]],CAP[[#This Row],[Category]]&": "&CAP[[#This Row],[Sub-category]]) -> Governance & Management Systems: Legal and Customer Requirements | C22: =IF(INDEX(INDIRECT("'"&CAP[[#This Row],[Category]]&"'!F9:F500"),MATCH(CAP[[#This Row],[Finding number (question number from audit report)]],INDIRECT("'"&CAP[[#This Row],[Category]]&"'!A9:A500"),0))=0,"Incomplete",INDEX(INDIRECT("'"&CAP[[#This Row],[Category]]&"'!F9:F500"),MATCH(CAP[[#This Row],[Finding number (question number from audit report)]],INDIRECT("'"&CAP[[#This Row],[Category]]&"'!A9:A500"),0))) -> Incomplete | D22: =IF(INDEX(INDIRECT("'"&CAP[[#This Row],[Category]]&"'!G9:G500"),MATCH(CAP[[#This Row],[Finding number (question number from audit report)]],INDIRECT("'"&CAP[[#This Row],[Category]]&"'!A9:A500"),0))=0,"-",INDEX(INDIRECT("'"&CAP[[#This Row],[Category]]&"'!G9:G500"),MATCH(CAP[[#This Row],[Finding number (question number from audit report)]],INDIRECT("'"&CAP[[#This Row],[Category]]&"'!A9:A500"),0))) -> - | K22: Governance & Management Systems | L22: Legal and Customer Requirements | M22: =IF(OR(CAP[[#This Row],[Finding Type]]="Critical finding",CAP[[#This Row],[Finding Type]]="Other finding",CAP[[#This Row],[Finding Type]]="Minor finding",CAP[[#This Row],[Finding Type]]="Non-finding remark",CAP[[#This Row],[Finding Type]]="Major finding"),"Show all findings",IF(CAP[[#This Row],[Finding Type]]="Incomplete","Show incomplete","Show questions with no findings")) -> Show incomplete
A23: 5 | B23: =IF(CAP[[#This Row],[Category]]="Company Specific Questions",CAP[[#This Row],[Category]],CAP[[#This Row],[Category]]&": "&CAP[[#This Row],[Sub-category]]) -> Governance & Management Systems: Legal and Customer Requirements | C23: =IF(INDEX(INDIRECT("'"&CAP[[#This Row],[Category]]&"'!F9:F500"),MATCH(CAP[[#This Row],[Finding number (question number from audit report)]],INDIRECT("'"&CAP[[#This Row],[Category]]&"'!A9:A500"),0))=0,"Incomplete",INDEX(INDIRECT("'"&CAP[[#This Row],[Category]]&"'!F9:F500"),MATCH(CAP[[#This Row],[Finding number (question number from audit report)]],INDIRECT("'"&CAP[[#This Row],[Category]]&"'!A9:A500"),0))) -> Incomplete | D23: =IF(INDEX(INDIRECT("'"&CAP[[#This Row],[Category]]&"'!G9:G500"),MATCH(CAP[[#This Row],[Finding number (question number from audit report)]],INDIRECT("'"&CAP[[#This Row],[Category]]&"'!A9:A500"),0))=0,"-",INDEX(INDIRECT("'"&CAP[[#This Row],[Category]]&"'!G9:G500"),MATCH(CAP[[#This Row],[Finding number (question number from audit report)]],INDIRECT("'"&CAP[[#This Row],[Category]]&"'!A9:A500"),0))) -> - | K23: Governance & Management Systems | L23: Legal and Customer Requirements | M23: =IF(OR(CAP[[#This Row],[Finding Type]]="Critical finding",CAP[[#This Row],[Finding Type]]="Other finding",CAP[[#This Row],[Finding Type]]="Minor finding",CAP[[#This Row],[Finding Type]]="Non-finding remark",CAP[[#This Row],[Finding Type]]="Major finding"),"Show all findings",IF(CAP[[#This Row],[Finding Type]]="Incomplete","Show incomplete","Show questions with no findings")) -> Show incomplete
A24: 6 | B24: =IF(CAP[[#This Row],[Category]]="Company Specific Questions",CAP[[#This Row],[Category]],CAP[[#This Row],[Category]]&": "&CAP[[#This Row],[Sub-category]]) -> Governance & Management Systems: Risk Management | C24: =IF(INDEX(INDIRECT("'"&CAP[[#This Row],[Category]]&"'!F9:F500"),MATCH(CAP[[#This Row],[Finding number (question number from audit report)]],INDIRECT("'"&CAP[[#This Row],[Category]]&"'!A9:A500"),0))=0,"Incomplete",INDEX(INDIRECT("'"&CAP[[#This Row],[Category]]&"'!F9:F500"),MATCH(CAP[[#This Row],[Finding number (question number from audit report)]],INDIRECT("'"&CAP[[#This Row],[Category]]&"'!A9:A500"),0))) -> Incomplete | D24: =IF(INDEX(INDIRECT("'"&CAP[[#This Row],[Category]]&"'!G9:G500"),MATCH(CAP[[#This Row],[Finding number (question number from audit report)]],INDIRECT("'"&CAP[[#This Row],[Category]]&"'!A9:A500"),0))=0,"-",INDEX(INDIRECT("'"&CAP[[#This Row],[Category]]&"'!G9:G500"),MATCH(CAP[[#This Row],[Finding number (question number from audit report)]],INDIRECT("'"&CAP[[#This Row],[Category]]&"'!A9:A500"),0))) -> - | K24: Governance & Management Systems | L24: Risk Management | M24: =IF(OR(CAP[[#This Row],[Finding Type]]="Critical finding",CAP[[#This Row],[Finding Type]]="Other finding",CAP[[#This Row],[Finding Type]]="Minor finding",CAP[[#This Row],[Finding Type]]="Non-finding remark",CAP[[#This Row],[Finding Type]]="Major finding"),"Show all findings",IF(CAP[[#This Row],[Finding Type]]="Incomplete","Show incomplete","Show questions with no findings")) -> Show incomplete
A25: 7 | B25: =IF(CAP[[#This Row],[Category]]="Company Specific Questions",CAP[[#This Row],[Category]],CAP[[#This Row],[Category]]&": "&CAP[[#This Row],[Sub-category]]) -> Governance & Management Systems: Risk Management | C25: =IF(INDEX(INDIRECT("'"&CAP[[#This Row],[Category]]&"'!F9:F500"),MATCH(CAP[[#This Row],[Finding number (question number from audit report)]],INDIRECT("'"&CAP[[#This Row],[Category]]&"'!A9:A500"),0))=0,"Incomplete",INDEX(INDIRECT("'"&CAP[[#This Row],[Category]]&"'!F9:F500"),MATCH(CAP[[#This Row],[Finding number (question number from audit report)]],INDIRECT("'"&CAP[[#This Row],[Category]]&"'!A9:A500"),0))) -> Incomplete | D25: =IF(INDEX(INDIRECT("'"&CAP[[#This Row],[Category]]&"'!G9:G500"),MATCH(CAP[[#This Row],[Finding number (question number from audit report)]],INDIRECT("'"&CAP[[#This Row],[Category]]&"'!A9:A500"),0))=0,"-",INDEX(INDIRECT("'"&CAP[[#This Row],[Category]]&"'!G9:G500"),MATCH(CAP[[#This Row],[Finding number (question number from audit report)]],INDIRECT("'"&CAP[[#This Row],[Category]]&"'!A9:A500"),0))) -> - | K25: Governance & Management Systems | L25: Risk Management | M25: =IF(OR(CAP[[#This Row],[Finding Type]]="Critical finding",CAP[[#This Row],[Finding Type]]="Other finding",CAP[[#This Row],[Finding Type]]="Minor finding",CAP[[#This Row],[Finding Type]]="Non-finding remark",CAP[[#This Row],[Finding Type]]="Major finding"),"Show all findings",IF(CAP[[#This Row],[Finding Type]]="Incomplete","Show incomplete","Show questions with no findings")) -> Show incomplete
A26: 8 | B26: =IF(CAP[[#This Row],[Category]]="Company Specific Questions",CAP[[#This Row],[Category]],CAP[[#This Row],[Category]]&": "&CAP[[#This Row],[Sub-category]]) -> Governance & Management Systems: Risk Management | C26: =IF(INDEX(INDIRECT("'"&CAP[[#This Row],[Category]]&"'!F9:F500"),MATCH(CAP[[#This Row],[Finding number (question number from audit report)]],INDIRECT("'"&CAP[[#This Row],[Category]]&"'!A9:A500"),0))=0,"Incomplete",INDEX(INDIRECT("'"&CAP[[#This Row],[Category]]&"'!F9:F500"),MATCH(CAP[[#This Row],[Finding number (question number from audit report)]],INDIRECT("'"&CAP[[#This Row],[Category]]&"'!A9:A500"),0))) -> Incomplete | D26: =IF(INDEX(INDIRECT("'"&CAP[[#This Row],[Category]]&"'!G9:G500"),MATCH(CAP[[#This Row],[Finding number (question number from audit report)]],INDIRECT("'"&CAP[[#This Row],[Category]]&"'!A9:A500"),0))=0,"-",INDEX(INDIRECT("'"&CAP[[#This Row],[Category]]&"'!G9:G500"),MATCH(CAP[[#This Row],[Finding number (question number from audit report)]],INDIRECT("'"&CAP[[#This Row],[Category]]&"'!A9:A500"),0))) -> - | K26: Governance & Management Systems | L26: Risk Management | M26: =IF(OR(CAP[[#This Row],[Finding Type]]="Critical finding",CAP[[#This Row],[Finding Type]]="Other finding",CAP[[#This Row],[Finding Type]]="Minor finding",CAP[[#This Row],[Finding Type]]="Non-finding remark",CAP[[#This Row],[Finding Type]]="Major finding"),"Show all findings",IF(CAP[[#This Row],[Finding Type]]="Incomplete","Show incomplete","Show questions with no findings")) -> Show incomplete
A27: 9 | B27: =IF(CAP[[#This Row],[Category]]="Company Specific Questions",CAP[[#This Row],[Category]],CAP[[#This Row],[Category]]&": "&CAP[[#This Row],[Sub-category]]) -> Governance & Management Systems: Risk Management | C27: =IF(INDEX(INDIRECT("'"&CAP[[#This Row],[Category]]&"'!F9:F500"),MATCH(CAP[[#This Row],[Finding number (question number from audit report)]],INDIRECT("'"&CAP[[#This Row],[Category]]&"'!A9:A500"),0))=0,"Incomplete",INDEX(INDIRECT("'"&CAP[[#This Row],[Category]]&"'!F9:F500"),MATCH(CAP[[#This Row],[Finding number (question number from audit report)]],INDIRECT("'"&CAP[[#This Row],[Category]]&"'!A9:A500"),0))) -> Incomplete | D27: =IF(INDEX(INDIRECT("'"&CAP[[#This Row],[Category]]&"'!G9:G500"),MATCH(CAP[[#This Row],[Finding number (question number from audit report)]],INDIRECT("'"&CAP[[#This Row],[Category]]&"'!A9:A500"),0))=0,"-",INDEX(INDIRECT("'"&CAP[[#This Row],[Category]]&"'!G9:G500"),MATCH(CAP[[#This Row],[Finding number (question number from audit report)]],INDIRECT("'"&CAP[[#This Row],[Category]]&"'!A9:A500"),0))) -> - | K27: Governance & Management Systems | L27: Risk Management | M27: =IF(OR(CAP[[#This Row],[Finding Type]]="Critical finding",CAP[[#This Row],[Finding Type]]="Other finding",CAP[[#This Row],[Finding Type]]="Minor finding",CAP[[#This Row],[Finding Type]]="Non-finding remark",CAP[[#This Row],[Finding Type]]="Major finding"),"Show all findings",IF(CAP[[#This Row],[Finding Type]]="Incomplete","Show incomplete","Show questions with no findings")) -> Show incomplete
A28: 10 | B28: =IF(CAP[[#This Row],[Category]]="Company Specific Questions",CAP[[#This Row],[Category]],CAP[[#This Row],[Category]]&": "&CAP[[#This Row],[Sub-category]]) -> Governance & Management Systems: Documentation | C28: =IF(INDEX(INDIRECT("'"&CAP[[#This Row],[Category]]&"'!F9:F500"),MATCH(CAP[[#This Row],[Finding number (question number from audit report)]],INDIRECT("'"&CAP[[#This Row],[Category]]&"'!A9:A500"),0))=0,"Incomplete",INDEX(INDIRECT("'"&CAP[[#This Row],[Category]]&"'!F9:F500"),MATCH(CAP[[#This Row],[Finding number (question number from audit report)]],INDIRECT("'"&CAP[[#This Row],[Category]]&"'!A9:A500"),0))) -> Incomplete | D28: =IF(INDEX(INDIRECT("'"&CAP[[#This Row],[Category]]&"'!G9:G500"),MATCH(CAP[[#This Row],[Finding number (question number from audit report)]],INDIRECT("'"&CAP[[#This Row],[Category]]&"'!A9:A500"),0))=0,"-",INDEX(INDIRECT("'"&CAP[[#This Row],[Category]]&"'!G9:G500"),MATCH(CAP[[#This Row],[Finding number (question number from audit report)]],INDIRECT("'"&CAP[[#This Row],[Category]]&"'!A9:A500"),0))) -> - | K28: Governance & Management Systems | L28: Documentation | M28: =IF(OR(CAP[[#This Row],[Finding Type]]="Critical finding",CAP[[#This Row],[Finding Type]]="Other finding",CAP[[#This Row],[Finding Type]]="Minor finding",CAP[[#This Row],[Finding Type]]="Non-finding remark",CAP[[#This Row],[Finding Type]]="Major finding"),"Show all findings",IF(CAP[[#This Row],[Finding Type]]="Incomplete","Show incomplete","Show questions with no findings")) -> Show incomplete
A29: 11 | B29: =IF(CAP[[#This Row],[Category]]="Company Specific Questions",CAP[[#This Row],[Category]],CAP[[#This Row],[Category]]&": "&CAP[[#This Row],[Sub-category]]) -> Governance & Management Systems: Training and Competency | C29: =IF(INDEX(INDIRECT("'"&CAP[[#This Row],[Category]]&"'!F9:F500"),MATCH(CAP[[#This Row],[Finding number (question number from audit report)]],INDIRECT("'"&CAP[[#This Row],[Category]]&"'!A9:A500"),0))=0,"Incomplete",INDEX(INDIRECT("'"&CAP[[#This Row],[Category]]&"'!F9:F500"),MATCH(CAP[[#This Row],[Finding number (question number from audit report)]],INDIRECT("'"&CAP[[#This Row],[Category]]&"'!A9:A500"),0))) -> Incomplete | D29: =IF(INDEX(INDIRECT("'"&CAP[[#This Row],[Category]]&"'!G9:G500"),MATCH(CAP[[#This Row],[Finding number (question number from audit report)]],INDIRECT("'"&CAP[[#This Row],[Category]]&"'!A9:A500"),0))=0,"-",INDEX(INDIRECT("'"&CAP[[#This Row],[Category]]&"'!G9:G500"),MATCH(CAP[[#This Row],[Finding number (question number from audit report)]],INDIRECT("'"&CAP[[#This Row],[Category]]&"'!A9:A500"),0))) -> - | K29: Governance & Management Systems | L29: Training and Competency | M29: =IF(OR(CAP[[#This Row],[Finding Type]]="Critical finding",CAP[[#This Row],[Finding Type]]="Other finding",CAP[[#This Row],[Finding Type]]="Minor finding",CAP[[#This Row],[Finding Type]]="Non-finding remark",CAP[[#This Row],[Finding Type]]="Major finding"),"Show all findings",IF(CAP[[#This Row],[Finding Type]]="Incomplete","Show incomplete","Show questions with no findings")) -> Show incomplete
A30: 12 | B30: =IF(CAP[[#This Row],[Category]]="Company Specific Questions",CAP[[#This Row],[Category]],CAP[[#This Row],[Category]]&": "&CAP[[#This Row],[Sub-category]]) -> Governance & Management Systems: Continual Improvement | C30: =IF(INDEX(INDIRECT("'"&CAP[[#This Row],[Category]]&"'!F9:F500"),MATCH(CAP[[#This Row],[Finding number (question number from audit report)]],INDIRECT("'"&CAP[[#This Row],[Category]]&"'!A9:A500"),0))=0,"Incomplete",INDEX(INDIRECT("'"&CAP[[#This Row],[Category]]&"'!F9:F500"),MATCH(CAP[[#This Row],[Finding number (question number from audit report)]],INDIRECT("'"&CAP[[#This Row],[Category]]&"'!A9:A500"),0))) -> Incomplete | D30: =IF(INDEX(INDIRECT("'"&CAP[[#This Row],[Category]]&"'!G9:G500"),MATCH(CAP[[#This Row],[Finding number (question number from audit report)]],INDIRECT("'"&CAP[[#This Row],[Category]]&"'!A9:A500"),0))=0,"-",INDEX(INDIRECT("'"&CAP[[#This Row],[Category]]&"'!G9:G500"),MATCH(CAP[[#This Row],[Finding number (question number from audit report)]],INDIRECT("'"&CAP[[#This Row],[Category]]&"'!A9:A500"),0))) -> - | K30: Governance & Management Systems | L30: Continual Improvement | M30: =IF(OR(CAP[[#This Row],[Finding Type]]="Critical finding",CAP[[#This Row],[Finding Type]]="Other finding",CAP[[#This Row],[Finding Type]]="Minor finding",CAP[[#This Row],[Finding Type]]="Non-finding remark",CAP[[#This Row],[Finding Type]]="Major finding"),"Show all findings",IF(CAP[[#This Row],[Finding Type]]="Incomplete","Show incomplete","Show questions with no findings")) -> Show incomplete
A31: 13 | B31: =IF(CAP[[#This Row],[Category]]="Company Specific Questions",CAP[[#This Row],[Category]],CAP[[#This Row],[Category]]&": "&CAP[[#This Row],[Sub-category]]) -> Governance & Management Systems: Continual Improvement | C31: =IF(INDEX(INDIRECT("'"&CAP[[#This Row],[Category]]&"'!F9:F500"),MATCH(CAP[[#This Row],[Finding number (question number from audit report)]],INDIRECT("'"&CAP[[#This Row],[Category]]&"'!A9:A500"),0))=0,"Incomplete",INDEX(INDIRECT("'"&CAP[[#This Row],[Category]]&"'!F9:F500"),MATCH(CAP[[#This Row],[Finding number (question number from audit report)]],INDIRECT("'"&CAP[[#This Row],[Category]]&"'!A9:A500"),0))) -> Incomplete | D31: =IF(INDEX(INDIRECT("'"&CAP[[#This Row],[Category]]&"'!G9:G500"),MATCH(CAP[[#This Row],[Finding number (question number from audit report)]],INDIRECT("'"&CAP[[#This Row],[Category]]&"'!A9:A500"),0))=0,"-",INDEX(INDIRECT("'"&CAP[[#This Row],[Category]]&"'!G9:G500"),MATCH(CAP[[#This Row],[Finding number (question number from audit report)]],INDIRECT("'"&CAP[[#This Row],[Category]]&"'!A9:A500"),0))) -> - | K31: Governance & Management Systems | L31: Continual Improvement | M31: =IF(OR(CAP[[#This Row],[Finding Type]]="Critical finding",CAP[[#This Row],[Finding Type]]="Other finding",CAP[[#This Row],[Finding Type]]="Minor finding",CAP[[#This Row],[Finding Type]]="Non-finding remark",CAP[[#This Row],[Finding Type]]="Major finding"),"Show all findings",IF(CAP[[#This Row],[Finding Type]]="Incomplete","Show incomplete","Show questions with no findings")) -> Show incomplete
A32: G&MS-1 | B32: =IF(CAP[[#This Row],[Category]]="Company Specific Questions",CAP[[#This Row],[Category]],CAP[[#This Row],[Category]]&": "&CAP[[#This Row],[Sub-category]]) -> Governance & Management Systems: Additional Finding | C32: =IF(INDEX(INDIRECT("'"&CAP[[#This Row],[Category]]&"'!F9:F500"),MATCH(CAP[[#This Row],[Finding number (question number from audit report)]],INDIRECT("'"&CAP[[#This Row],[Category]]&"'!A9:A500"),0))=0,"Incomplete",INDEX(INDIRECT("'"&CAP[[#This Row],[Category]]&"'!F9:F500"),MATCH(CAP[[#This Row],[Finding number (question number from audit report)]],INDIRECT("'"&CAP[[#This Row],[Category]]&"'!A9:A500"),0))) -> Incomplete | D32: =IF(INDEX(INDIRECT("'"&CAP[[#This Row],[Category]]&"'!G9:G500"),MATCH(CAP[[#This Row],[Finding number (question number from audit report)]],INDIRECT("'"&CAP[[#This Row],[Category]]&"'!A9:A500"),0))=0,"-",INDEX(INDIRECT("'"&CAP[[#This Row],[Category]]&"'!G9:G500"),MATCH(CAP[[#This Row],[Finding number (question number from audit report)]],INDIRECT("'"&CAP[[#This Row],[Category]]&"'!A9:A500"),0))) -> - | K32: Governance & Management Systems | L32: Additional Finding | M32: =IF(OR(CAP[[#This Row],[Finding Type]]="Critical finding",CAP[[#This Row],[Finding Type]]="Other finding",CAP[[#This Row],[Finding Type]]="Minor finding",CAP[[#This Row],[Finding Type]]="Non-finding remark",CAP[[#This Row],[Finding Type]]="Major finding"),"Show all findings",IF(CAP[[#This Row],[Finding Type]]="Incomplete","Show incomplete","Show questions with no findings")) -> Show incomplete
A33: G&MS-2 | B33: =IF(CAP[[#This Row],[Category]]="Company Specific Questions",CAP[[#This Row],[Category]],CAP[[#This Row],[Category]]&": "&CAP[[#This Row],[Sub-category]]) -> Governance & Management Systems: Additional Finding | C33: =IF(INDEX(INDIRECT("'"&CAP[[#This Row],[Category]]&"'!F9:F500"),MATCH(CAP[[#This Row],[Finding number (question number from audit report)]],INDIRECT("'"&CAP[[#This Row],[Category]]&"'!A9:A500"),0))=0,"Incomplete",INDEX(INDIRECT("'"&CAP[[#This Row],[Category]]&"'!F9:F500"),MATCH(CAP[[#This Row],[Finding number (question number from audit report)]],INDIRECT("'"&CAP[[#This Row],[Category]]&"'!A9:A500"),0))) -> Incomplete | D33: =IF(INDEX(INDIRECT("'"&CAP[[#This Row],[Category]]&"'!G9:G500"),MATCH(CAP[[#This Row],[Finding number (question number from audit report)]],INDIRECT("'"&CAP[[#This Row],[Category]]&"'!A9:A500"),0))=0,"-",INDEX(INDIRECT("'"&CAP[[#This Row],[Category]]&"'!G9:G500"),MATCH(CAP[[#This Row],[Finding number (question number from audit report)]],INDIRECT("'"&CAP[[#This Row],[Category]]&"'!A9:A500"),0))) -> - | K33: Governance & Management Systems | L33: Additional Finding | M33: =IF(OR(CAP[[#This Row],[Finding Type]]="Critical finding",CAP[[#This Row],[Finding Type]]="Other finding",CAP[[#This Row],[Finding Type]]="Minor finding",CAP[[#This Row],[Finding Type]]="Non-finding remark",CAP[[#This Row],[Finding Type]]="Major finding"),"Show all findings",IF(CAP[[#This Row],[Finding Type]]="Incomplete","Show incomplete","Show questions with no findings")) -> Show incomplete
A34: G&MS-3 | B34: =IF(CAP[[#This Row],[Category]]="Company Specific Questions",CAP[[#This Row],[Category]],CAP[[#This Row],[Category]]&": "&CAP[[#This Row],[Sub-category]]) -> Governance & Management Systems: Additional Finding | C34: =IF(INDEX(INDIRECT("'"&CAP[[#This Row],[Category]]&"'!F9:F500"),MATCH(CAP[[#This Row],[Finding number (question number from audit report)]],INDIRECT("'"&CAP[[#This Row],[Category]]&"'!A9:A500"),0))=0,"Incomplete",INDEX(INDIRECT("'"&CAP[[#This Row],[Category]]&"'!F9:F500"),MATCH(CAP[[#This Row],[Finding number (question number from audit report)]],INDIRECT("'"&CAP[[#This Row],[Category]]&"'!A9:A500"),0))) -> Incomplete | D34: =IF(INDEX(INDIRECT("'"&CAP[[#This Row],[Category]]&"'!G9:G500"),MATCH(CAP[[#This Row],[Finding number (question number from audit report)]],INDIRECT("'"&CAP[[#This Row],[Category]]&"'!A9:A500"),0))=0,"-",INDEX(INDIRECT("'"&CAP[[#This Row],[Category]]&"'!G9:G500"),MATCH(CAP[[#This Row],[Finding number (question number from audit report)]],INDIRECT("'"&CAP[[#This Row],[Category]]&"'!A9:A500"),0))) -> - | K34: Governance & Management Systems | L34: Additional Finding | M34: =IF(OR(CAP[[#This Row],[Finding Type]]="Critical finding",CAP[[#This Row],[Finding Type]]="Other finding",CAP[[#This Row],[Finding Type]]="Minor finding",CAP[[#This Row],[Finding Type]]="Non-finding remark",CAP[[#This Row],[Finding Type]]="Major finding"),"Show all findings",IF(CAP[[#This Row],[Finding Type]]="Incomplete","Show incomplete","Show questions with no findings")) -> Show incomplete
A35: G&MS-4 | B35: =IF(CAP[[#This Row],[Category]]="Company Specific Questions",CAP[[#This Row],[Category]],CAP[[#This Row],[Category]]&": "&CAP[[#This Row],[Sub-category]]) -> Governance & Management Systems: Additional Finding | C35: =IF(INDEX(INDIRECT("'"&CAP[[#This Row],[Category]]&"'!F9:F500"),MATCH(CAP[[#This Row],[Finding number (question number from audit report)]],INDIRECT("'"&CAP[[#This Row],[Category]]&"'!A9:A500"),0))=0,"Incomplete",INDEX(INDIRECT("'"&CAP[[#This Row],[Category]]&"'!F9:F500"),MATCH(CAP[[#This Row],[Finding number (question number from audit report)]],INDIRECT("'"&CAP[[#This Row],[Category]]&"'!A9:A500"),0))) -> Incomplete | D35: =IF(INDEX(INDIRECT("'"&CAP[[#This Row],[Category]]&"'!G9:G500"),MATCH(CAP[[#This Row],[Finding number (question number from audit report)]],INDIRECT("'"&CAP[[#This Row],[Category]]&"'!A9:A500"),0))=0,"-",INDEX(INDIRECT("'"&CAP[[#This Row],[Category]]&"'!G9:G500"),MATCH(CAP[[#This Row],[Finding number (question number from audit report)]],INDIRECT("'"&CAP[[#This Row],[Category]]&"'!A9:A500"),0))) -> - | K35: Governance & Management Systems | L35: Additional Finding | M35: =IF(OR(CAP[[#This Row],[Finding Type]]="Critical finding",CAP[[#This Row],[Finding Type]]="Other finding",CAP[[#This Row],[Finding Type]]="Minor finding",CAP[[#This Row],[Finding Type]]="Non-finding remark",CAP[[#This Row],[Finding Type]]="Major finding"),"Show all findings",IF(CAP[[#This Row],[Finding Type]]="Incomplete","Show incomplete","Show questions with no findings")) -> Show incomplete
A36: G&MS-5 | B36: =IF(CAP[[#This Row],[Category]]="Company Specific Questions",CAP[[#This Row],[Category]],CAP[[#This Row],[Category]]&": "&CAP[[#This Row],[Sub-category]]) -> Governance & Management Systems: Additional Finding | C36: =IF(INDEX(INDIRECT("'"&CAP[[#This Row],[Category]]&"'!F9:F500"),MATCH(CAP[[#This Row],[Finding number (question number from audit report)]],INDIRECT("'"&CAP[[#This Row],[Category]]&"'!A9:A500"),0))=0,"Incomplete",INDEX(INDIRECT("'"&CAP[[#This Row],[Category]]&"'!F9:F500"),MATCH(CAP[[#This Row],[Finding number (question number from audit report)]],INDIRECT("'"&CAP[[#This Row],[Category]]&"'!A9:A500"),0))) -> Incomplete | D36: =IF(INDEX(INDIRECT("'"&CAP[[#This Row],[Category]]&"'!G9:G500"),MATCH(CAP[[#This Row],[Finding number (question number from audit report)]],INDIRECT("'"&CAP[[#This Row],[Category]]&"'!A9:A500"),0))=0,"-",INDEX(INDIRECT("'"&CAP[[#This Row],[Category]]&"'!G9:G500"),MATCH(CAP[[#This Row],[Finding number (question number from audit report)]],INDIRECT("'"&CAP[[#This Row],[Category]]&"'!A9:A500"),0))) -> - | K36: Governance & Management Systems | L36: Additional Finding | M36: =IF(OR(CAP[[#This Row],[Finding Type]]="Critical finding",CAP[[#This Row],[Finding Type]]="Other finding",CAP[[#This Row],[Finding Type]]="Minor finding",CAP[[#This Row],[Finding Type]]="Non-finding remark",CAP[[#This Row],[Finding Type]]="Major finding"),"Show all findings",IF(CAP[[#This Row],[Finding Type]]="Incomplete","Show incomplete","Show questions with no findings")) -> Show incomplete
A37: 14 | B37: =IF(CAP[[#This Row],[Category]]="Company Specific Questions",CAP[[#This Row],[Category]],CAP[[#This Row],[Category]]&": "&CAP[[#This Row],[Sub-category]]) -> Ethics: Business Integrity and Fair Competition | C37: =IF(INDEX(INDIRECT("'"&CAP[[#This Row],[Category]]&"'!F9:F500"),MATCH(CAP[[#This Row],[Finding number (question number from audit report)]],INDIRECT("'"&CAP[[#This Row],[Category]]&"'!A9:A500"),0))=0,"Incomplete",INDEX(INDIRECT("'"&CAP[[#This Row],[Category]]&"'!F9:F500"),MATCH(CAP[[#This Row],[Finding number (question number from audit report)]],INDIRECT("'"&CAP[[#This Row],[Category]]&"'!A9:A500"),0))) -> Incomplete | D37: =IF(INDEX(INDIRECT("'"&CAP[[#This Row],[Category]]&"'!G9:G500"),MATCH(CAP[[#This Row],[Finding number (question number from audit report)]],INDIRECT("'"&CAP[[#This Row],[Category]]&"'!A9:A500"),0))=0,"-",INDEX(INDIRECT("'"&CAP[[#This Row],[Category]]&"'!G9:G500"),MATCH(CAP[[#This Row],[Finding number (question number from audit report)]],INDIRECT("'"&CAP[[#This Row],[Category]]&"'!A9:A500"),0))) -> - | K37: Ethics | L37: Business Integrity and Fair Competition | M37: =IF(OR(CAP[[#This Row],[Finding Type]]="Critical finding",CAP[[#This Row],[Finding Type]]="Other finding",CAP[[#This Row],[Finding Type]]="Minor finding",CAP[[#This Row],[Finding Type]]="Non-finding remark",CAP[[#This Row],[Finding Type]]="Major finding"),"Show all findings",IF(CAP[[#This Row],[Finding Type]]="Incomplete","Show incomplete","Show questions with no findings")) -> Show incomplete
A38: 15 | B38: =IF(CAP[[#This Row],[Category]]="Company Specific Questions",CAP[[#This Row],[Category]],CAP[[#This Row],[Category]]&": "&CAP[[#This Row],[Sub-category]]) -> Ethics: Privacy | C38: =IF(INDEX(INDIRECT("'"&CAP[[#This Row],[Category]]&"'!F9:F500"),MATCH(CAP[[#This Row],[Finding number (question number from audit report)]],INDIRECT("'"&CAP[[#This Row],[Category]]&"'!A9:A500"),0))=0,"Incomplete",INDEX(INDIRECT("'"&CAP[[#This Row],[Category]]&"'!F9:F500"),MATCH(CAP[[#This Row],[Finding number (question number from audit report)]],INDIRECT("'"&CAP[[#This Row],[Category]]&"'!A9:A500"),0))) -> Incomplete | D38: =IF(INDEX(INDIRECT("'"&CAP[[#This Row],[Category]]&"'!G9:G500"),MATCH(CAP[[#This Row],[Finding number (question number from audit report)]],INDIRECT("'"&CAP[[#This Row],[Category]]&"'!A9:A500"),0))=0,"-",INDEX(INDIRECT("'"&CAP[[#This Row],[Category]]&"'!G9:G500"),MATCH(CAP[[#This Row],[Finding number (question number from audit report)]],INDIRECT("'"&CAP[[#This Row],[Category]]&"'!A9:A500"),0))) -> - | K38: Ethics | L38: Privacy | M38: =IF(OR(CAP[[#This Row],[Finding Type]]="Critical finding",CAP[[#This Row],[Finding Type]]="Other finding",CAP[[#This Row],[Finding Type]]="Minor finding",CAP[[#This Row],[Finding Type]]="Non-finding remark",CAP[[#This Row],[Finding Type]]="Major finding"),"Show all findings",IF(CAP[[#This Row],[Finding Type]]="Incomplete","Show incomplete","Show questions with no findings")) -> Show incomplete
A39: E-1 | B39: =IF(CAP[[#This Row],[Category]]="Company Specific Questions",CAP[[#This Row],[Category]],CAP[[#This Row],[Category]]&": "&CAP[[#This Row],[Sub-category]]) -> Ethics: Additional Finding | C39: =IF(INDEX(INDIRECT("'"&CAP[[#This Row],[Category]]&"'!F9:F500"),MATCH(CAP[[#This Row],[Finding number (question number from audit report)]],INDIRECT("'"&CAP[[#This Row],[Category]]&"'!A9:A500"),0))=0,"Incomplete",INDEX(INDIRECT("'"&CAP[[#This Row],[Category]]&"'!F9:F500"),MATCH(CAP[[#This Row],[Finding number (question number from audit report)]],INDIRECT("'"&CAP[[#This Row],[Category]]&"'!A9:A500"),0))) -> Incomplete | D39: =IF(INDEX(INDIRECT("'"&CAP[[#This Row],[Category]]&"'!G9:G500"),MATCH(CAP[[#This Row],[Finding number (question number from audit report)]],INDIRECT("'"&CAP[[#This Row],[Category]]&"'!A9:A500"),0))=0,"-",INDEX(INDIRECT("'"&CAP[[#This Row],[Category]]&"'!G9:G500"),MATCH(CAP[[#This Row],[Finding number (question number from audit report)]],INDIRECT("'"&CAP[[#This Row],[Category]]&"'!A9:A500"),0))) -> - | K39: Ethics | L39: Additional Finding | M39: =IF(OR(CAP[[#This Row],[Finding Type]]="Critical finding",CAP[[#This Row],[Finding Type]]="Other finding",CAP[[#This Row],[Finding Type]]="Minor finding",CAP[[#This Row],[Finding Type]]="Non-finding remark",CAP[[#This Row],[Finding Type]]="Major finding"),"Show all findings",IF(CAP[[#This Row],[Finding Type]]="Incomplete","Show incomplete","Show questions with no findings")) -> Show incomplete
A40: E-2 | B40: =IF(CAP[[#This Row],[Category]]="Company Specific Questions",CAP[[#This Row],[Category]],CAP[[#This Row],[Category]]&": "&CAP[[#This Row],[Sub-category]]) -> Ethics: Additional Finding | C40: =IF(INDEX(INDIRECT("'"&CAP[[#This Row],[Category]]&"'!F9:F500"),MATCH(CAP[[#This Row],[Finding number (question number from audit report)]],INDIRECT("'"&CAP[[#This Row],[Category]]&"'!A9:A500"),0))=0,"Incomplete",INDEX(INDIRECT("'"&CAP[[#This Row],[Category]]&"'!F9:F500"),MATCH(CAP[[#This Row],[Finding number (question number from audit report)]],INDIRECT("'"&CAP[[#This Row],[Category]]&"'!A9:A500"),0))) -> Incomplete | D40: =IF(INDEX(INDIRECT("'"&CAP[[#This Row],[Category]]&"'!G9:G500"),MATCH(CAP[[#This Row],[Finding number (question number from audit report)]],INDIRECT("'"&CAP[[#This Row],[Category]]&"'!A9:A500"),0))=0,"-",INDEX(INDIRECT("'"&CAP[[#This Row],[Category]]&"'!G9:G500"),MATCH(CAP[[#This Row],[Finding number (question number from audit report)]],INDIRECT("'"&CAP[[#This Row],[Category]]&"'!A9:A500"),0))) -> - | K40: Ethics | L40: Additional Finding | M40: =IF(OR(CAP[[#This Row],[Finding Type]]="Critical finding",CAP[[#This Row],[Finding Type]]="Other finding",CAP[[#This Row],[Finding Type]]="Minor finding",CAP[[#This Row],[Finding Type]]="Non-finding remark",CAP[[#This Row],[Finding Type]]="Major finding"),"Show all findings",IF(CAP[[#This Row],[Finding Type]]="Incomplete","Show incomplete","Show questions with no findings")) -> Show incomplete
A41: E-3 | B41: =IF(CAP[[#This Row],[Category]]="Company Specific Questions",CAP[[#This Row],[Category]],CAP[[#This Row],[Category]]&": "&CAP[[#This Row],[Sub-category]]) -> Ethics: Additional Finding | C41: =IF(INDEX(INDIRECT("'"&CAP[[#This Row],[Category]]&"'!F9:F500"),MATCH(CAP[[#This Row],[Finding number (question number from audit report)]],INDIRECT("'"&CAP[[#This Row],[Category]]&"'!A9:A500"),0))=0,"Incomplete",INDEX(INDIRECT("'"&CAP[[#This Row],[Category]]&"'!F9:F500"),MATCH(CAP[[#This Row],[Finding number (question number from audit report)]],INDIRECT("'"&CAP[[#This Row],[Category]]&"'!A9:A500"),0))) -> Incomplete | D41: =IF(INDEX(INDIRECT("'"&CAP[[#This Row],[Category]]&"'!G9:G500"),MATCH(CAP[[#This Row],[Finding number (question number from audit report)]],INDIRECT("'"&CAP[[#This Row],[Category]]&"'!A9:A500"),0))=0,"-",INDEX(INDIRECT("'"&CAP[[#This Row],[Category]]&"'!G9:G500"),MATCH(CAP[[#This Row],[Finding number (question number from audit report)]],INDIRECT("'"&CAP[[#This Row],[Category]]&"'!A9:A500"),0))) -> - | K41: Ethics | L41: Additional Finding | M41: =IF(OR(CAP[[#This Row],[Finding Type]]="Critical finding",CAP[[#This Row],[Finding Type]]="Other finding",CAP[[#This Row],[Finding Type]]="Minor finding",CAP[[#This Row],[Finding Type]]="Non-finding remark",CAP[[#This Row],[Finding Type]]="Major finding"),"Show all findings",IF(CAP[[#This Row],[Finding Type]]="Incomplete","Show incomplete","Show questions with no findings")) -> Show incomplete
A42: E-4 | B42: =IF(CAP[[#This Row],[Category]]="Company Specific Questions",CAP[[#This Row],[Category]],CAP[[#This Row],[Category]]&": "&CAP[[#This Row],[Sub-category]]) -> Ethics: Additional Finding | C42: =IF(INDEX(INDIRECT("'"&CAP[[#This Row],[Category]]&"'!F9:F500"),MATCH(CAP[[#This Row],[Finding number (question number from audit report)]],INDIRECT("'"&CAP[[#This Row],[Category]]&"'!A9:A500"),0))=0,"Incomplete",INDEX(INDIRECT("'"&CAP[[#This Row],[Category]]&"'!F9:F500"),MATCH(CAP[[#This Row],[Finding number (question number from audit report)]],INDIRECT("'"&CAP[[#This Row],[Category]]&"'!A9:A500"),0))) -> Incomplete | D42: =IF(INDEX(INDIRECT("'"&CAP[[#This Row],[Category]]&"'!G9:G500"),MATCH(CAP[[#This Row],[Finding number (question number from audit report)]],INDIRECT("'"&CAP[[#This Row],[Category]]&"'!A9:A500"),0))=0,"-",INDEX(INDIRECT("'"&CAP[[#This Row],[Category]]&"'!G9:G500"),MATCH(CAP[[#This Row],[Finding number (question number from audit report)]],INDIRECT("'"&CAP[[#This Row],[Category]]&"'!A9:A500"),0))) -> - | K42: Ethics | L42: Additional Finding | M42: =IF(OR(CAP[[#This Row],[Finding Type]]="Critical finding",CAP[[#This Row],[Finding Type]]="Other finding",CAP[[#This Row],[Finding Type]]="Minor finding",CAP[[#This Row],[Finding Type]]="Non-finding remark",CAP[[#This Row],[Finding Type]]="Major finding"),"Show all findings",IF(CAP[[#This Row],[Finding Type]]="Incomplete","Show incomplete","Show questions with no findings")) -> Show incomplete
A43: E-5 | B43: =IF(CAP[[#This Row],[Category]]="Company Specific Questions",CAP[[#This Row],[Category]],CAP[[#This Row],[Category]]&": "&CAP[[#This Row],[Sub-category]]) -> Ethics: Additional Finding | C43: =IF(INDEX(INDIRECT("'"&CAP[[#This Row],[Category]]&"'!F9:F500"),MATCH(CAP[[#This Row],[Finding number (question number from audit report)]],INDIRECT("'"&CAP[[#This Row],[Category]]&"'!A9:A500"),0))=0,"Incomplete",INDEX(INDIRECT("'"&CAP[[#This Row],[Category]]&"'!F9:F500"),MATCH(CAP[[#This Row],[Finding number (question number from audit report)]],INDIRECT("'"&CAP[[#This Row],[Category]]&"'!A9:A500"),0))) -> Incomplete | D43: =IF(INDEX(INDIRECT("'"&CAP[[#This Row],[Category]]&"'!G9:G500"),MATCH(CAP[[#This Row],[Finding number (question number from audit report)]],INDIRECT("'"&CAP[[#This Row],[Category]]&"'!A9:A500"),0))=0,"-",INDEX(INDIRECT("'"&CAP[[#This Row],[Category]]&"'!G9:G500"),MATCH(CAP[[#This Row],[Finding number (question number from audit report)]],INDIRECT("'"&CAP[[#This Row],[Category]]&"'!A9:A500"),0))) -> - | K43: Ethics | L43: Additional Finding | M43: =IF(OR(CAP[[#This Row],[Finding Type]]="Critical finding",CAP[[#This Row],[Finding Type]]="Other finding",CAP[[#This Row],[Finding Type]]="Minor finding",CAP[[#This Row],[Finding Type]]="Non-finding remark",CAP[[#This Row],[Finding Type]]="Major finding"),"Show all findings",IF(CAP[[#This Row],[Finding Type]]="Incomplete","Show incomplete","Show questions with no findings")) -> Show incomplete
A44: 16 | B44: =IF(CAP[[#This Row],[Category]]="Company Specific Questions",CAP[[#This Row],[Category]],CAP[[#This Row],[Category]]&": "&CAP[[#This Row],[Sub-category]]) -> Human Rights: General | C44: =IF(INDEX(INDIRECT("'"&CAP[[#This Row],[Category]]&"'!F9:F500"),MATCH(CAP[[#This Row],[Finding number (question number from audit report)]],INDIRECT("'"&CAP[[#This Row],[Category]]&"'!A9:A500"),0))=0,"Incomplete",INDEX(INDIRECT("'"&CAP[[#This Row],[Category]]&"'!F9:F500"),MATCH(CAP[[#This Row],[Finding number (question number from audit report)]],INDIRECT("'"&CAP[[#This Row],[Category]]&"'!A9:A500"),0))) -> Incomplete | D44: =IF(INDEX(INDIRECT("'"&CAP[[#This Row],[Category]]&"'!G9:G500"),MATCH(CAP[[#This Row],[Finding number (question number from audit report)]],INDIRECT("'"&CAP[[#This Row],[Category]]&"'!A9:A500"),0))=0,"-",INDEX(INDIRECT("'"&CAP[[#This Row],[Category]]&"'!G9:G500"),MATCH(CAP[[#This Row],[Finding number (question number from audit report)]],INDIRECT("'"&CAP[[#This Row],[Category]]&"'!A9:A500"),0))) -> - | K44: Human Rights | L44: General | M44: =IF(OR(CAP[[#This Row],[Finding Type]]="Critical finding",CAP[[#This Row],[Finding Type]]="Other finding",CAP[[#This Row],[Finding Type]]="Minor finding",CAP[[#This Row],[Finding Type]]="Non-finding remark",CAP[[#This Row],[Finding Type]]="Major finding"),"Show all findings",IF(CAP[[#This Row],[Finding Type]]="Incomplete","Show incomplete","Show questions with no findings")) -> Show incomplete
A45: 17 | B45: =IF(CAP[[#This Row],[Category]]="Company Specific Questions",CAP[[#This Row],[Category]],CAP[[#This Row],[Category]]&": "&CAP[[#This Row],[Sub-category]]) -> Human Rights: General | C45: =IF(INDEX(INDIRECT("'"&CAP[[#This Row],[Category]]&"'!F9:F500"),MATCH(CAP[[#This Row],[Finding number (question number from audit report)]],INDIRECT("'"&CAP[[#This Row],[Category]]&"'!A9:A500"),0))=0,"Incomplete",INDEX(INDIRECT("'"&CAP[[#This Row],[Category]]&"'!F9:F500"),MATCH(CAP[[#This Row],[Finding number (question number from audit report)]],INDIRECT("'"&CAP[[#This Row],[Category]]&"'!A9:A500"),0))) -> Incomplete | D45: =IF(INDEX(INDIRECT("'"&CAP[[#This Row],[Category]]&"'!G9:G500"),MATCH(CAP[[#This Row],[Finding number (question number from audit report)]],INDIRECT("'"&CAP[[#This Row],[Category]]&"'!A9:A500"),0))=0,"-",INDEX(INDIRECT("'"&CAP[[#This Row],[Category]]&"'!G9:G500"),MATCH(CAP[[#This Row],[Finding number (question number from audit report)]],INDIRECT("'"&CAP[[#This Row],[Category]]&"'!A9:A500"),0))) -> - | K45: Human Rights | L45: General | M45: =IF(OR(CAP[[#This Row],[Finding Type]]="Critical finding",CAP[[#This Row],[Finding Type]]="Other finding",CAP[[#This Row],[Finding Type]]="Minor finding",CAP[[#This Row],[Finding Type]]="Non-finding remark",CAP[[#This Row],[Finding Type]]="Major finding"),"Show all findings",IF(CAP[[#This Row],[Finding Type]]="Incomplete","Show incomplete","Show questions with no findings")) -> Show incomplete
A46: 18 | B46: =IF(CAP[[#This Row],[Category]]="Company Specific Questions",CAP[[#This Row],[Category]],CAP[[#This Row],[Category]]&": "&CAP[[#This Row],[Sub-category]]) -> Human Rights: Freely chosen Labour | C46: =IF(INDEX(INDIRECT("'"&CAP[[#This Row],[Category]]&"'!F9:F500"),MATCH(CAP[[#This Row],[Finding number (question number from audit report)]],INDIRECT("'"&CAP[[#This Row],[Category]]&"'!A9:A500"),0))=0,"Incomplete",INDEX(INDIRECT("'"&CAP[[#This Row],[Category]]&"'!F9:F500"),MATCH(CAP[[#This Row],[Finding number (question number from audit report)]],INDIRECT("'"&CAP[[#This Row],[Category]]&"'!A9:A500"),0))) -> Incomplete | D46: =IF(INDEX(INDIRECT("'"&CAP[[#This Row],[Category]]&"'!G9:G500"),MATCH(CAP[[#This Row],[Finding number (question number from audit report)]],INDIRECT("'"&CAP[[#This Row],[Category]]&"'!A9:A500"),0))=0,"-",INDEX(INDIRECT("'"&CAP[[#This Row],[Category]]&"'!G9:G500"),MATCH(CAP[[#This Row],[Finding number (question number from audit report)]],INDIRECT("'"&CAP[[#This Row],[Category]]&"'!A9:A500"),0))) -> - | K46: Human Rights | L46: Freely chosen Labour | M46: =IF(OR(CAP[[#This Row],[Finding Type]]="Critical finding",CAP[[#This Row],[Finding Type]]="Other finding",CAP[[#This Row],[Finding Type]]="Minor finding",CAP[[#This Row],[Finding Type]]="Non-finding remark",CAP[[#This Row],[Finding Type]]="Major finding"),"Show all findings",IF(CAP[[#This Row],[Finding Type]]="Incomplete","Show incomplete","Show questions with no findings")) -> Show incomplete
A47: 19 | B47: =IF(CAP[[#This Row],[Category]]="Company Specific Questions",CAP[[#This Row],[Category]],CAP[[#This Row],[Category]]&": "&CAP[[#This Row],[Sub-category]]) -> Human Rights: Contract and Migrant Workers | C47: =IF(INDEX(INDIRECT("'"&CAP[[#This Row],[Category]]&"'!F9:F500"),MATCH(CAP[[#This Row],[Finding number (question number from audit report)]],INDIRECT("'"&CAP[[#This Row],[Category]]&"'!A9:A500"),0))=0,"Incomplete",INDEX(INDIRECT("'"&CAP[[#This Row],[Category]]&"'!F9:F500"),MATCH(CAP[[#This Row],[Finding number (question number from audit report)]],INDIRECT("'"&CAP[[#This Row],[Category]]&"'!A9:A500"),0))) -> Incomplete | D47: =IF(INDEX(INDIRECT("'"&CAP[[#This Row],[Category]]&"'!G9:G500"),MATCH(CAP[[#This Row],[Finding number (question number from audit report)]],INDIRECT("'"&CAP[[#This Row],[Category]]&"'!A9:A500"),0))=0,"-",INDEX(INDIRECT("'"&CAP[[#This Row],[Category]]&"'!G9:G500"),MATCH(CAP[[#This Row],[Finding number (question number from audit report)]],INDIRECT("'"&CAP[[#This Row],[Category]]&"'!A9:A500"),0))) -> - | K47: Human Rights | L47: Contract and Migrant Workers | M47: =IF(OR(CAP[[#This Row],[Finding Type]]="Critical finding",CAP[[#This Row],[Finding Type]]="Other finding",CAP[[#This Row],[Finding Type]]="Minor finding",CAP[[#This Row],[Finding Type]]="Non-finding remark",CAP[[#This Row],[Finding Type]]="Major finding"),"Show all findings",IF(CAP[[#This Row],[Finding Type]]="Incomplete","Show incomplete","Show questions with no findings")) -> Show incomplete
A48: 20 | B48: =IF(CAP[[#This Row],[Category]]="Company Specific Questions",CAP[[#This Row],[Category]],CAP[[#This Row],[Category]]&": "&CAP[[#This Row],[Sub-category]]) -> Human Rights: Contract and Migrant Workers | C48: =IF(INDEX(INDIRECT("'"&CAP[[#This Row],[Category]]&"'!F9:F500"),MATCH(CAP[[#This Row],[Finding number (question number from audit report)]],INDIRECT("'"&CAP[[#This Row],[Category]]&"'!A9:A500"),0))=0,"Incomplete",INDEX(INDIRECT("'"&CAP[[#This Row],[Category]]&"'!F9:F500"),MATCH(CAP[[#This Row],[Finding number (question number from audit report)]],INDIRECT("'"&CAP[[#This Row],[Category]]&"'!A9:A500"),0))) -> Incomplete | D48: =IF(INDEX(INDIRECT("'"&CAP[[#This Row],[Category]]&"'!G9:G500"),MATCH(CAP[[#This Row],[Finding number (question number from audit report)]],INDIRECT("'"&CAP[[#This Row],[Category]]&"'!A9:A500"),0))=0,"-",INDEX(INDIRECT("'"&CAP[[#This Row],[Category]]&"'!G9:G500"),MATCH(CAP[[#This Row],[Finding number (question number from audit report)]],INDIRECT("'"&CAP[[#This Row],[Category]]&"'!A9:A500"),0))) -> - | K48: Human Rights | L48: Contract and Migrant Workers | M48: =IF(OR(CAP[[#This Row],[Finding Type]]="Critical finding",CAP[[#This Row],[Finding Type]]="Other finding",CAP[[#This Row],[Finding Type]]="Minor finding",CAP[[#This Row],[Finding Type]]="Non-finding remark",CAP[[#This Row],[Finding Type]]="Major finding"),"Show all findings",IF(CAP[[#This Row],[Finding Type]]="Incomplete","Show incomplete","Show questions with no findings")) -> Show incomplete
A49: 21 | B49: =IF(CAP[[#This Row],[Category]]="Company Specific Questions",CAP[[#This Row],[Category]],CAP[[#This Row],[Category]]&": "&CAP[[#This Row],[Sub-category]]) -> Human Rights: Contract and Migrant Workers | C49: =IF(INDEX(INDIRECT("'"&CAP[[#This Row],[Category]]&"'!F9:F500"),MATCH(CAP[[#This Row],[Finding number (question number from audit report)]],INDIRECT("'"&CAP[[#This Row],[Category]]&"'!A9:A500"),0))=0,"Incomplete",INDEX(INDIRECT("'"&CAP[[#This Row],[Category]]&"'!F9:F500"),MATCH(CAP[[#This Row],[Finding number (question number from audit report)]],INDIRECT("'"&CAP[[#This Row],[Category]]&"'!A9:A500"),0))) -> Incomplete | D49: =IF(INDEX(INDIRECT("'"&CAP[[#This Row],[Category]]&"'!G9:G500"),MATCH(CAP[[#This Row],[Finding number (question number from audit report)]],INDIRECT("'"&CAP[[#This Row],[Category]]&"'!A9:A500"),0))=0,"-",INDEX(INDIRECT("'"&CAP[[#This Row],[Category]]&"'!G9:G500"),MATCH(CAP[[#This Row],[Finding number (question number from audit report)]],INDIRECT("'"&CAP[[#This Row],[Category]]&"'!A9:A500"),0))) -> - | K49: Human Rights | L49: Contract and Migrant Workers | M49: =IF(OR(CAP[[#This Row],[Finding Type]]="Critical finding",CAP[[#This Row],[Finding Type]]="Other finding",CAP[[#This Row],[Finding Type]]="Minor finding",CAP[[#This Row],[Finding Type]]="Non-finding remark",CAP[[#This Row],[Finding Type]]="Major finding"),"Show all findings",IF(CAP[[#This Row],[Finding Type]]="Incomplete","Show incomplete","Show questions with no findings")) -> Show incomplete
A50: 22 | B50: =IF(CAP[[#This Row],[Category]]="Company Specific Questions",CAP[[#This Row],[Category]],CAP[[#This Row],[Category]]&": "&CAP[[#This Row],[Sub-category]]) -> Human Rights: Child Labor and Young Workers | C50: =IF(INDEX(INDIRECT("'"&CAP[[#This Row],[Category]]&"'!F9:F500"),MATCH(CAP[[#This Row],[Finding number (question number from audit report)]],INDIRECT("'"&CAP[[#This Row],[Category]]&"'!A9:A500"),0))=0,"Incomplete",INDEX(INDIRECT("'"&CAP[[#This Row],[Category]]&"'!F9:F500"),MATCH(CAP[[#This Row],[Finding number (question number from audit report)]],INDIRECT("'"&CAP[[#This Row],[Category]]&"'!A9:A500"),0))) -> Incomplete | D50: =IF(INDEX(INDIRECT("'"&CAP[[#This Row],[Category]]&"'!G9:G500"),MATCH(CAP[[#This Row],[Finding number (question number from audit report)]],INDIRECT("'"&CAP[[#This Row],[Category]]&"'!A9:A500"),0))=0,"-",INDEX(INDIRECT("'"&CAP[[#This Row],[Category]]&"'!G9:G500"),MATCH(CAP[[#This Row],[Finding number (question number from audit report)]],INDIRECT("'"&CAP[[#This Row],[Category]]&"'!A9:A500"),0))) -> - | K50: Human Rights | L50: Child Labor and Young Workers | M50: =IF(OR(CAP[[#This Row],[Finding Type]]="Critical finding",CAP[[#This Row],[Finding Type]]="Other finding",CAP[[#This Row],[Finding Type]]="Minor finding",CAP[[#This Row],[Finding Type]]="Non-finding remark",CAP[[#This Row],[Finding Type]]="Major finding"),"Show all findings",IF(CAP[[#This Row],[Finding Type]]="Incomplete","Show incomplete","Show questions with no findings")) -> Show incomplete
A51: 23 | B51: =IF(CAP[[#This Row],[Category]]="Company Specific Questions",CAP[[#This Row],[Category]],CAP[[#This Row],[Category]]&": "&CAP[[#This Row],[Sub-category]]) -> Human Rights: Child Labor and Young Workers | C51: =IF(INDEX(INDIRECT("'"&CAP[[#This Row],[Category]]&"'!F9:F500"),MATCH(CAP[[#This Row],[Finding number (question number from audit report)]],INDIRECT("'"&CAP[[#This Row],[Category]]&"'!A9:A500"),0))=0,"Incomplete",INDEX(INDIRECT("'"&CAP[[#This Row],[Category]]&"'!F9:F500"),MATCH(CAP[[#This Row],[Finding number (question number from audit report)]],INDIRECT("'"&CAP[[#This Row],[Category]]&"'!A9:A500"),0))) -> Incomplete | D51: =IF(INDEX(INDIRECT("'"&CAP[[#This Row],[Category]]&"'!G9:G500"),MATCH(CAP[[#This Row],[Finding number (question number from audit report)]],INDIRECT("'"&CAP[[#This Row],[Category]]&"'!A9:A500"),0))=0,"-",INDEX(INDIRECT("'"&CAP[[#This Row],[Category]]&"'!G9:G500"),MATCH(CAP[[#This Row],[Finding number (question number from audit report)]],INDIRECT("'"&CAP[[#This Row],[Category]]&"'!A9:A500"),0))) -> - | K51: Human Rights | L51: Child Labor and Young Workers | M51: =IF(OR(CAP[[#This Row],[Finding Type]]="Critical finding",CAP[[#This Row],[Finding Type]]="Other finding",CAP[[#This Row],[Finding Type]]="Minor finding",CAP[[#This Row],[Finding Type]]="Non-finding remark",CAP[[#This Row],[Finding Type]]="Major finding"),"Show all findings",IF(CAP[[#This Row],[Finding Type]]="Incomplete","Show incomplete","Show questions with no findings")) -> Show incomplete
A52: 24 | B52: =IF(CAP[[#This Row],[Category]]="Company Specific Questions",CAP[[#This Row],[Category]],CAP[[#This Row],[Category]]&": "&CAP[[#This Row],[Sub-category]]) -> Human Rights: Non-Discrimination and Fair Treatment | C52: =IF(INDEX(INDIRECT("'"&CAP[[#This Row],[Category]]&"'!F9:F500"),MATCH(CAP[[#This Row],[Finding number (question number from audit report)]],INDIRECT("'"&CAP[[#This Row],[Category]]&"'!A9:A500"),0))=0,"Incomplete",INDEX(INDIRECT("'"&CAP[[#This Row],[Category]]&"'!F9:F500"),MATCH(CAP[[#This Row],[Finding number (question number from audit report)]],INDIRECT("'"&CAP[[#This Row],[Category]]&"'!A9:A500"),0))) -> Incomplete | D52: =IF(INDEX(INDIRECT("'"&CAP[[#This Row],[Category]]&"'!G9:G500"),MATCH(CAP[[#This Row],[Finding number (question number from audit report)]],INDIRECT("'"&CAP[[#This Row],[Category]]&"'!A9:A500"),0))=0,"-",INDEX(INDIRECT("'"&CAP[[#This Row],[Category]]&"'!G9:G500"),MATCH(CAP[[#This Row],[Finding number (question number from audit report)]],INDIRECT("'"&CAP[[#This Row],[Category]]&"'!A9:A500"),0))) -> - | K52: Human Rights | L52: Non-Discrimination and Fair Treatment | M52: =IF(OR(CAP[[#This Row],[Finding Type]]="Critical finding",CAP[[#This Row],[Finding Type]]="Other finding",CAP[[#This Row],[Finding Type]]="Minor finding",CAP[[#This Row],[Finding Type]]="Non-finding remark",CAP[[#This Row],[Finding Type]]="Major finding"),"Show all findings",IF(CAP[[#This Row],[Finding Type]]="Incomplete","Show incomplete","Show questions with no findings")) -> Show incomplete
A53: 25 | B53: =IF(CAP[[#This Row],[Category]]="Company Specific Questions",CAP[[#This Row],[Category]],CAP[[#This Row],[Category]]&": "&CAP[[#This Row],[Sub-category]]) -> Human Rights: Wages, Benefits, and Working Hours | C53: =IF(INDEX(INDIRECT("'"&CAP[[#This Row],[Category]]&"'!F9:F500"),MATCH(CAP[[#This Row],[Finding number (question number from audit report)]],INDIRECT("'"&CAP[[#This Row],[Category]]&"'!A9:A500"),0))=0,"Incomplete",INDEX(INDIRECT("'"&CAP[[#This Row],[Category]]&"'!F9:F500"),MATCH(CAP[[#This Row],[Finding number (question number from audit report)]],INDIRECT("'"&CAP[[#This Row],[Category]]&"'!A9:A500"),0))) -> Incomplete | D53: =IF(INDEX(INDIRECT("'"&CAP[[#This Row],[Category]]&"'!G9:G500"),MATCH(CAP[[#This Row],[Finding number (question number from audit report)]],INDIRECT("'"&CAP[[#This Row],[Category]]&"'!A9:A500"),0))=0,"-",INDEX(INDIRECT("'"&CAP[[#This Row],[Category]]&"'!G9:G500"),MATCH(CAP[[#This Row],[Finding number (question number from audit report)]],INDIRECT("'"&CAP[[#This Row],[Category]]&"'!A9:A500"),0))) -> - | K53: Human Rights | L53: Wages, Benefits, and Working Hours | M53: =IF(OR(CAP[[#This Row],[Finding Type]]="Critical finding",CAP[[#This Row],[Finding Type]]="Other finding",CAP[[#This Row],[Finding Type]]="Minor finding",CAP[[#This Row],[Finding Type]]="Non-finding remark",CAP[[#This Row],[Finding Type]]="Major finding"),"Show all findings",IF(CAP[[#This Row],[Finding Type]]="Incomplete","Show incomplete","Show questions with no findings")) -> Show incomplete
A54: 26 | B54: =IF(CAP[[#This Row],[Category]]="Company Specific Questions",CAP[[#This Row],[Category]],CAP[[#This Row],[Category]]&": "&CAP[[#This Row],[Sub-category]]) -> Human Rights: Wages, Benefits, and Working Hours | C54: =IF(INDEX(INDIRECT("'"&CAP[[#This Row],[Category]]&"'!F9:F500"),MATCH(CAP[[#This Row],[Finding number (question number from audit report)]],INDIRECT("'"&CAP[[#This Row],[Category]]&"'!A9:A500"),0))=0,"Incomplete",INDEX(INDIRECT("'"&CAP[[#This Row],[Category]]&"'!F9:F500"),MATCH(CAP[[#This Row],[Finding number (question number from audit report)]],INDIRECT("'"&CAP[[#This Row],[Category]]&"'!A9:A500"),0))) -> Incomplete | D54: =IF(INDEX(INDIRECT("'"&CAP[[#This Row],[Category]]&"'!G9:G500"),MATCH(CAP[[#This Row],[Finding number (question number from audit report)]],INDIRECT("'"&CAP[[#This Row],[Category]]&"'!A9:A500"),0))=0,"-",INDEX(INDIRECT("'"&CAP[[#This Row],[Category]]&"'!G9:G500"),MATCH(CAP[[#This Row],[Finding number (question number from audit report)]],INDIRECT("'"&CAP[[#This Row],[Category]]&"'!A9:A500"),0))) -> - | K54: Human Rights | L54: Wages, Benefits, and Working Hours | M54: =IF(OR(CAP[[#This Row],[Finding Type]]="Critical finding",CAP[[#This Row],[Finding Type]]="Other finding",CAP[[#This Row],[Finding Type]]="Minor finding",CAP[[#This Row],[Finding Type]]="Non-finding remark",CAP[[#This Row],[Finding Type]]="Major finding"),"Show all findings",IF(CAP[[#This Row],[Finding Type]]="Incomplete","Show incomplete","Show questions with no findings")) -> Show incomplete
A55: 27 | B55: =IF(CAP[[#This Row],[Category]]="Company Specific Questions",CAP[[#This Row],[Category]],CAP[[#This Row],[Category]]&": "&CAP[[#This Row],[Sub-category]]) -> Human Rights: Wages, Benefits, and Working Hours | C55: =IF(INDEX(INDIRECT("'"&CAP[[#This Row],[Category]]&"'!F9:F500"),MATCH(CAP[[#This Row],[Finding number (question number from audit report)]],INDIRECT("'"&CAP[[#This Row],[Category]]&"'!A9:A500"),0))=0,"Incomplete",INDEX(INDIRECT("'"&CAP[[#This Row],[Category]]&"'!F9:F500"),MATCH(CAP[[#This Row],[Finding number (question number from audit report)]],INDIRECT("'"&CAP[[#This Row],[Category]]&"'!A9:A500"),0))) -> Incomplete | D55: =IF(INDEX(INDIRECT("'"&CAP[[#This Row],[Category]]&"'!G9:G500"),MATCH(CAP[[#This Row],[Finding number (question number from audit report)]],INDIRECT("'"&CAP[[#This Row],[Category]]&"'!A9:A500"),0))=0,"-",INDEX(INDIRECT("'"&CAP[[#This Row],[Category]]&"'!G9:G500"),MATCH(CAP[[#This Row],[Finding number (question number from audit report)]],INDIRECT("'"&CAP[[#This Row],[Category]]&"'!A9:A500"),0))) -> - | K55: Human Rights | L55: Wages, Benefits, and Working Hours | M55: =IF(OR(CAP[[#This Row],[Finding Type]]="Critical finding",CAP[[#This Row],[Finding Type]]="Other finding",CAP[[#This Row],[Finding Type]]="Minor finding",CAP[[#This Row],[Finding Type]]="Non-finding remark",CAP[[#This Row],[Finding Type]]="Major finding"),"Show all findings",IF(CAP[[#This Row],[Finding Type]]="Incomplete","Show incomplete","Show questions with no findings")) -> Show incomplete
... A59: 31 | B59: =IF(CAP[[#This Row],[Category]]="Company Specific Questions",CAP[[#This Row],[Category]],CAP[[#This Row],[Category]]&": "&CAP[[#This Row],[Sub-category]]) -> Human Rights: Local Communities | C59: =IF(INDEX(INDIRECT("'"&CAP[[#This Row],[Category]]&"'!F9:F500"),MATCH(CAP[[#This Row],[Finding number (question number from audit report)]],INDIRECT("'"&CAP[[#This Row],[Category]]&"'!A9:A500"),0))=0,"Incomplete",INDEX(INDIRECT("'"&CAP[[#This Row],[Category]]&"'!F9:F500"),MATCH(CAP[[#This Row],[Finding number (question number from audit report)]],INDIRECT("'"&CAP[[#This Row],[Category]]&"'!A9:A500"),0))) -> Incomplete | D59: =IF(INDEX(INDIRECT("'"&CAP[[#This Row],[Category]]&"'!G9:G500"),MATCH(CAP[[#This Row],[Finding number (question number from audit report)]],INDIRECT("'"&CAP[[#This Row],[Category]]&"'!A9:A500"),0))=0,"-",INDEX(INDIRECT("'"&CAP[[#This Row],[Category]]&"'!G9:G500"),MATCH(CAP[[#This Row],[Finding number (question number from audit report)]],INDIRECT("'"&CAP[[#This Row],[Category]]&"'!A9:A500"),0))) -> - | K59: Human Rights | L59: Local Communities | M59: =IF(OR(CAP[[#This Row],[Finding Type]]="Critical finding",CAP[[#This Row],[Finding Type]]="Other finding",CAP[[#This Row],[Finding Type]]="Minor finding",CAP[[#This Row],[Finding Type]]="Non-finding remark",CAP[[#This Row],[Finding Type]]="Major finding"),"Show all findings",IF(CAP[[#This Row],[Finding Type]]="Incomplete","Show incomplete","Show questions with no findings")) -> Show incomplete
A60: HR-1 | B60: =IF(CAP[[#This Row],[Category]]="Company Specific Questions",CAP[[#This Row],[Category]],CAP[[#This Row],[Category]]&": "&CAP[[#This Row],[Sub-category]]) -> Human Rights: Additional Finding | C60: =IF(INDEX(INDIRECT("'"&CAP[[#This Row],[Category]]&"'!F9:F500"),MATCH(CAP[[#This Row],[Finding number (question number from audit report)]],INDIRECT("'"&CAP[[#This Row],[Category]]&"'!A9:A500"),0))=0,"Incomplete",INDEX(INDIRECT("'"&CAP[[#This Row],[Category]]&"'!F9:F500"),MATCH(CAP[[#This Row],[Finding number (question number from audit report)]],INDIRECT("'"&CAP[[#This Row],[Category]]&"'!A9:A500"),0))) -> Incomplete | D60: =IF(INDEX(INDIRECT("'"&CAP[[#This Row],[Category]]&"'!G9:G500"),MATCH(CAP[[#This Row],[Finding number (question number from audit report)]],INDIRECT("'"&CAP[[#This Row],[Category]]&"'!A9:A500"),0))=0,"-",INDEX(INDIRECT("'"&CAP[[#This Row],[Category]]&"'!G9:G500"),MATCH(CAP[[#This Row],[Finding number (question number from audit report)]],INDIRECT("'"&CAP[[#This Row],[Category]]&"'!A9:A500"),0))) -> - | K60: Human Rights | L60: Additional Finding | M60: =IF(OR(CAP[[#This Row],[Finding Type]]="Critical finding",CAP[[#This Row],[Finding Type]]="Other finding",CAP[[#This Row],[Finding Type]]="Minor finding",CAP[[#This Row],[Finding Type]]="Non-finding remark",CAP[[#This Row],[Finding Type]]="Major finding"),"Show all findings",IF(CAP[[#This Row],[Finding Type]]="Incomplete","Show incomplete","Show questions with no findings")) -> Show incomplete
A61: HR-2 | B61: =IF(CAP[[#This Row],[Category]]="Company Specific Questions",CAP[[#This Row],[Category]],CAP[[#This Row],[Category]]&": "&CAP[[#This Row],[Sub-category]]) -> Human Rights: Additional Finding | C61: =IF(INDEX(INDIRECT("'"&CAP[[#This Row],[Category]]&"'!F9:F500"),MATCH(CAP[[#This Row],[Finding number (question number from audit report)]],INDIRECT("'"&CAP[[#This Row],[Category]]&"'!A9:A500"),0))=0,"Incomplete",INDEX(INDIRECT("'"&CAP[[#This Row],[Category]]&"'!F9:F500"),MATCH(CAP[[#This Row],[Finding number (question number from audit report)]],INDIRECT("'"&CAP[[#This Row],[Category]]&"'!A9:A500"),0))) -> Incomplete | D61: =IF(INDEX(INDIRECT("'"&CAP[[#This Row],[Category]]&"'!G9:G500"),MATCH(CAP[[#This Row],[Finding number (question number from audit report)]],INDIRECT("'"&CAP[[#This Row],[Category]]&"'!A9:A500"),0))=0,"-",INDEX(INDIRECT("'"&CAP[[#This Row],[Category]]&"'!G9:G500"),MATCH(CAP[[#This Row],[Finding number (question number from audit report)]],INDIRECT("'"&CAP[[#This Row],[Category]]&"'!A9:A500"),0))) -> - | K61: Human Rights | L61: Additional Finding | M61: =IF(OR(CAP[[#This Row],[Finding Type]]="Critical finding",CAP[[#This Row],[Finding Type]]="Other finding",CAP[[#This Row],[Finding Type]]="Minor finding",CAP[[#This Row],[Finding Type]]="Non-finding remark",CAP[[#This Row],[Finding Type]]="Major finding"),"Show all findings",IF(CAP[[#This Row],[Finding Type]]="Incomplete","Show incomplete","Show questions with no findings")) -> Show incomplete
A62: HR-3 | B62: =IF(CAP[[#This Row],[Category]]="Company Specific Questions",CAP[[#This Row],[Category]],CAP[[#This Row],[Category]]&": "&CAP[[#This Row],[Sub-category]]) -> Human Rights: Additional Finding | C62: =IF(INDEX(INDIRECT("'"&CAP[[#This Row],[Category]]&"'!F9:F500"),MATCH(CAP[[#This Row],[Finding number (question number from audit report)]],INDIRECT("'"&CAP[[#This Row],[Category]]&"'!A9:A500"),0))=0,"Incomplete",INDEX(INDIRECT("'"&CAP[[#This Row],[Category]]&"'!F9:F500"),MATCH(CAP[[#This Row],[Finding number (question number from audit report)]],INDIRECT("'"&CAP[[#This Row],[Category]]&"'!A9:A500"),0))) -> Incomplete | D62: =IF(INDEX(INDIRECT("'"&CAP[[#This Row],[Category]]&"'!G9:G500"),MATCH(CAP[[#This Row],[Finding number (question number from audit report)]],INDIRECT("'"&CAP[[#This Row],[Category]]&"'!A9:A500"),0))=0,"-",INDEX(INDIRECT("'"&CAP[[#This Row],[Category]]&"'!G9:G500"),MATCH(CAP[[#This Row],[Finding number (question number from audit report)]],INDIRECT("'"&CAP[[#This Row],[Category]]&"'!A9:A500"),0))) -> - | K62: Human Rights | L62: Additional Finding | M62: =IF(OR(CAP[[#This Row],[Finding Type]]="Critical finding",CAP[[#This Row],[Finding Type]]="Other finding",CAP[[#This Row],[Finding Type]]="Minor finding",CAP[[#This Row],[Finding Type]]="Non-finding remark",CAP[[#This Row],[Finding Type]]="Major finding"),"Show all findings",IF(CAP[[#This Row],[Finding Type]]="Incomplete","Show incomplete","Show questions with no findings")) -> Show incomplete
A63: HR-4 | B63: =IF(CAP[[#This Row],[Category]]="Company Specific Questions",CAP[[#This Row],[Category]],CAP[[#This Row],[Category]]&": "&CAP[[#This Row],[Sub-category]]) -> Human Rights: Additional Finding | C63: =IF(INDEX(INDIRECT("'"&CAP[[#This Row],[Category]]&"'!F9:F500"),MATCH(CAP[[#This Row],[Finding number (question number from audit report)]],INDIRECT("'"&CAP[[#This Row],[Category]]&"'!A9:A500"),0))=0,"Incomplete",INDEX(INDIRECT("'"&CAP[[#This Row],[Category]]&"'!F9:F500"),MATCH(CAP[[#This Row],[Finding number (question number from audit report)]],INDIRECT("'"&CAP[[#This Row],[Category]]&"'!A9:A500"),0))) -> Incomplete | D63: =IF(INDEX(INDIRECT("'"&CAP[[#This Row],[Category]]&"'!G9:G500"),MATCH(CAP[[#This Row],[Finding number (question number from audit report)]],INDIRECT("'"&CAP[[#This Row],[Category]]&"'!A9:A500"),0))=0,"-",INDEX(INDIRECT("'"&CAP[[#This Row],[Category]]&"'!G9:G500"),MATCH(CAP[[#This Row],[Finding number (question number from audit report)]],INDIRECT("'"&CAP[[#This Row],[Category]]&"'!A9:A500"),0))) -> - | K63: Human Rights | L63: Additional Finding | M63: =IF(OR(CAP[[#This Row],[Finding Type]]="Critical finding",CAP[[#This Row],[Finding Type]]="Other finding",CAP[[#This Row],[Finding Type]]="Minor finding",CAP[[#This Row],[Finding Type]]="Non-finding remark",CAP[[#This Row],[Finding Type]]="Major finding"),"Show all findings",IF(CAP[[#This Row],[Finding Type]]="Incomplete","Show incomplete","Show questions with no findings")) -> Show incomplete
A64: HR-5 | B64: =IF(CAP[[#This Row],[Category]]="Company Specific Questions",CAP[[#This Row],[Category]],CAP[[#This Row],[Category]]&": "&CAP[[#This Row],[Sub-category]]) -> Human Rights: Additional Finding | C64: =IF(INDEX(INDIRECT("'"&CAP[[#This Row],[Category]]&"'!F9:F500"),MATCH(CAP[[#This Row],[Finding number (question number from audit report)]],INDIRECT("'"&CAP[[#This Row],[Category]]&"'!A9:A500"),0))=0,"Incomplete",INDEX(INDIRECT("'"&CAP[[#This Row],[Category]]&"'!F9:F500"),MATCH(CAP[[#This Row],[Finding number (question number from audit report)]],INDIRECT("'"&CAP[[#This Row],[Category]]&"'!A9:A500"),0))) -> Incomplete | D64: =IF(INDEX(INDIRECT("'"&CAP[[#This Row],[Category]]&"'!G9:G500"),MATCH(CAP[[#This Row],[Finding number (question number from audit report)]],INDIRECT("'"&CAP[[#This Row],[Category]]&"'!A9:A500"),0))=0,"-",INDEX(INDIRECT("'"&CAP[[#This Row],[Category]]&"'!G9:G500"),MATCH(CAP[[#This Row],[Finding number (question number from audit report)]],INDIRECT("'"&CAP[[#This Row],[Category]]&"'!A9:A500"),0))) -> - | K64: Human Rights | L64: Additional Finding | M64: =IF(OR(CAP[[#This Row],[Finding Type]]="Critical finding",CAP[[#This Row],[Finding Type]]="Other finding",CAP[[#This Row],[Finding Type]]="Minor finding",CAP[[#This Row],[Finding Type]]="Non-finding remark",CAP[[#This Row],[Finding Type]]="Major finding"),"Show all findings",IF(CAP[[#This Row],[Finding Type]]="Incomplete","Show incomplete","Show questions with no findings")) -> Show incomplete
A65: HR-6 | B65: =IF(CAP[[#This Row],[Category]]="Company Specific Questions",CAP[[#This Row],[Category]],CAP[[#This Row],[Category]]&": "&CAP[[#This Row],[Sub-category]]) -> Human Rights: Interview Scheme | C65: =IF(INDEX(INDIRECT("'"&CAP[[#This Row],[Category]]&"'!F9:F500"),MATCH(CAP[[#This Row],[Finding number (question number from audit report)]],INDIRECT("'"&CAP[[#This Row],[Category]]&"'!A9:A500"),0))=0,"Incomplete",INDEX(INDIRECT("'"&CAP[[#This Row],[Category]]&"'!F9:F500"),MATCH(CAP[[#This Row],[Finding number (question number from audit report)]],INDIRECT("'"&CAP[[#This Row],[Category]]&"'!A9:A500"),0))) -> Incomplete | D65: =IF(INDEX(INDIRECT("'"&CAP[[#This Row],[Category]]&"'!G9:G500"),MATCH(CAP[[#This Row],[Finding number (question number from audit report)]],INDIRECT("'"&CAP[[#This Row],[Category]]&"'!A9:A500"),0))=0,"-",INDEX(INDIRECT("'"&CAP[[#This Row],[Category]]&"'!G9:G500"),MATCH(CAP[[#This Row],[Finding number (question number from audit report)]],INDIRECT("'"&CAP[[#This Row],[Category]]&"'!A9:A500"),0))) -> - | K65: Human Rights | L65: Interview Scheme | M65: =IF(OR(CAP[[#This Row],[Finding Type]]="Critical finding",CAP[[#This Row],[Finding Type]]="Other finding",CAP[[#This Row],[Finding Type]]="Minor finding",CAP[[#This Row],[Finding Type]]="Non-finding remark",CAP[[#This Row],[Finding Type]]="Major finding"),"Show all findings",IF(CAP[[#This Row],[Finding Type]]="Incomplete","Show incomplete","Show questions with no findings")) -> Show incomplete
A66: 32 | B66: =IF(CAP[[#This Row],[Category]]="Company Specific Questions",CAP[[#This Row],[Category]],CAP[[#This Row],[Category]]&": "&CAP[[#This Row],[Sub-category]]) -> Environment: General | C66: =IF(INDEX(INDIRECT("'"&CAP[[#This Row],[Category]]&"'!F9:F500"),MATCH(CAP[[#This Row],[Finding number (question number from audit report)]],INDIRECT("'"&CAP[[#This Row],[Category]]&"'!A9:A500"),0))=0,"Incomplete",INDEX(INDIRECT("'"&CAP[[#This Row],[Category]]&"'!F9:F500"),MATCH(CAP[[#This Row],[Finding number (question number from audit report)]],INDIRECT("'"&CAP[[#This Row],[Category]]&"'!A9:A500"),0))) -> Incomplete | D66: =IF(INDEX(INDIRECT("'"&CAP[[#This Row],[Category]]&"'!G9:G500"),MATCH(CAP[[#This Row],[Finding number (question number from audit report)]],INDIRECT("'"&CAP[[#This Row],[Category]]&"'!A9:A500"),0))=0,"-",INDEX(INDIRECT("'"&CAP[[#This Row],[Category]]&"'!G9:G500"),MATCH(CAP[[#This Row],[Finding number (question number from audit report)]],INDIRECT("'"&CAP[[#This Row],[Category]]&"'!A9:A500"),0))) -> - | K66: Environment | L66: General | M66: =IF(OR(CAP[[#This Row],[Finding Type]]="Critical finding",CAP[[#This Row],[Finding Type]]="Other finding",CAP[[#This Row],[Finding Type]]="Minor finding",CAP[[#This Row],[Finding Type]]="Non-finding remark",CAP[[#This Row],[Finding Type]]="Major finding"),"Show all findings",IF(CAP[[#This Row],[Finding Type]]="Incomplete","Show incomplete","Show questions with no findings")) -> Show incomplete
A67: 33 | B67: =IF(CAP[[#This Row],[Category]]="Company Specific Questions",CAP[[#This Row],[Category]],CAP[[#This Row],[Category]]&": "&CAP[[#This Row],[Sub-category]]) -> Environment: General | C67: =IF(INDEX(INDIRECT("'"&CAP[[#This Row],[Category]]&"'!F9:F500"),MATCH(CAP[[#This Row],[Finding number (question number from audit report)]],INDIRECT("'"&CAP[[#This Row],[Category]]&"'!A9:A500"),0))=0,"Incomplete",INDEX(INDIRECT("'"&CAP[[#This Row],[Category]]&"'!F9:F500"),MATCH(CAP[[#This Row],[Finding number (question number from audit report)]],INDIRECT("'"&CAP[[#This Row],[Category]]&"'!A9:A500"),0))) -> Incomplete | D67: =IF(INDEX(INDIRECT("'"&CAP[[#This Row],[Category]]&"'!G9:G500"),MATCH(CAP[[#This Row],[Finding number (question number from audit report)]],INDIRECT("'"&CAP[[#This Row],[Category]]&"'!A9:A500"),0))=0,"-",INDEX(INDIRECT("'"&CAP[[#This Row],[Category]]&"'!G9:G500"),MATCH(CAP[[#This Row],[Finding number (question number from audit report)]],INDIRECT("'"&CAP[[#This Row],[Category]]&"'!A9:A500"),0))) -> - | K67: Environment | L67: General | M67: =IF(OR(CAP[[#This Row],[Finding Type]]="Critical finding",CAP[[#This Row],[Finding Type]]="Other finding",CAP[[#This Row],[Finding Type]]="Minor finding",CAP[[#This Row],[Finding Type]]="Non-finding remark",CAP[[#This Row],[Finding Type]]="Major finding"),"Show all findings",IF(CAP[[#This Row],[Finding Type]]="Incomplete","Show incomplete","Show questions with no findings")) -> Show incomplete
A68: 34 | B68: =IF(CAP[[#This Row],[Category]]="Company Specific Questions",CAP[[#This Row],[Category]],CAP[[#This Row],[Category]]&": "&CAP[[#This Row],[Sub-category]]) -> Environment: General | C68: =IF(INDEX(INDIRECT("'"&CAP[[#This Row],[Category]]&"'!F9:F500"),MATCH(CAP[[#This Row],[Finding number (question number from audit report)]],INDIRECT("'"&CAP[[#This Row],[Category]]&"'!A9:A500"),0))=0,"Incomplete",INDEX(INDIRECT("'"&CAP[[#This Row],[Category]]&"'!F9:F500"),MATCH(CAP[[#This Row],[Finding number (question number from audit report)]],INDIRECT("'"&CAP[[#This Row],[Category]]&"'!A9:A500"),0))) -> Incomplete | D68: =IF(INDEX(INDIRECT("'"&CAP[[#This Row],[Category]]&"'!G9:G500"),MATCH(CAP[[#This Row],[Finding number (question number from audit report)]],INDIRECT("'"&CAP[[#This Row],[Category]]&"'!A9:A500"),0))=0,"-",INDEX(INDIRECT("'"&CAP[[#This Row],[Category]]&"'!G9:G500"),MATCH(CAP[[#This Row],[Finding number (question number from audit report)]],INDIRECT("'"&CAP[[#This Row],[Category]]&"'!A9:A500"),0))) -> - | K68: Environment | L68: General | M68: =IF(OR(CAP[[#This Row],[Finding Type]]="Critical finding",CAP[[#This Row],[Finding Type]]="Other finding",CAP[[#This Row],[Finding Type]]="Minor finding",CAP[[#This Row],[Finding Type]]="Non-finding remark",CAP[[#This Row],[Finding Type]]="Major finding"),"Show all findings",IF(CAP[[#This Row],[Finding Type]]="Incomplete","Show incomplete","Show questions with no findings")) -> Show incomplete
A69: Ev-1 | B69: =IF(CAP[[#This Row],[Category]]="Company Specific Questions",CAP[[#This Row],[Category]],CAP[[#This Row],[Category]]&": "&CAP[[#This Row],[Sub-category]]) -> Environment: Additional Finding | C69: =IF(INDEX(INDIRECT("'"&CAP[[#This Row],[Category]]&"'!F9:F500"),MATCH(CAP[[#This Row],[Finding number (question number from audit report)]],INDIRECT("'"&CAP[[#This Row],[Category]]&"'!A9:A500"),0))=0,"Incomplete",INDEX(INDIRECT("'"&CAP[[#This Row],[Category]]&"'!F9:F500"),MATCH(CAP[[#This Row],[Finding number (question number from audit report)]],INDIRECT("'"&CAP[[#This Row],[Category]]&"'!A9:A500"),0))) -> Incomplete | D69: =IF(INDEX(INDIRECT("'"&CAP[[#This Row],[Category]]&"'!G9:G500"),MATCH(CAP[[#This Row],[Finding number (question number from audit report)]],INDIRECT("'"&CAP[[#This Row],[Category]]&"'!A9:A500"),0))=0,"-",INDEX(INDIRECT("'"&CAP[[#This Row],[Category]]&"'!G9:G500"),MATCH(CAP[[#This Row],[Finding number (question number from audit report)]],INDIRECT("'"&CAP[[#This Row],[Category]]&"'!A9:A500"),0))) -> - | K69: Environment | L69: Additional Finding | M69: =IF(OR(CAP[[#This Row],[Finding Type]]="Critical finding",CAP[[#This Row],[Finding Type]]="Other finding",CAP[[#This Row],[Finding Type]]="Minor finding",CAP[[#This Row],[Finding Type]]="Non-finding remark",CAP[[#This Row],[Finding Type]]="Major finding"),"Show all findings",IF(CAP[[#This Row],[Finding Type]]="Incomplete","Show incomplete","Show questions with no findings")) -> Show incomplete
A70: Ev-2 | B70: =IF(CAP[[#This Row],[Category]]="Company Specific Questions",CAP[[#This Row],[Category]],CAP[[#This Row],[Category]]&": "&CAP[[#This Row],[Sub-category]]) -> Environment: Additional Finding | C70: =IF(INDEX(INDIRECT("'"&CAP[[#This Row],[Category]]&"'!F9:F500"),MATCH(CAP[[#This Row],[Finding number (question number from audit report)]],INDIRECT("'"&CAP[[#This Row],[Category]]&"'!A9:A500"),0))=0,"Incomplete",INDEX(INDIRECT("'"&CAP[[#This Row],[Category]]&"'!F9:F500"),MATCH(CAP[[#This Row],[Finding number (question number from audit report)]],INDIRECT("'"&CAP[[#This Row],[Category]]&"'!A9:A500"),0))) -> Incomplete | D70: =IF(INDEX(INDIRECT("'"&CAP[[#This Row],[Category]]&"'!G9:G500"),MATCH(CAP[[#This Row],[Finding number (question number from audit report)]],INDIRECT("'"&CAP[[#This Row],[Category]]&"'!A9:A500"),0))=0,"-",INDEX(INDIRECT("'"&CAP[[#This Row],[Category]]&"'!G9:G500"),MATCH(CAP[[#This Row],[Finding number (question number from audit report)]],INDIRECT("'"&CAP[[#This Row],[Category]]&"'!A9:A500"),0))) -> - | K70: Environment | L70: Additional Finding | M70: =IF(OR(CAP[[#This Row],[Finding Type]]="Critical finding",CAP[[#This Row],[Finding Type]]="Other finding",CAP[[#This Row],[Finding Type]]="Minor finding",CAP[[#This Row],[Finding Type]]="Non-finding remark",CAP[[#This Row],[Finding Type]]="Major finding"),"Show all findings",IF(CAP[[#This Row],[Finding Type]]="Incomplete","Show incomplete","Show questions with no findings")) -> Show incomplete
A71: Ev-3 | B71: =IF(CAP[[#This Row],[Category]]="Company Specific Questions",CAP[[#This Row],[Category]],CAP[[#This Row],[Category]]&": "&CAP[[#This Row],[Sub-category]]) -> Environment: Additional Finding | C71: =IF(INDEX(INDIRECT("'"&CAP[[#This Row],[Category]]&"'!F9:F500"),MATCH(CAP[[#This Row],[Finding number (question number from audit report)]],INDIRECT("'"&CAP[[#This Row],[Category]]&"'!A9:A500"),0))=0,"Incomplete",INDEX(INDIRECT("'"&CAP[[#This Row],[Category]]&"'!F9:F500"),MATCH(CAP[[#This Row],[Finding number (question number from audit report)]],INDIRECT("'"&CAP[[#This Row],[Category]]&"'!A9:A500"),0))) -> Incomplete | D71: =IF(INDEX(INDIRECT("'"&CAP[[#This Row],[Category]]&"'!G9:G500"),MATCH(CAP[[#This Row],[Finding number (question number from audit report)]],INDIRECT("'"&CAP[[#This Row],[Category]]&"'!A9:A500"),0))=0,"-",INDEX(INDIRECT("'"&CAP[[#This Row],[Category]]&"'!G9:G500"),MATCH(CAP[[#This Row],[Finding number (question number from audit report)]],INDIRECT("'"&CAP[[#This Row],[Category]]&"'!A9:A500"),0))) -> - | K71: Environment | L71: Additional Finding | M71: =IF(OR(CAP[[#This Row],[Finding Type]]="Critical finding",CAP[[#This Row],[Finding Type]]="Other finding",CAP[[#This Row],[Finding Type]]="Minor finding",CAP[[#This Row],[Finding Type]]="Non-finding remark",CAP[[#This Row],[Finding Type]]="Major finding"),"Show all findings",IF(CAP[[#This Row],[Finding Type]]="Incomplete","Show incomplete","Show questions with no findings")) -> Show incomplete
A72: Ev-4 | B72: =IF(CAP[[#This Row],[Category]]="Company Specific Questions",CAP[[#This Row],[Category]],CAP[[#This Row],[Category]]&": "&CAP[[#This Row],[Sub-category]]) -> Environment: Additional Finding | C72: =IF(INDEX(INDIRECT("'"&CAP[[#This Row],[Category]]&"'!F9:F500"),MATCH(CAP[[#This Row],[Finding number (question number from audit report)]],INDIRECT("'"&CAP[[#This Row],[Category]]&"'!A9:A500"),0))=0,"Incomplete",INDEX(INDIRECT("'"&CAP[[#This Row],[Category]]&"'!F9:F500"),MATCH(CAP[[#This Row],[Finding number (question number from audit report)]],INDIRECT("'"&CAP[[#This Row],[Category]]&"'!A9:A500"),0))) -> Incomplete | D72: =IF(INDEX(INDIRECT("'"&CAP[[#This Row],[Category]]&"'!G9:G500"),MATCH(CAP[[#This Row],[Finding number (question number from audit report)]],INDIRECT("'"&CAP[[#This Row],[Category]]&"'!A9:A500"),0))=0,"-",INDEX(INDIRECT("'"&CAP[[#This Row],[Category]]&"'!G9:G500"),MATCH(CAP[[#This Row],[Finding number (question number from audit report)]],INDIRECT("'"&CAP[[#This Row],[Category]]&"'!A9:A500"),0))) -> - | K72: Environment | L72: Additional Finding | M72: =IF(OR(CAP[[#This Row],[Finding Type]]="Critical finding",CAP[[#This Row],[Finding Type]]="Other finding",CAP[[#This Row],[Finding Type]]="Minor finding",CAP[[#This Row],[Finding Type]]="Non-finding remark",CAP[[#This Row],[Finding Type]]="Major finding"),"Show all findings",IF(CAP[[#This Row],[Finding Type]]="Incomplete","Show incomplete","Show questions with no findings")) -> Show incomplete
A73: Ev-5 | B73: =IF(CAP[[#This Row],[Category]]="Company Specific Questions",CAP[[#This Row],[Category]],CAP[[#This Row],[Category]]&": "&CAP[[#This Row],[Sub-category]]) -> Environment: Additional Finding | C73: =IF(INDEX(INDIRECT("'"&CAP[[#This Row],[Category]]&"'!F9:F500"),MATCH(CAP[[#This Row],[Finding number (question number from audit report)]],INDIRECT("'"&CAP[[#This Row],[Category]]&"'!A9:A500"),0))=0,"Incomplete",INDEX(INDIRECT("'"&CAP[[#This Row],[Category]]&"'!F9:F500"),MATCH(CAP[[#This Row],[Finding number (question number from audit report)]],INDIRECT("'"&CAP[[#This Row],[Category]]&"'!A9:A500"),0))) -> Incomplete | D73: =IF(INDEX(INDIRECT("'"&CAP[[#This Row],[Category]]&"'!G9:G500"),MATCH(CAP[[#This Row],[Finding number (question number from audit report)]],INDIRECT("'"&CAP[[#This Row],[Category]]&"'!A9:A500"),0))=0,"-",INDEX(INDIRECT("'"&CAP[[#This Row],[Category]]&"'!G9:G500"),MATCH(CAP[[#This Row],[Finding number (question number from audit report)]],INDIRECT("'"&CAP[[#This Row],[Category]]&"'!A9:A500"),0))) -> - | K73: Environment | L73: Additional Finding | M73: =IF(OR(CAP[[#This Row],[Finding Type]]="Critical finding",CAP[[#This Row],[Finding Type]]="Other finding",CAP[[#This Row],[Finding Type]]="Minor finding",CAP[[#This Row],[Finding Type]]="Non-finding remark",CAP[[#This Row],[Finding Type]]="Major finding"),"Show all findings",IF(CAP[[#This Row],[Finding Type]]="Incomplete","Show incomplete","Show questions with no findings")) -> Show incomplete
A74: 35 | B74: =IF(CAP[[#This Row],[Category]]="Company Specific Questions",CAP[[#This Row],[Category]],CAP[[#This Row],[Category]]&": "&CAP[[#This Row],[Sub-category]]) -> Health & Safety: General | C74: =IF(INDEX(INDIRECT("'"&CAP[[#This Row],[Category]]&"'!F9:F500"),MATCH(CAP[[#This Row],[Finding number (question number from audit report)]],INDIRECT("'"&CAP[[#This Row],[Category]]&"'!A9:A500"),0))=0,"Incomplete",INDEX(INDIRECT("'"&CAP[[#This Row],[Category]]&"'!F9:F500"),MATCH(CAP[[#This Row],[Finding number (question number from audit report)]],INDIRECT("'"&CAP[[#This Row],[Category]]&"'!A9:A500"),0))) -> Incomplete | D74: =IF(INDEX(INDIRECT("'"&CAP[[#This Row],[Category]]&"'!G9:G500"),MATCH(CAP[[#This Row],[Finding number (question number from audit report)]],INDIRECT("'"&CAP[[#This Row],[Category]]&"'!A9:A500"),0))=0,"-",INDEX(INDIRECT("'"&CAP[[#This Row],[Category]]&"'!G9:G500"),MATCH(CAP[[#This Row],[Finding number (question number from audit report)]],INDIRECT("'"&CAP[[#This Row],[Category]]&"'!A9:A500"),0))) -> - | K74: Health & Safety | L74: General | M74: =IF(OR(CAP[[#This Row],[Finding Type]]="Critical finding",CAP[[#This Row],[Finding Type]]="Other finding",CAP[[#This Row],[Finding Type]]="Minor finding",CAP[[#This Row],[Finding Type]]="Non-finding remark",CAP[[#This Row],[Finding Type]]="Major finding"),"Show all findings",IF(CAP[[#This Row],[Finding Type]]="Incomplete","Show incomplete","Show questions with no findings")) -> Show incomplete
A75: 36 | B75: =IF(CAP[[#This Row],[Category]]="Company Specific Questions",CAP[[#This Row],[Category]],CAP[[#This Row],[Category]]&": "&CAP[[#This Row],[Sub-category]]) -> Health & Safety: General | C75: =IF(INDEX(INDIRECT("'"&CAP[[#This Row],[Category]]&"'!F9:F500"),MATCH(CAP[[#This Row],[Finding number (question number from audit report)]],INDIRECT("'"&CAP[[#This Row],[Category]]&"'!A9:A500"),0))=0,"Incomplete",INDEX(INDIRECT("'"&CAP[[#This Row],[Category]]&"'!F9:F500"),MATCH(CAP[[#This Row],[Finding number (question number from audit report)]],INDIRECT("'"&CAP[[#This Row],[Category]]&"'!A9:A500"),0))) -> Incomplete | D75: =IF(INDEX(INDIRECT("'"&CAP[[#This Row],[Category]]&"'!G9:G500"),MATCH(CAP[[#This Row],[Finding number (question number from audit report)]],INDIRECT("'"&CAP[[#This Row],[Category]]&"'!A9:A500"),0))=0,"-",INDEX(INDIRECT("'"&CAP[[#This Row],[Category]]&"'!G9:G500"),MATCH(CAP[[#This Row],[Finding number (question number from audit report)]],INDIRECT("'"&CAP[[#This Row],[Category]]&"'!A9:A500"),0))) -> - | K75: Health & Safety | L75: General | M75: =IF(OR(CAP[[#This Row],[Finding Type]]="Critical finding",CAP[[#This Row],[Finding Type]]="Other finding",CAP[[#This Row],[Finding Type]]="Minor finding",CAP[[#This Row],[Finding Type]]="Non-finding remark",CAP[[#This Row],[Finding Type]]="Major finding"),"Show all findings",IF(CAP[[#This Row],[Finding Type]]="Incomplete","Show incomplete","Show questions with no findings")) -> Show incomplete
A76: 37 | B76: =IF(CAP[[#This Row],[Category]]="Company Specific Questions",CAP[[#This Row],[Category]],CAP[[#This Row],[Category]]&": "&CAP[[#This Row],[Sub-category]]) -> Health & Safety: General | C76: =IF(INDEX(INDIRECT("'"&CAP[[#This Row],[Category]]&"'!F9:F500"),MATCH(CAP[[#This Row],[Finding number (question number from audit report)]],INDIRECT("'"&CAP[[#This Row],[Category]]&"'!A9:A500"),0))=0,"Incomplete",INDEX(INDIRECT("'"&CAP[[#This Row],[Category]]&"'!F9:F500"),MATCH(CAP[[#This Row],[Finding number (question number from audit report)]],INDIRECT("'"&CAP[[#This Row],[Category]]&"'!A9:A500"),0))) -> Incomplete | D76: =IF(INDEX(INDIRECT("'"&CAP[[#This Row],[Category]]&"'!G9:G500"),MATCH(CAP[[#This Row],[Finding number (question number from audit report)]],INDIRECT("'"&CAP[[#This Row],[Category]]&"'!A9:A500"),0))=0,"-",INDEX(INDIRECT("'"&CAP[[#This Row],[Category]]&"'!G9:G500"),MATCH(CAP[[#This Row],[Finding number (question number from audit report)]],INDIRECT("'"&CAP[[#This Row],[Category]]&"'!A9:A500"),0))) -> - | K76: Health & Safety | L76: General | M76: =IF(OR(CAP[[#This Row],[Finding Type]]="Critical finding",CAP[[#This Row],[Finding Type]]="Other finding",CAP[[#This Row],[Finding Type]]="Minor finding",CAP[[#This Row],[Finding Type]]="Non-finding remark",CAP[[#This Row],[Finding Type]]="Major finding"),"Show all findings",IF(CAP[[#This Row],[Finding Type]]="Incomplete","Show incomplete","Show questions with no findings")) -> Show incomplete
A77: 38 | B77: =IF(CAP[[#This Row],[Category]]="Company Specific Questions",CAP[[#This Row],[Category]],CAP[[#This Row],[Category]]&": "&CAP[[#This Row],[Sub-category]]) -> Health & Safety: General | C77: =IF(INDEX(INDIRECT("'"&CAP[[#This Row],[Category]]&"'!F9:F500"),MATCH(CAP[[#This Row],[Finding number (question number from audit report)]],INDIRECT("'"&CAP[[#This Row],[Category]]&"'!A9:A500"),0))=0,"Incomplete",INDEX(INDIRECT("'"&CAP[[#This Row],[Category]]&"'!F9:F500"),MATCH(CAP[[#This Row],[Finding number (question number from audit report)]],INDIRECT("'"&CAP[[#This Row],[Category]]&"'!A9:A500"),0))) -> Incomplete | D77: =IF(INDEX(INDIRECT("'"&CAP[[#This Row],[Category]]&"'!G9:G500"),MATCH(CAP[[#This Row],[Finding number (question number from audit report)]],INDIRECT("'"&CAP[[#This Row],[Category]]&"'!A9:A500"),0))=0,"-",INDEX(INDIRECT("'"&CAP[[#This Row],[Category]]&"'!G9:G500"),MATCH(CAP[[#This Row],[Finding number (question number from audit report)]],INDIRECT("'"&CAP[[#This Row],[Category]]&"'!A9:A500"),0))) -> - | K77: Health & Safety | L77: General | M77: =IF(OR(CAP[[#This Row],[Finding Type]]="Critical finding",CAP[[#This Row],[Finding Type]]="Other finding",CAP[[#This Row],[Finding Type]]="Minor finding",CAP[[#This Row],[Finding Type]]="Non-finding remark",CAP[[#This Row],[Finding Type]]="Major finding"),"Show all findings",IF(CAP[[#This Row],[Finding Type]]="Incomplete","Show incomplete","Show questions with no findings")) -> Show incomplete
A78: 39 | B78: =IF(CAP[[#This Row],[Category]]="Company Specific Questions",CAP[[#This Row],[Category]],CAP[[#This Row],[Category]]&": "&CAP[[#This Row],[Sub-category]]) -> Health & Safety: General | C78: =IF(INDEX(INDIRECT("'"&CAP[[#This Row],[Category]]&"'!F9:F500"),MATCH(CAP[[#This Row],[Finding number (question number from audit report)]],INDIRECT("'"&CAP[[#This Row],[Category]]&"'!A9:A500"),0))=0,"Incomplete",INDEX(INDIRECT("'"&CAP[[#This Row],[Category]]&"'!F9:F500"),MATCH(CAP[[#This Row],[Finding number (question number from audit report)]],INDIRECT("'"&CAP[[#This Row],[Category]]&"'!A9:A500"),0))) -> Incomplete | D78: =IF(INDEX(INDIRECT("'"&CAP[[#This Row],[Category]]&"'!G9:G500"),MATCH(CAP[[#This Row],[Finding number (question number from audit report)]],INDIRECT("'"&CAP[[#This Row],[Category]]&"'!A9:A500"),0))=0,"-",INDEX(INDIRECT("'"&CAP[[#This Row],[Category]]&"'!G9:G500"),MATCH(CAP[[#This Row],[Finding number (question number from audit report)]],INDIRECT("'"&CAP[[#This Row],[Category]]&"'!A9:A500"),0))) -> - | K78: Health & Safety | L78: General | M78: =IF(OR(CAP[[#This Row],[Finding Type]]="Critical finding",CAP[[#This Row],[Finding Type]]="Other finding",CAP[[#This Row],[Finding Type]]="Minor finding",CAP[[#This Row],[Finding Type]]="Non-finding remark",CAP[[#This Row],[Finding Type]]="Major finding"),"Show all findings",IF(CAP[[#This Row],[Finding Type]]="Incomplete","Show incomplete","Show questions with no findings")) -> Show incomplete
A79: 40 | B79: =IF(CAP[[#This Row],[Category]]="Company Specific Questions",CAP[[#This Row],[Category]],CAP[[#This Row],[Category]]&": "&CAP[[#This Row],[Sub-category]]) -> Health & Safety: General | C79: =IF(INDEX(INDIRECT("'"&CAP[[#This Row],[Category]]&"'!F9:F500"),MATCH(CAP[[#This Row],[Finding number (question number from audit report)]],INDIRECT("'"&CAP[[#This Row],[Category]]&"'!A9:A500"),0))=0,"Incomplete",INDEX(INDIRECT("'"&CAP[[#This Row],[Category]]&"'!F9:F500"),MATCH(CAP[[#This Row],[Finding number (question number from audit report)]],INDIRECT("'"&CAP[[#This Row],[Category]]&"'!A9:A500"),0))) -> Incomplete | D79: =IF(INDEX(INDIRECT("'"&CAP[[#This Row],[Category]]&"'!G9:G500"),MATCH(CAP[[#This Row],[Finding number (question number from audit report)]],INDIRECT("'"&CAP[[#This Row],[Category]]&"'!A9:A500"),0))=0,"-",INDEX(INDIRECT("'"&CAP[[#This Row],[Category]]&"'!G9:G500"),MATCH(CAP[[#This Row],[Finding number (question number from audit report)]],INDIRECT("'"&CAP[[#This Row],[Category]]&"'!A9:A500"),0))) -> - | K79: Health & Safety | L79: General | M79: =IF(OR(CAP[[#This Row],[Finding Type]]="Critical finding",CAP[[#This Row],[Finding Type]]="Other finding",CAP[[#This Row],[Finding Type]]="Minor finding",CAP[[#This Row],[Finding Type]]="Non-finding remark",CAP[[#This Row],[Finding Type]]="Major finding"),"Show all findings",IF(CAP[[#This Row],[Finding Type]]="Incomplete","Show incomplete","Show questions with no findings")) -> Show incomplete
A80: 41 | B80: =IF(CAP[[#This Row],[Category]]="Company Specific Questions",CAP[[#This Row],[Category]],CAP[[#This Row],[Category]]&": "&CAP[[#This Row],[Sub-category]]) -> Health & Safety: General | C80: =IF(INDEX(INDIRECT("'"&CAP[[#This Row],[Category]]&"'!F9:F500"),MATCH(CAP[[#This Row],[Finding number (question number from audit report)]],INDIRECT("'"&CAP[[#This Row],[Category]]&"'!A9:A500"),0))=0,"Incomplete",INDEX(INDIRECT("'"&CAP[[#This Row],[Category]]&"'!F9:F500"),MATCH(CAP[[#This Row],[Finding number (question number from audit report)]],INDIRECT("'"&CAP[[#This Row],[Category]]&"'!A9:A500"),0))) -> Incomplete | D80: =IF(INDEX(INDIRECT("'"&CAP[[#This Row],[Category]]&"'!G9:G500"),MATCH(CAP[[#This Row],[Finding number (question number from audit report)]],INDIRECT("'"&CAP[[#This Row],[Category]]&"'!A9:A500"),0))=0,"-",INDEX(INDIRECT("'"&CAP[[#This Row],[Category]]&"'!G9:G500"),MATCH(CAP[[#This Row],[Finding number (question number from audit report)]],INDIRECT("'"&CAP[[#This Row],[Category]]&"'!A9:A500"),0))) -> - | K80: Health & Safety | L80: General | M80: =IF(OR(CAP[[#This Row],[Finding Type]]="Critical finding",CAP[[#This Row],[Finding Type]]="Other finding",CAP[[#This Row],[Finding Type]]="Minor finding",CAP[[#This Row],[Finding Type]]="Non-finding remark",CAP[[#This Row],[Finding Type]]="Major finding"),"Show all findings",IF(CAP[[#This Row],[Finding Type]]="Incomplete","Show incomplete","Show questions with no findings")) -> Show incomplete
A81: 42 | B81: =IF(CAP[[#This Row],[Category]]="Company Specific Questions",CAP[[#This Row],[Category]],CAP[[#This Row],[Category]]&": "&CAP[[#This Row],[Sub-category]]) -> Health & Safety: General | C81: =IF(INDEX(INDIRECT("'"&CAP[[#This Row],[Category]]&"'!F9:F500"),MATCH(CAP[[#This Row],[Finding number (question number from audit report)]],INDIRECT("'"&CAP[[#This Row],[Category]]&"'!A9:A500"),0))=0,"Incomplete",INDEX(INDIRECT("'"&CAP[[#This Row],[Category]]&"'!F9:F500"),MATCH(CAP[[#This Row],[Finding number (question number from audit report)]],INDIRECT("'"&CAP[[#This Row],[Category]]&"'!A9:A500"),0))) -> Incomplete | D81: =IF(INDEX(INDIRECT("'"&CAP[[#This Row],[Category]]&"'!G9:G500"),MATCH(CAP[[#This Row],[Finding number (question number from audit report)]],INDIRECT("'"&CAP[[#This Row],[Category]]&"'!A9:A500"),0))=0,"-",INDEX(INDIRECT("'"&CAP[[#This Row],[Category]]&"'!G9:G500"),MATCH(CAP[[#This Row],[Finding number (question number from audit report)]],INDIRECT("'"&CAP[[#This Row],[Category]]&"'!A9:A500"),0))) -> - | K81: Health & Safety | L81: General | M81: =IF(OR(CAP[[#This Row],[Finding Type]]="Critical finding",CAP[[#This Row],[Finding Type]]="Other finding",CAP[[#This Row],[Finding Type]]="Minor finding",CAP[[#This Row],[Finding Type]]="Non-finding remark",CAP[[#This Row],[Finding Type]]="Major finding"),"Show all findings",IF(CAP[[#This Row],[Finding Type]]="Incomplete","Show incomplete","Show questions with no findings")) -> Show incomplete
A82: 43 | B82: =IF(CAP[[#This Row],[Category]]="Company Specific Questions",CAP[[#This Row],[Category]],CAP[[#This Row],[Category]]&": "&CAP[[#This Row],[Sub-category]]) -> Health & Safety: General | C82: =IF(INDEX(INDIRECT("'"&CAP[[#This Row],[Category]]&"'!F9:F500"),MATCH(CAP[[#This Row],[Finding number (question number from audit report)]],INDIRECT("'"&CAP[[#This Row],[Category]]&"'!A9:A500"),0))=0,"Incomplete",INDEX(INDIRECT("'"&CAP[[#This Row],[Category]]&"'!F9:F500"),MATCH(CAP[[#This Row],[Finding number (question number from audit report)]],INDIRECT("'"&CAP[[#This Row],[Category]]&"'!A9:A500"),0))) -> Incomplete | D82: =IF(INDEX(INDIRECT("'"&CAP[[#This Row],[Category]]&"'!G9:G500"),MATCH(CAP[[#This Row],[Finding number (question number from audit report)]],INDIRECT("'"&CAP[[#This Row],[Category]]&"'!A9:A500"),0))=0,"-",INDEX(INDIRECT("'"&CAP[[#This Row],[Category]]&"'!G9:G500"),MATCH(CAP[[#This Row],[Finding number (question number from audit report)]],INDIRECT("'"&CAP[[#This Row],[Category]]&"'!A9:A500"),0))) -> - | K82: Health & Safety | L82: General | M82: =IF(OR(CAP[[#This Row],[Finding Type]]="Critical finding",CAP[[#This Row],[Finding Type]]="Other finding",CAP[[#This Row],[Finding Type]]="Minor finding",CAP[[#This Row],[Finding Type]]="Non-finding remark",CAP[[#This Row],[Finding Type]]="Major finding"),"Show all findings",IF(CAP[[#This Row],[Finding Type]]="Incomplete","Show incomplete","Show questions with no findings")) -> Show incomplete
A83: 44 | B83: =IF(CAP[[#This Row],[Category]]="Company Specific Questions",CAP[[#This Row],[Category]],CAP[[#This Row],[Category]]&": "&CAP[[#This Row],[Sub-category]]) -> Health & Safety: General | C83: =IF(INDEX(INDIRECT("'"&CAP[[#This Row],[Category]]&"'!F9:F500"),MATCH(CAP[[#This Row],[Finding number (question number from audit report)]],INDIRECT("'"&CAP[[#This Row],[Category]]&"'!A9:A500"),0))=0,"Incomplete",INDEX(INDIRECT("'"&CAP[[#This Row],[Category]]&"'!F9:F500"),MATCH(CAP[[#This Row],[Finding number (question number from audit report)]],INDIRECT("'"&CAP[[#This Row],[Category]]&"'!A9:A500"),0))) -> Incomplete | D83: =IF(INDEX(INDIRECT("'"&CAP[[#This Row],[Category]]&"'!G9:G500"),MATCH(CAP[[#This Row],[Finding number (question number from audit report)]],INDIRECT("'"&CAP[[#This Row],[Category]]&"'!A9:A500"),0))=0,"-",INDEX(INDIRECT("'"&CAP[[#This Row],[Category]]&"'!G9:G500"),MATCH(CAP[[#This Row],[Finding number (question number from audit report)]],INDIRECT("'"&CAP[[#This Row],[Category]]&"'!A9:A500"),0))) -> - | K83: Health & Safety | L83: General | M83: =IF(OR(CAP[[#This Row],[Finding Type]]="Critical finding",CAP[[#This Row],[Finding Type]]="Other finding",CAP[[#This Row],[Finding Type]]="Minor finding",CAP[[#This Row],[Finding Type]]="Non-finding remark",CAP[[#This Row],[Finding Type]]="Major finding"),"Show all findings",IF(CAP[[#This Row],[Finding Type]]="Incomplete","Show incomplete","Show questions with no findings")) -> Show incomplete
A84: 45 | B84: =IF(CAP[[#This Row],[Category]]="Company Specific Questions",CAP[[#This Row],[Category]],CAP[[#This Row],[Category]]&": "&CAP[[#This Row],[Sub-category]]) -> Health & Safety: Worker Protection | C84: =IF(INDEX(INDIRECT("'"&CAP[[#This Row],[Category]]&"'!F9:F500"),MATCH(CAP[[#This Row],[Finding number (question number from audit report)]],INDIRECT("'"&CAP[[#This Row],[Category]]&"'!A9:A500"),0))=0,"Incomplete",INDEX(INDIRECT("'"&CAP[[#This Row],[Category]]&"'!F9:F500"),MATCH(CAP[[#This Row],[Finding number (question number from audit report)]],INDIRECT("'"&CAP[[#This Row],[Category]]&"'!A9:A500"),0))) -> Incomplete | D84: =IF(INDEX(INDIRECT("'"&CAP[[#This Row],[Category]]&"'!G9:G500"),MATCH(CAP[[#This Row],[Finding number (question number from audit report)]],INDIRECT("'"&CAP[[#This Row],[Category]]&"'!A9:A500"),0))=0,"-",INDEX(INDIRECT("'"&CAP[[#This Row],[Category]]&"'!G9:G500"),MATCH(CAP[[#This Row],[Finding number (question number from audit report)]],INDIRECT("'"&CAP[[#This Row],[Category]]&"'!A9:A500"),0))) -> - | K84: Health & Safety | L84: Worker Protection | M84: =IF(OR(CAP[[#This Row],[Finding Type]]="Critical finding",CAP[[#This Row],[Finding Type]]="Other finding",CAP[[#This Row],[Finding Type]]="Minor finding",CAP[[#This Row],[Finding Type]]="Non-finding remark",CAP[[#This Row],[Finding Type]]="Major finding"),"Show all findings",IF(CAP[[#This Row],[Finding Type]]="Incomplete","Show incomplete","Show questions with no findings")) -> Show incomplete
A85: 46 | B85: =IF(CAP[[#This Row],[Category]]="Company Specific Questions",CAP[[#This Row],[Category]],CAP[[#This Row],[Category]]&": "&CAP[[#This Row],[Sub-category]]) -> Health & Safety: Worker Protection | C85: =IF(INDEX(INDIRECT("'"&CAP[[#This Row],[Category]]&"'!F9:F500"),MATCH(CAP[[#This Row],[Finding number (question number from audit report)]],INDIRECT("'"&CAP[[#This Row],[Category]]&"'!A9:A500"),0))=0,"Incomplete",INDEX(INDIRECT("'"&CAP[[#This Row],[Category]]&"'!F9:F500"),MATCH(CAP[[#This Row],[Finding number (question number from audit report)]],INDIRECT("'"&CAP[[#This Row],[Category]]&"'!A9:A500"),0))) -> Incomplete | D85: =IF(INDEX(INDIRECT("'"&CAP[[#This Row],[Category]]&"'!G9:G500"),MATCH(CAP[[#This Row],[Finding number (question number from audit report)]],INDIRECT("'"&CAP[[#This Row],[Category]]&"'!A9:A500"),0))=0,"-",INDEX(INDIRECT("'"&CAP[[#This Row],[Category]]&"'!G9:G500"),MATCH(CAP[[#This Row],[Finding number (question number from audit report)]],INDIRECT("'"&CAP[[#This Row],[Category]]&"'!A9:A500"),0))) -> - | K85: Health & Safety | L85: Worker Protection | M85: =IF(OR(CAP[[#This Row],[Finding Type]]="Critical finding",CAP[[#This Row],[Finding Type]]="Other finding",CAP[[#This Row],[Finding Type]]="Minor finding",CAP[[#This Row],[Finding Type]]="Non-finding remark",CAP[[#This Row],[Finding Type]]="Major finding"),"Show all findings",IF(CAP[[#This Row],[Finding Type]]="Incomplete","Show incomplete","Show questions with no findings")) -> Show incomplete
... A99: 60 | B99: =IF(CAP[[#This Row],[Category]]="Company Specific Questions",CAP[[#This Row],[Category]],CAP[[#This Row],[Category]]&": "&CAP[[#This Row],[Sub-category]]) -> Health & Safety: Occupational Health & Industrial Hygiene | C99: =IF(INDEX(INDIRECT("'"&CAP[[#This Row],[Category]]&"'!F9:F500"),MATCH(CAP[[#This Row],[Finding number (question number from audit report)]],INDIRECT("'"&CAP[[#This Row],[Category]]&"'!A9:A500"),0))=0,"Incomplete",INDEX(INDIRECT("'"&CAP[[#This Row],[Category]]&"'!F9:F500"),MATCH(CAP[[#This Row],[Finding number (question number from audit report)]],INDIRECT("'"&CAP[[#This Row],[Category]]&"'!A9:A500"),0))) -> Incomplete | D99: =IF(INDEX(INDIRECT("'"&CAP[[#This Row],[Category]]&"'!G9:G500"),MATCH(CAP[[#This Row],[Finding number (question number from audit report)]],INDIRECT("'"&CAP[[#This Row],[Category]]&"'!A9:A500"),0))=0,"-",INDEX(INDIRECT("'"&CAP[[#This Row],[Category]]&"'!G9:G500"),MATCH(CAP[[#This Row],[Finding number (question number from audit report)]],INDIRECT("'"&CAP[[#This Row],[Category]]&"'!A9:A500"),0))) -> - | K99: Health & Safety | L99: Occupational Health & Industrial Hygiene | M99: =IF(OR(CAP[[#This Row],[Finding Type]]="Critical finding",CAP[[#This Row],[Finding Type]]="Other finding",CAP[[#This Row],[Finding Type]]="Minor finding",CAP[[#This Row],[Finding Type]]="Non-finding remark",CAP[[#This Row],[Finding Type]]="Major finding"),"Show all findings",IF(CAP[[#This Row],[Finding Type]]="Incomplete","Show incomplete","Show questions with no findings")) -> Show incomplete
A100: HS-1 | B100: =IF(CAP[[#This Row],[Category]]="Company Specific Questions",CAP[[#This Row],[Category]],CAP[[#This Row],[Category]]&": "&CAP[[#This Row],[Sub-category]]) -> Health & Safety: Additional Finding | C100: =IF(INDEX(INDIRECT("'"&CAP[[#This Row],[Category]]&"'!F9:F500"),MATCH(CAP[[#This Row],[Finding number (question number from audit report)]],INDIRECT("'"&CAP[[#This Row],[Category]]&"'!A9:A500"),0))=0,"Incomplete",INDEX(INDIRECT("'"&CAP[[#This Row],[Category]]&"'!F9:F500"),MATCH(CAP[[#This Row],[Finding number (question number from audit report)]],INDIRECT("'"&CAP[[#This Row],[Category]]&"'!A9:A500"),0))) -> Incomplete | D100: =IF(INDEX(INDIRECT("'"&CAP[[#This Row],[Category]]&"'!G9:G500"),MATCH(CAP[[#This Row],[Finding number (question number from audit report)]],INDIRECT("'"&CAP[[#This Row],[Category]]&"'!A9:A500"),0))=0,"-",INDEX(INDIRECT("'"&CAP[[#This Row],[Category]]&"'!G9:G500"),MATCH(CAP[[#This Row],[Finding number (question number from audit report)]],INDIRECT("'"&CAP[[#This Row],[Category]]&"'!A9:A500"),0))) -> - | K100: Health & Safety | L100: Additional Finding | M100: =IF(OR(CAP[[#This Row],[Finding Type]]="Critical finding",CAP[[#This Row],[Finding Type]]="Other finding",CAP[[#This Row],[Finding Type]]="Minor finding",CAP[[#This Row],[Finding Type]]="Non-finding remark",CAP[[#This Row],[Finding Type]]="Major finding"),"Show all findings",IF(CAP[[#This Row],[Finding Type]]="Incomplete","Show incomplete","Show questions with no findings")) -> Show incomplete
A101: HS-2 | B101: =IF(CAP[[#This Row],[Category]]="Company Specific Questions",CAP[[#This Row],[Category]],CAP[[#This Row],[Category]]&": "&CAP[[#This Row],[Sub-category]]) -> Health & Safety: Additional Finding | C101: =IF(INDEX(INDIRECT("'"&CAP[[#This Row],[Category]]&"'!F9:F500"),MATCH(CAP[[#This Row],[Finding number (question number from audit report)]],INDIRECT("'"&CAP[[#This Row],[Category]]&"'!A9:A500"),0))=0,"Incomplete",INDEX(INDIRECT("'"&CAP[[#This Row],[Category]]&"'!F9:F500"),MATCH(CAP[[#This Row],[Finding number (question number from audit report)]],INDIRECT("'"&CAP[[#This Row],[Category]]&"'!A9:A500"),0))) -> Incomplete | D101: =IF(INDEX(INDIRECT("'"&CAP[[#This Row],[Category]]&"'!G9:G500"),MATCH(CAP[[#This Row],[Finding number (question number from audit report)]],INDIRECT("'"&CAP[[#This Row],[Category]]&"'!A9:A500"),0))=0,"-",INDEX(INDIRECT("'"&CAP[[#This Row],[Category]]&"'!G9:G500"),MATCH(CAP[[#This Row],[Finding number (question number from audit report)]],INDIRECT("'"&CAP[[#This Row],[Category]]&"'!A9:A500"),0))) -> - | K101: Health & Safety | L101: Additional Finding | M101: =IF(OR(CAP[[#This Row],[Finding Type]]="Critical finding",CAP[[#This Row],[Finding Type]]="Other finding",CAP[[#This Row],[Finding Type]]="Minor finding",CAP[[#This Row],[Finding Type]]="Non-finding remark",CAP[[#This Row],[Finding Type]]="Major finding"),"Show all findings",IF(CAP[[#This Row],[Finding Type]]="Incomplete","Show incomplete","Show questions with no findings")) -> Show incomplete
A102: HS-3 | B102: =IF(CAP[[#This Row],[Category]]="Company Specific Questions",CAP[[#This Row],[Category]],CAP[[#This Row],[Category]]&": "&CAP[[#This Row],[Sub-category]]) -> Health & Safety: Additional Finding | C102: =IF(INDEX(INDIRECT("'"&CAP[[#This Row],[Category]]&"'!F9:F500"),MATCH(CAP[[#This Row],[Finding number (question number from audit report)]],INDIRECT("'"&CAP[[#This Row],[Category]]&"'!A9:A500"),0))=0,"Incomplete",INDEX(INDIRECT("'"&CAP[[#This Row],[Category]]&"'!F9:F500"),MATCH(CAP[[#This Row],[Finding number (question number from audit report)]],INDIRECT("'"&CAP[[#This Row],[Category]]&"'!A9:A500"),0))) -> Incomplete | D102: =IF(INDEX(INDIRECT("'"&CAP[[#This Row],[Category]]&"'!G9:G500"),MATCH(CAP[[#This Row],[Finding number (question number from audit report)]],INDIRECT("'"&CAP[[#This Row],[Category]]&"'!A9:A500"),0))=0,"-",INDEX(INDIRECT("'"&CAP[[#This Row],[Category]]&"'!G9:G500"),MATCH(CAP[[#This Row],[Finding number (question number from audit report)]],INDIRECT("'"&CAP[[#This Row],[Category]]&"'!A9:A500"),0))) -> - | K102: Health & Safety | L102: Additional Finding | M102: =IF(OR(CAP[[#This Row],[Finding Type]]="Critical finding",CAP[[#This Row],[Finding Type]]="Other finding",CAP[[#This Row],[Finding Type]]="Minor finding",CAP[[#This Row],[Finding Type]]="Non-finding remark",CAP[[#This Row],[Finding Type]]="Major finding"),"Show all findings",IF(CAP[[#This Row],[Finding Type]]="Incomplete","Show incomplete","Show questions with no findings")) -> Show incomplete
A103: HS-4 | B103: =IF(CAP[[#This Row],[Category]]="Company Specific Questions",CAP[[#This Row],[Category]],CAP[[#This Row],[Category]]&": "&CAP[[#This Row],[Sub-category]]) -> Health & Safety: Additional Finding | C103: =IF(INDEX(INDIRECT("'"&CAP[[#This Row],[Category]]&"'!F9:F500"),MATCH(CAP[[#This Row],[Finding number (question number from audit report)]],INDIRECT("'"&CAP[[#This Row],[Category]]&"'!A9:A500"),0))=0,"Incomplete",INDEX(INDIRECT("'"&CAP[[#This Row],[Category]]&"'!F9:F500"),MATCH(CAP[[#This Row],[Finding number (question number from audit report)]],INDIRECT("'"&CAP[[#This Row],[Category]]&"'!A9:A500"),0))) -> Incomplete | D103: =IF(INDEX(INDIRECT("'"&CAP[[#This Row],[Category]]&"'!G9:G500"),MATCH(CAP[[#This Row],[Finding number (question number from audit report)]],INDIRECT("'"&CAP[[#This Row],[Category]]&"'!A9:A500"),0))=0,"-",INDEX(INDIRECT("'"&CAP[[#This Row],[Category]]&"'!G9:G500"),MATCH(CAP[[#This Row],[Finding number (question number from audit report)]],INDIRECT("'"&CAP[[#This Row],[Category]]&"'!A9:A500"),0))) -> - | K103: Health & Safety | L103: Additional Finding | M103: =IF(OR(CAP[[#This Row],[Finding Type]]="Critical finding",CAP[[#This Row],[Finding Type]]="Other finding",CAP[[#This Row],[Finding Type]]="Minor finding",CAP[[#This Row],[Finding Type]]="Non-finding remark",CAP[[#This Row],[Finding Type]]="Major finding"),"Show all findings",IF(CAP[[#This Row],[Finding Type]]="Incomplete","Show incomplete","Show questions with no findings")) -> Show incomplete
A104: HS-5 | B104: =IF(CAP[[#This Row],[Category]]="Company Specific Questions",CAP[[#This Row],[Category]],CAP[[#This Row],[Category]]&": "&CAP[[#This Row],[Sub-category]]) -> Health & Safety: Additional Finding | C104: =IF(INDEX(INDIRECT("'"&CAP[[#This Row],[Category]]&"'!F9:F500"),MATCH(CAP[[#This Row],[Finding number (question number from audit report)]],INDIRECT("'"&CAP[[#This Row],[Category]]&"'!A9:A500"),0))=0,"Incomplete",INDEX(INDIRECT("'"&CAP[[#This Row],[Category]]&"'!F9:F500"),MATCH(CAP[[#This Row],[Finding number (question number from audit report)]],INDIRECT("'"&CAP[[#This Row],[Category]]&"'!A9:A500"),0))) -> Incomplete | D104: =IF(INDEX(INDIRECT("'"&CAP[[#This Row],[Category]]&"'!G9:G500"),MATCH(CAP[[#This Row],[Finding number (question number from audit report)]],INDIRECT("'"&CAP[[#This Row],[Category]]&"'!A9:A500"),0))=0,"-",INDEX(INDIRECT("'"&CAP[[#This Row],[Category]]&"'!G9:G500"),MATCH(CAP[[#This Row],[Finding number (question number from audit report)]],INDIRECT("'"&CAP[[#This Row],[Category]]&"'!A9:A500"),0))) -> - | K104: Health & Safety | L104: Additional Finding | M104: =IF(OR(CAP[[#This Row],[Finding Type]]="Critical finding",CAP[[#This Row],[Finding Type]]="Other finding",CAP[[#This Row],[Finding Type]]="Minor finding",CAP[[#This Row],[Finding Type]]="Non-finding remark",CAP[[#This Row],[Finding Type]]="Major finding"),"Show all findings",IF(CAP[[#This Row],[Finding Type]]="Incomplete","Show incomplete","Show questions with no findings")) -> Show incomplete
A105: 61 | B105: =IF(CAP[[#This Row],[Category]]="Company Specific Questions",CAP[[#This Row],[Category]],CAP[[#This Row],[Category]]&": "&CAP[[#This Row],[Sub-category]]) -> Company Specific Questions | C105: =IF(INDEX(INDIRECT("'"&CAP[[#This Row],[Category]]&"'!F9:F500"),MATCH(CAP[[#This Row],[Finding number (question number from audit report)]],INDIRECT("'"&CAP[[#This Row],[Category]]&"'!A9:A500"),0))=0,"Incomplete",INDEX(INDIRECT("'"&CAP[[#This Row],[Category]]&"'!F9:F500"),MATCH(CAP[[#This Row],[Finding number (question number from audit report)]],INDIRECT("'"&CAP[[#This Row],[Category]]&"'!A9:A500"),0))) -> Incomplete | D105: =IF(INDEX(INDIRECT("'"&CAP[[#This Row],[Category]]&"'!G9:G500"),MATCH(CAP[[#This Row],[Finding number (question number from audit report)]],INDIRECT("'"&CAP[[#This Row],[Category]]&"'!A9:A500"),0))=0,"-",INDEX(INDIRECT("'"&CAP[[#This Row],[Category]]&"'!G9:G500"),MATCH(CAP[[#This Row],[Finding number (question number from audit report)]],INDIRECT("'"&CAP[[#This Row],[Category]]&"'!A9:A500"),0))) -> - | K105: Company Specific Questions | M105: =IF(OR(CAP[[#This Row],[Finding Type]]="Critical finding",CAP[[#This Row],[Finding Type]]="Other finding",CAP[[#This Row],[Finding Type]]="Minor finding",CAP[[#This Row],[Finding Type]]="Non-finding remark",CAP[[#This Row],[Finding Type]]="Major finding"),"Show all findings",IF(CAP[[#This Row],[Finding Type]]="Incomplete","Show incomplete","Show questions with no findings")) -> Show incomplete
A106: 62 | B106: =IF(CAP[[#This Row],[Category]]="Company Specific Questions",CAP[[#This Row],[Category]],CAP[[#This Row],[Category]]&": "&CAP[[#This Row],[Sub-category]]) -> Company Specific Questions | C106: =IF(INDEX(INDIRECT("'"&CAP[[#This Row],[Category]]&"'!F9:F500"),MATCH(CAP[[#This Row],[Finding number (question number from audit report)]],INDIRECT("'"&CAP[[#This Row],[Category]]&"'!A9:A500"),0))=0,"Incomplete",INDEX(INDIRECT("'"&CAP[[#This Row],[Category]]&"'!F9:F500"),MATCH(CAP[[#This Row],[Finding number (question number from audit report)]],INDIRECT("'"&CAP[[#This Row],[Category]]&"'!A9:A500"),0))) -> Incomplete | D106: =IF(INDEX(INDIRECT("'"&CAP[[#This Row],[Category]]&"'!G9:G500"),MATCH(CAP[[#This Row],[Finding number (question number from audit report)]],INDIRECT("'"&CAP[[#This Row],[Category]]&"'!A9:A500"),0))=0,"-",INDEX(INDIRECT("'"&CAP[[#This Row],[Category]]&"'!G9:G500"),MATCH(CAP[[#This Row],[Finding number (question number from audit report)]],INDIRECT("'"&CAP[[#This Row],[Category]]&"'!A9:A500"),0))) -> - | K106: Company Specific Questions | M106: =IF(OR(CAP[[#This Row],[Finding Type]]="Critical finding",CAP[[#This Row],[Finding Type]]="Other finding",CAP[[#This Row],[Finding Type]]="Minor finding",CAP[[#This Row],[Finding Type]]="Non-finding remark",CAP[[#This Row],[Finding Type]]="Major finding"),"Show all findings",IF(CAP[[#This Row],[Finding Type]]="Incomplete","Show incomplete","Show questions with no findings")) -> Show incomplete
A107: 63 | B107: =IF(CAP[[#This Row],[Category]]="Company Specific Questions",CAP[[#This Row],[Category]],CAP[[#This Row],[Category]]&": "&CAP[[#This Row],[Sub-category]]) -> Company Specific Questions | C107: =IF(INDEX(INDIRECT("'"&CAP[[#This Row],[Category]]&"'!F9:F500"),MATCH(CAP[[#This Row],[Finding number (question number from audit report)]],INDIRECT("'"&CAP[[#This Row],[Category]]&"'!A9:A500"),0))=0,"Incomplete",INDEX(INDIRECT("'"&CAP[[#This Row],[Category]]&"'!F9:F500"),MATCH(CAP[[#This Row],[Finding number (question number from audit report)]],INDIRECT("'"&CAP[[#This Row],[Category]]&"'!A9:A500"),0))) -> Incomplete | D107: =IF(INDEX(INDIRECT("'"&CAP[[#This Row],[Category]]&"'!G9:G500"),MATCH(CAP[[#This Row],[Finding number (question number from audit report)]],INDIRECT("'"&CAP[[#This Row],[Category]]&"'!A9:A500"),0))=0,"-",INDEX(INDIRECT("'"&CAP[[#This Row],[Category]]&"'!G9:G500"),MATCH(CAP[[#This Row],[Finding number (question number from audit report)]],INDIRECT("'"&CAP[[#This Row],[Category]]&"'!A9:A500"),0))) -> - | K107: Company Specific Questions | M107: =IF(OR(CAP[[#This Row],[Finding Type]]="Critical finding",CAP[[#This Row],[Finding Type]]="Other finding",CAP[[#This Row],[Finding Type]]="Minor finding",CAP[[#This Row],[Finding Type]]="Non-finding remark",CAP[[#This Row],[Finding Type]]="Major finding"),"Show all findings",IF(CAP[[#This Row],[Finding Type]]="Incomplete","Show incomplete","Show questions with no findings")) -> Show incomplete
A108: 64 | B108: =IF(CAP[[#This Row],[Category]]="Company Specific Questions",CAP[[#This Row],[Category]],CAP[[#This Row],[Category]]&": "&CAP[[#This Row],[Sub-category]]) -> Company Specific Questions | C108: =IF(INDEX(INDIRECT("'"&CAP[[#This Row],[Category]]&"'!F9:F500"),MATCH(CAP[[#This Row],[Finding number (question number from audit report)]],INDIRECT("'"&CAP[[#This Row],[Category]]&"'!A9:A500"),0))=0,"Incomplete",INDEX(INDIRECT("'"&CAP[[#This Row],[Category]]&"'!F9:F500"),MATCH(CAP[[#This Row],[Finding number (question number from audit report)]],INDIRECT("'"&CAP[[#This Row],[Category]]&"'!A9:A500"),0))) -> Incomplete | D108: =IF(INDEX(INDIRECT("'"&CAP[[#This Row],[Category]]&"'!G9:G500"),MATCH(CAP[[#This Row],[Finding number (question number from audit report)]],INDIRECT("'"&CAP[[#This Row],[Category]]&"'!A9:A500"),0))=0,"-",INDEX(INDIRECT("'"&CAP[[#This Row],[Category]]&"'!G9:G500"),MATCH(CAP[[#This Row],[Finding number (question number from audit report)]],INDIRECT("'"&CAP[[#This Row],[Category]]&"'!A9:A500"),0))) -> - | K108: Company Specific Questions | M108: =IF(OR(CAP[[#This Row],[Finding Type]]="Critical finding",CAP[[#This Row],[Finding Type]]="Other finding",CAP[[#This Row],[Finding Type]]="Minor finding",CAP[[#This Row],[Finding Type]]="Non-finding remark",CAP[[#This Row],[Finding Type]]="Major finding"),"Show all findings",IF(CAP[[#This Row],[Finding Type]]="Incomplete","Show incomplete","Show questions with no findings")) -> Show incomplete
A109: 65 | B109: =IF(CAP[[#This Row],[Category]]="Company Specific Questions",CAP[[#This Row],[Category]],CAP[[#This Row],[Category]]&": "&CAP[[#This Row],[Sub-category]]) -> Company Specific Questions | C109: =IF(INDEX(INDIRECT("'"&CAP[[#This Row],[Category]]&"'!F9:F500"),MATCH(CAP[[#This Row],[Finding number (question number from audit report)]],INDIRECT("'"&CAP[[#This Row],[Category]]&"'!A9:A500"),0))=0,"Incomplete",INDEX(INDIRECT("'"&CAP[[#This Row],[Category]]&"'!F9:F500"),MATCH(CAP[[#This Row],[Finding number (question number from audit report)]],INDIRECT("'"&CAP[[#This Row],[Category]]&"'!A9:A500"),0))) -> Incomplete | D109: =IF(INDEX(INDIRECT("'"&CAP[[#This Row],[Category]]&"'!G9:G500"),MATCH(CAP[[#This Row],[Finding number (question number from audit report)]],INDIRECT("'"&CAP[[#This Row],[Category]]&"'!A9:A500"),0))=0,"-",INDEX(INDIRECT("'"&CAP[[#This Row],[Category]]&"'!G9:G500"),MATCH(CAP[[#This Row],[Finding number (question number from audit report)]],INDIRECT("'"&CAP[[#This Row],[Category]]&"'!A9:A500"),0))) -> - | K109: Company Specific Questions | M109: =IF(OR(CAP[[#This Row],[Finding Type]]="Critical finding",CAP[[#This Row],[Finding Type]]="Other finding",CAP[[#This Row],[Finding Type]]="Minor finding",CAP[[#This Row],[Finding Type]]="Non-finding remark",CAP[[#This Row],[Finding Type]]="Major finding"),"Show all findings",IF(CAP[[#This Row],[Finding Type]]="Incomplete","Show incomplete","Show questions with no findings")) -> Show incomplete
A110: 66 | B110: =IF(CAP[[#This Row],[Category]]="Company Specific Questions",CAP[[#This Row],[Category]],CAP[[#This Row],[Category]]&": "&CAP[[#This Row],[Sub-category]]) -> Company Specific Questions | C110: =IF(INDEX(INDIRECT("'"&CAP[[#This Row],[Category]]&"'!F9:F500"),MATCH(CAP[[#This Row],[Finding number (question number from audit report)]],INDIRECT("'"&CAP[[#This Row],[Category]]&"'!A9:A500"),0))=0,"Incomplete",INDEX(INDIRECT("'"&CAP[[#This Row],[Category]]&"'!F9:F500"),MATCH(CAP[[#This Row],[Finding number (question number from audit report)]],INDIRECT("'"&CAP[[#This Row],[Category]]&"'!A9:A500"),0))) -> Incomplete | D110: =IF(INDEX(INDIRECT("'"&CAP[[#This Row],[Category]]&"'!G9:G500"),MATCH(CAP[[#This Row],[Finding number (question number from audit report)]],INDIRECT("'"&CAP[[#This Row],[Category]]&"'!A9:A500"),0))=0,"-",INDEX(INDIRECT("'"&CAP[[#This Row],[Category]]&"'!G9:G500"),MATCH(CAP[[#This Row],[Finding number (question number from audit report)]],INDIRECT("'"&CAP[[#This Row],[Category]]&"'!A9:A500"),0))) -> - | K110: Company Specific Questions | M110: =IF(OR(CAP[[#This Row],[Finding Type]]="Critical finding",CAP[[#This Row],[Finding Type]]="Other finding",CAP[[#This Row],[Finding Type]]="Minor finding",CAP[[#This Row],[Finding Type]]="Non-finding remark",CAP[[#This Row],[Finding Type]]="Major finding"),"Show all findings",IF(CAP[[#This Row],[Finding Type]]="Incomplete","Show incomplete","Show questions with no findings")) -> Show incomplete
A111: 67 | B111: =IF(CAP[[#This Row],[Category]]="Company Specific Questions",CAP[[#This Row],[Category]],CAP[[#This Row],[Category]]&": "&CAP[[#This Row],[Sub-category]]) -> Company Specific Questions | C111: =IF(INDEX(INDIRECT("'"&CAP[[#This Row],[Category]]&"'!F9:F500"),MATCH(CAP[[#This Row],[Finding number (question number from audit report)]],INDIRECT("'"&CAP[[#This Row],[Category]]&"'!A9:A500"),0))=0,"Incomplete",INDEX(INDIRECT("'"&CAP[[#This Row],[Category]]&"'!F9:F500"),MATCH(CAP[[#This Row],[Finding number (question number from audit report)]],INDIRECT("'"&CAP[[#This Row],[Category]]&"'!A9:A500"),0))) -> Incomplete | D111: =IF(INDEX(INDIRECT("'"&CAP[[#This Row],[Category]]&"'!G9:G500"),MATCH(CAP[[#This Row],[Finding number (question number from audit report)]],INDIRECT("'"&CAP[[#This Row],[Category]]&"'!A9:A500"),0))=0,"-",INDEX(INDIRECT("'"&CAP[[#This Row],[Category]]&"'!G9:G500"),MATCH(CAP[[#This Row],[Finding number (question number from audit report)]],INDIRECT("'"&CAP[[#This Row],[Category]]&"'!A9:A500"),0))) -> - | K111: Company Specific Questions | M111: =IF(OR(CAP[[#This Row],[Finding Type]]="Critical finding",CAP[[#This Row],[Finding Type]]="Other finding",CAP[[#This Row],[Finding Type]]="Minor finding",CAP[[#This Row],[Finding Type]]="Non-finding remark",CAP[[#This Row],[Finding Type]]="Major finding"),"Show all findings",IF(CAP[[#This Row],[Finding Type]]="Incomplete","Show incomplete","Show questions with no findings")) -> Show incomplete
A112: 68 | B112: =IF(CAP[[#This Row],[Category]]="Company Specific Questions",CAP[[#This Row],[Category]],CAP[[#This Row],[Category]]&": "&CAP[[#This Row],[Sub-category]]) -> Company Specific Questions | C112: =IF(INDEX(INDIRECT("'"&CAP[[#This Row],[Category]]&"'!F9:F500"),MATCH(CAP[[#This Row],[Finding number (question number from audit report)]],INDIRECT("'"&CAP[[#This Row],[Category]]&"'!A9:A500"),0))=0,"Incomplete",INDEX(INDIRECT("'"&CAP[[#This Row],[Category]]&"'!F9:F500"),MATCH(CAP[[#This Row],[Finding number (question number from audit report)]],INDIRECT("'"&CAP[[#This Row],[Category]]&"'!A9:A500"),0))) -> Incomplete | D112: =IF(INDEX(INDIRECT("'"&CAP[[#This Row],[Category]]&"'!G9:G500"),MATCH(CAP[[#This Row],[Finding number (question number from audit report)]],INDIRECT("'"&CAP[[#This Row],[Category]]&"'!A9:A500"),0))=0,"-",INDEX(INDIRECT("'"&CAP[[#This Row],[Category]]&"'!G9:G500"),MATCH(CAP[[#This Row],[Finding number (question number from audit report)]],INDIRECT("'"&CAP[[#This Row],[Category]]&"'!A9:A500"),0))) -> - | K112: Company Specific Questions | M112: =IF(OR(CAP[[#This Row],[Finding Type]]="Critical finding",CAP[[#This Row],[Finding Type]]="Other finding",CAP[[#This Row],[Finding Type]]="Minor finding",CAP[[#This Row],[Finding Type]]="Non-finding remark",CAP[[#This Row],[Finding Type]]="Major finding"),"Show all findings",IF(CAP[[#This Row],[Finding Type]]="Incomplete","Show incomplete","Show questions with no findings")) -> Show incomplete
A113: 69 | B113: =IF(CAP[[#This Row],[Category]]="Company Specific Questions",CAP[[#This Row],[Category]],CAP[[#This Row],[Category]]&": "&CAP[[#This Row],[Sub-category]]) -> Company Specific Questions | C113: =IF(INDEX(INDIRECT("'"&CAP[[#This Row],[Category]]&"'!F9:F500"),MATCH(CAP[[#This Row],[Finding number (question number from audit report)]],INDIRECT("'"&CAP[[#This Row],[Category]]&"'!A9:A500"),0))=0,"Incomplete",INDEX(INDIRECT("'"&CAP[[#This Row],[Category]]&"'!F9:F500"),MATCH(CAP[[#This Row],[Finding number (question number from audit report)]],INDIRECT("'"&CAP[[#This Row],[Category]]&"'!A9:A500"),0))) -> Incomplete | D113: =IF(INDEX(INDIRECT("'"&CAP[[#This Row],[Category]]&"'!G9:G500"),MATCH(CAP[[#This Row],[Finding number (question number from audit report)]],INDIRECT("'"&CAP[[#This Row],[Category]]&"'!A9:A500"),0))=0,"-",INDEX(INDIRECT("'"&CAP[[#This Row],[Category]]&"'!G9:G500"),MATCH(CAP[[#This Row],[Finding number (question number from audit report)]],INDIRECT("'"&CAP[[#This Row],[Category]]&"'!A9:A500"),0))) -> - | K113: Company Specific Questions | M113: =IF(OR(CAP[[#This Row],[Finding Type]]="Critical finding",CAP[[#This Row],[Finding Type]]="Other finding",CAP[[#This Row],[Finding Type]]="Minor finding",CAP[[#This Row],[Finding Type]]="Non-finding remark",CAP[[#This Row],[Finding Type]]="Major finding"),"Show all findings",IF(CAP[[#This Row],[Finding Type]]="Incomplete","Show incomplete","Show questions with no findings")) -> Show incomplete
A114: 70 | B114: =IF(CAP[[#This Row],[Category]]="Company Specific Questions",CAP[[#This Row],[Category]],CAP[[#This Row],[Category]]&": "&CAP[[#This Row],[Sub-category]]) -> Company Specific Questions | C114: =IF(INDEX(INDIRECT("'"&CAP[[#This Row],[Category]]&"'!F9:F500"),MATCH(CAP[[#This Row],[Finding number (question number from audit report)]],INDIRECT("'"&CAP[[#This Row],[Category]]&"'!A9:A500"),0))=0,"Incomplete",INDEX(INDIRECT("'"&CAP[[#This Row],[Category]]&"'!F9:F500"),MATCH(CAP[[#This Row],[Finding number (question number from audit report)]],INDIRECT("'"&CAP[[#This Row],[Category]]&"'!A9:A500"),0))) -> Incomplete | D114: =IF(INDEX(INDIRECT("'"&CAP[[#This Row],[Category]]&"'!G9:G500"),MATCH(CAP[[#This Row],[Finding number (question number from audit report)]],INDIRECT("'"&CAP[[#This Row],[Category]]&"'!A9:A500"),0))=0,"-",INDEX(INDIRECT("'"&CAP[[#This Row],[Category]]&"'!G9:G500"),MATCH(CAP[[#This Row],[Finding number (question number from audit report)]],INDIRECT("'"&CAP[[#This Row],[Category]]&"'!A9:A500"),0))) -> - | K114: Company Specific Questions | M114: =IF(OR(CAP[[#This Row],[Finding Type]]="Critical finding",CAP[[#This Row],[Finding Type]]="Other finding",CAP[[#This Row],[Finding Type]]="Minor finding",CAP[[#This Row],[Finding Type]]="Non-finding remark",CAP[[#This Row],[Finding Type]]="Major finding"),"Show all findings",IF(CAP[[#This Row],[Finding Type]]="Incomplete","Show incomplete","Show questions with no findings")) -> Show incomplete
A115: 71 | B115: =IF(CAP[[#This Row],[Category]]="Company Specific Questions",CAP[[#This Row],[Category]],CAP[[#This Row],[Category]]&": "&CAP[[#This Row],[Sub-category]]) -> Company Specific Questions | C115: =IF(INDEX(INDIRECT("'"&CAP[[#This Row],[Category]]&"'!F9:F500"),MATCH(CAP[[#This Row],[Finding number (question number from audit report)]],INDIRECT("'"&CAP[[#This Row],[Category]]&"'!A9:A500"),0))=0,"Incomplete",INDEX(INDIRECT("'"&CAP[[#This Row],[Category]]&"'!F9:F500"),MATCH(CAP[[#This Row],[Finding number (question number from audit report)]],INDIRECT("'"&CAP[[#This Row],[Category]]&"'!A9:A500"),0))) -> Incomplete | D115: =IF(INDEX(INDIRECT("'"&CAP[[#This Row],[Category]]&"'!G9:G500"),MATCH(CAP[[#This Row],[Finding number (question number from audit report)]],INDIRECT("'"&CAP[[#This Row],[Category]]&"'!A9:A500"),0))=0,"-",INDEX(INDIRECT("'"&CAP[[#This Row],[Category]]&"'!G9:G500"),MATCH(CAP[[#This Row],[Finding number (question number from audit report)]],INDIRECT("'"&CAP[[#This Row],[Category]]&"'!A9:A500"),0))) -> - | K115: Company Specific Questions | M115: =IF(OR(CAP[[#This Row],[Finding Type]]="Critical finding",CAP[[#This Row],[Finding Type]]="Other finding",CAP[[#This Row],[Finding Type]]="Minor finding",CAP[[#This Row],[Finding Type]]="Non-finding remark",CAP[[#This Row],[Finding Type]]="Major finding"),"Show all findings",IF(CAP[[#This Row],[Finding Type]]="Incomplete","Show incomplete","Show questions with no findings")) -> Show incomplete
A116: 72 | B116: =IF(CAP[[#This Row],[Category]]="Company Specific Questions",CAP[[#This Row],[Category]],CAP[[#This Row],[Category]]&": "&CAP[[#This Row],[Sub-category]]) -> Company Specific Questions | C116: =IF(INDEX(INDIRECT("'"&CAP[[#This Row],[Category]]&"'!F9:F500"),MATCH(CAP[[#This Row],[Finding number (question number from audit report)]],INDIRECT("'"&CAP[[#This Row],[Category]]&"'!A9:A500"),0))=0,"Incomplete",INDEX(INDIRECT("'"&CAP[[#This Row],[Category]]&"'!F9:F500"),MATCH(CAP[[#This Row],[Finding number (question number from audit report)]],INDIRECT("'"&CAP[[#This Row],[Category]]&"'!A9:A500"),0))) -> Incomplete | D116: =IF(INDEX(INDIRECT("'"&CAP[[#This Row],[Category]]&"'!G9:G500"),MATCH(CAP[[#This Row],[Finding number (question number from audit report)]],INDIRECT("'"&CAP[[#This Row],[Category]]&"'!A9:A500"),0))=0,"-",INDEX(INDIRECT("'"&CAP[[#This Row],[Category]]&"'!G9:G500"),MATCH(CAP[[#This Row],[Finding number (question number from audit report)]],INDIRECT("'"&CAP[[#This Row],[Category]]&"'!A9:A500"),0))) -> - | K116: Company Specific Questions | M116: =IF(OR(CAP[[#This Row],[Finding Type]]="Critical finding",CAP[[#This Row],[Finding Type]]="Other finding",CAP[[#This Row],[Finding Type]]="Minor finding",CAP[[#This Row],[Finding Type]]="Non-finding remark",CAP[[#This Row],[Finding Type]]="Major finding"),"Show all findings",IF(CAP[[#This Row],[Finding Type]]="Incomplete","Show incomplete","Show questions with no findings")) -> Show incomplete
... A136: 92 | B136: =IF(CAP[[#This Row],[Category]]="Company Specific Questions",CAP[[#This Row],[Category]],CAP[[#This Row],[Category]]&": "&CAP[[#This Row],[Sub-category]]) -> Company Specific Questions | C136: =IF(INDEX(INDIRECT("'"&CAP[[#This Row],[Category]]&"'!F9:F500"),MATCH(CAP[[#This Row],[Finding number (question number from audit report)]],INDIRECT("'"&CAP[[#This Row],[Category]]&"'!A9:A500"),0))=0,"Incomplete",INDEX(INDIRECT("'"&CAP[[#This Row],[Category]]&"'!F9:F500"),MATCH(CAP[[#This Row],[Finding number (question number from audit report)]],INDIRECT("'"&CAP[[#This Row],[Category]]&"'!A9:A500"),0))) -> Incomplete | D136: =IF(INDEX(INDIRECT("'"&CAP[[#This Row],[Category]]&"'!G9:G500"),MATCH(CAP[[#This Row],[Finding number (question number from audit report)]],INDIRECT("'"&CAP[[#This Row],[Category]]&"'!A9:A500"),0))=0,"-",INDEX(INDIRECT("'"&CAP[[#This Row],[Category]]&"'!G9:G500"),MATCH(CAP[[#This Row],[Finding number (question number from audit report)]],INDIRECT("'"&CAP[[#This Row],[Category]]&"'!A9:A500"),0))) -> - | K136: Company Specific Questions | M136: =IF(OR(CAP[[#This Row],[Finding Type]]="Critical finding",CAP[[#This Row],[Finding Type]]="Other finding",CAP[[#This Row],[Finding Type]]="Minor finding",CAP[[#This Row],[Finding Type]]="Non-finding remark",CAP[[#This Row],[Finding Type]]="Major finding"),"Show all findings",IF(CAP[[#This Row],[Finding Type]]="Incomplete","Show incomplete","Show questions with no findings")) -> Show incomplete
A138: Notes on this section
A139: It is not possible in an audit, with a limited time frame, to identify every area requiring attention. It is the responsibility of the audited party to establish, implement and maintain effective systems and procedures that comply with the regulatory requirements. Due to the size of the site only the most important buildings, facilities, and EHS topics could be inspected or discussed during the audit. Critical Findings: Are very high risk findings that require immediate action to protect human life, the health of employees or the environment; May result in loss of license to operate or serious damage to reputation. A critical observation requires immediate corrective action by the supplier. Other Findings: Are all other major or minor audit findings, which need to be corrected by the supplier in an appropriate period of time
A141: Confirmation
A142: Version 1
A143: Please sign this document confirming that the above findings have been discussed with and understood by you (the site management)
...

Sheet Lists
A1: Lists for input cells
A5: YesNo | C5: YesNoNA | E5: YesNoNotReviewed | G5: YesNoNANotReviewed | I5: YesNoPartly | K5: <select from dropdown> | L5: Critical/Major/Minor | M5: Critical/Other | O5: Country | Q5: Payment method | S5: Waste-incineration | U5: Containment Control range | W5: Fire Detection | Y5: Finding timescale | AA5: Verification Method | AC5: Finding Status | AE5: audit type | AG5: Business continuity - test frequency
A6: Yes | C6: Yes | E6: Yes | G6: Yes | I6: Yes | K6: Select classification method in Row 49 of Overview & Guidance tab | L6: Critical finding | M6: Critical finding | O6: Afghanistan | Q6: Cash pay packet containing money and a pay slip | S6: With energy recovery | U6: < 1μg/m3 | W6: Yes, fire/smoke detectors | Y6: Immediate | AA6: Desktop | AC6: Open | AE6: Initial | AG6: Regular
A7: No | C7: No | E7: No | G7: No | I7: No | L7: Major finding | M7: Other finding | O7: Albania | Q7: Cheque | S7: Without energy recovery | U7: 1-10 μg/m3 | W7: Yes, sprinkler or suppression systems | Y7: 30 days | AA7: Follow-Up visit | AC7: Closed | AE7: Follow-up | AG7: Annual
C8: NA | E8: Not reviewed | G8: NA | I8: Partly | L8: Minor finding | M8: No finding | O8: Algeria | Q8: Bank transfer | S8: Both | U8: 10-100 μg/m3 | W8: Yes, both | Y8: 60 days | AE8: Other
G9: Not reviewed | L9: No finding | M9: Non-finding remark | O9: Andorra | Q9: Other | U9: >100 μg/m3 | W9: No | Y9: 90 days
L10: Non-finding remark | O10: Angola | Y10: 180 days
O11: Anguilla | W11: Yes, off-site | Y11: 365 days
O12: Antarctica | W12: Yes, on-site
O13: Antigua and Barbuda | W13: Yes, both off-site and on-site
O14: Argentina | W14: No
O15: Armenia
O16: Aruba
O17: Australia
O18: Austria | R18: Active pharmaceutical ingredient (API) manufacture
O19: Azerbaijan | R19: Biological manufacture
O20: Bahamas | R20: Chemical manufacture
O21: Bahrain | R21: Contract Research Laboratories | W21: Respiratory protective devices
O22: Bangladesh | R22: Finished Formulations | W22: Engineering controls
O23: Barbados | R23: Logistics / Warehouse | W23: Both
O24: Belarus | R24: Primary Packaging
O25: Belgium | R25: Other (please describe) | W25: Yes, administrative Controls
O26: Belize | W26: Yes, engineering Controls
O27: Benin | R27: Rural | W27: Yes, both
O28: Bermuda | R28: Industrial | W28: No
O29: Bhutan | R29: Residential
O30: Bolivia | R30: Mixed commercial setting
O31: Bosnia and Herzegovina
O32: Botswana
O33: Bouvet Island
O34: Brazil
O35: British Indian Ocean Territory
O36: British Virgin Islands
O37: Brunei Darussalam
O38: Bulgaria | W38: Provided
O39: Burkina Faso | W39: Not provided
O40: Burundi
O41: Cambodia
O42: Cameroon
O43: Canada
O44: Cape Verde
O45: Cayman Islands | W45: Not applicable
O46: Central African Republic
O47: Chad
O48: Chile
O49: China
O50: Christmas Island
O51: Coconut Islands
O52: Colombia
O53: Comoros
O54: Congo, Democratic Republic
O55: Congo, Republic of the
O56: Cook Islands
O57: Costa Rica
... O252: Zimbabwe
